Workbook

Sheet AIU
A7: DESGLOSE DEL A.I.U.
A8: Cálculo pormenorizado del factor Administración, Imprevistos y Utilidades. AIU | L8: =+L10*0.2 -> 0
A10: No | B10: DESCRIPCIÓN | G10: PORCENTAJES % Y CANTIDADES ESTIMADAS | H10: UNIDAD | I10: PORCENTAJE % Y CANTIDAD REAL | L10: =+K10/1.28 -> 0
I11: C. DIRECTO | J11: =+PTO!H18 -> 68140936
A12: VALOR ADMINISTRACIÓN DE OBRA | K12: 5826620802 | L12: 4482016002 | M12: =+L12*0.3 -> 1.3446048e+09 | N12: =+L12+M12 -> 5.8266208e+09
A13: 1 | B13: PERSONAL DE OBRA (incl. Prestaciones) | C13: DURACION | D13: CANTIDAD | E13: FACTOR PRESTACIONAL | F13: VALOR UNITARIO | G13: DEDICACION | I13: =SUM(I14:I16) -> 0.078921428 | J13: =SUM(J14:J16) -> 5377780 | L13: =SUM(L14:L16) -> 0.013010724
A14: 1.1 | B14: Director de Obra | C14: 1 | D14: 1 | E14: 1.5817 | F14: 4500000 | G14: 0 | H14: % | I14: =+J14/$J$11 -> 0 | J14: =F14*E14*G14*C14*D14 -> 0 | K14: 15152528 | L14: =+K14/$L$12 -> 0.0033807393
A15: 1.2 | B15: Residente de Obra | C15: 1 | D15: 1 | E15: =+E14 -> 1.5817 | F15: 3400000 | G15: 1 | H15: % | I15: =+J15/$J$11 -> 0.078921428 | J15: =F15*E15*G15*C15*D15 -> 5377780 | K15: 34896730 | L15: =+K15/$L$12 -> 0.007785945
A16: 1.3 | B16: Especialista Ambiental | C16: 1 | D16: 0 | E16: =+E15 -> 1.5817 | F16: 3750000 | G16: 0.3 | H16: % | I16: =+J16/$J$11 -> 0 | J16: =F16*E16*G16*C16*D16 -> 0 | K16: 8265015 | L16: =+K16/$L$12 -> 0.0018440396
A17: 2 | B17: GASTOS DE LEGALIZACION Y PERFECCIONAMIENTO | G17: =SUM(G18:G27) -> 0.1673 | I17: =SUM(I18:I27) -> 0.1673 | J17: =+SUM(J18:J27) -> 11399979 | L17: =+K17/$L$12 -> 0
A18: 2.1 | B18: Póliza de cumplimiento | G18: 0.0015 | H18: % | I18: =J18/$J$11 -> 0.0015 | J18: =G18*$J$11 -> 102211.4 | L18: =+I18*$L$12 -> 6723024
A19: 2.2 | B19: Amparo de salarios y prest. Sociales | G19: 0.0015 | H19: % | I19: =J19/$J$11 -> 0.0015 | J19: =G19*$J$11 -> 102211.4
A20: 2.3 | B20: Estabilidad de obra | G20: 0.0033 | H20: % | I20: =J20/$J$11 -> 0.0033 | J20: =G20*$J$11 -> 224865.09
A21: 2.4 | B21: Responsabilidad civil extracontractual | G21: 0.001 | H21: % | I21: =J21/$J$11 -> 0.001 | J21: =G21*$J$11 -> 68140.936
A22: 2.5 | B22: Estampilla Pro Adulto | G22: 0.04 | H22: % | I22: =J22/$J$11 -> 0.04 | J22: =G22*$J$11 -> 2725637.5
A23: 2.6 | B23: Estampilla Pro Cultura | G23: 0.02 | H23: % | I23: =J23/$J$11 -> 0.02 | J23: =G23*$J$11 -> 1362818.7 | L23: =+I23*$L$12 -> 89640320
A24: 2.7 | B24: Tasa Pro Deporte | G24: 0.02 | H24: % | I24: =J24/$J$11 -> 0.02 | J24: =G24*$J$11 -> 1362818.7
A25: 2.8 | B25: Estampilla Justicia Familiar | G25: 0.02 | H25: % | I25: =J25/$J$11 -> 0.02 | J25: =G25*$J$11 -> 1362818.7
A26: 2.9 | B26: Fondo de seguridad | G26: 0.05 | H26: % | I26: =J26/$J$11 -> 0.05 | J26: =G26*$J$11 -> 3407046.8
A27: 2.9 | B27: Estampilla de Electrificación rural | G27: 0.01 | H27: % | I27: =J27/$J$11 -> 0.01 | J27: =G27*$J$11 -> 681409.36
A28: 3 | B28: GASTOS DE LEGALIZACION Y PERFECCIONAMIENTO | I28: =SUM(I29:I31) -> 0.013778572 | J28: =+SUM(J29:J31) -> 938884.82 | L28: =+K28/$L$12 -> 0
A29: 3.1 | B29: Alquiler de oficina | C29: 1 | F29: 600000 | I29: =J29/$J$11 -> 0.0088052796 | J29: =+F29*C29 -> 600000 | L29: =+I29*$L$12 -> 39465404
A30: 3.2 | B30: Transporte | F30: 800000 | I30: =J30/$J$11 -> 0 | J30: =+F30*C30 -> 0
A31: 3.3 | B31: Informes y papeleria | C31: 1 | F31: 338884.82 | I31: =J31/$J$11 -> 0.0049732927 | J31: =+F31*C31 -> 338884.82
B32: PORCENTAJE ADMINISTRACION | I32: =I17+I13+I28 -> 0.26 | J32: =J13+J17+J28 -> 17716644 | L32: =+L12*22/100 -> 9.8604352e+08 | M32: =+J32-L32 -> -9.6832688e+08
B34: VALOR IMPREVISTOS | I34: 0.02 | J34: =+I34*J11 -> 1362818.7 | L34: =+L12*3/100 -> 1.3446048e+08
B36: VALOR UTILIDAD | I36: 0.04 | J36: =I36*J11 -> 2725637.5 | L36: =+L12*5/100 -> 2.241008e+08
B38: TOTAL A.I.U. | I38: =+I32+I34+I36 -> 0.32 | J38: =+J32+J34+J36 -> 21805100
A41: ARQ. LINA MARITZA BOCANEGRA QUINTERO | L41: =+J33+J35+J37 -> 0
A42: Secretario de Planeación e Infraestructura

Sheet LIST
A1: ID | B1: DESCRIPCIÓN | C1: UNIDAD | D1: V/UNIT
A2: P | B2: PRELIMINARES (P)
A3: P-0001 | B3: DEMOLICIÓN PLACA e= 0.10m INCLUYE TRANSPORTE | C3: M2 | D3: =+'P-0001'!H48 -> 42831 | F3: =+TEXT(LIST[[#This Row],[ID]],"XXXXXX") -> P-0001
A4: P-0002 | B4: DEMOLICIÓN MURO LADRILLO HASTA 15 CM ANCHO, INCLUYE RETIRO DE ESCOMBROS A 5 KM | C4: M2 | D4: =+'P-0002'!H48 -> 29966
A5: P-0003 | B5: DESMONTE DE MOTOBOMBAS, TABLEROS, Y ELEMENTOS ELECTRONICOS. | C5: GLOBAL | D5: =+'P-0003'!H48 -> 719688
A6: P-0004 | B6: RETIRO DE ADOQUIN DEFECTUOSO Y EN MAL ESTADO | C6: M2 | D6: =+'P-0004'!H48 -> 16553
A7: P-0005 | B7: EXCAVACIÓN MANUAL EN MATERIAL COMÚN 0-2 MTS | C7: M3 | D7: =+'P-0005'!H45 -> 41022
A8: P-0006 | B8: RELLENO EN ARENA | C8: M3 | D8: =+'P-0006'!H48 -> 388247
A9: P-0007 | B9: DESMONTE DE APARATOS SANITARIOS | C9: UND | D9: =+'P-0007'!H48 -> 93559
A10: P-0008 | B10: LOCALIZACIÓN Y REPLANTEO (AREA) | C10: M2 | D10: =+'P-0008'!H48 -> #N/A
A11: P-0009 | B11: DEMOLICIÓN DE PLACA CONCRETO e=0.15m INCLUYE TRANSPORTE | C11: M2 | D11: =+'P-0009'!H48 -> 50982
A12: P-0010 | B12: DEMOLICIÓN DE MURO EN CONCRETO REFORZADO INCLUYE TRANSPORTE | C12: M2 | D12: =+'P-0010'!H48 -> 75162
A13: P-0011 | B13: EXCAVACIÓN MECANICA EN MATERIAL COMÚN | C13: M3 | D13: =+'P-0011'!H48 -> 30161
A14: P-0012 | B14: RELLENO EN RECEBO COMPACTADO | C14: M3 | D14: =+'P-0012'!H48 -> 158481
A15: P-0013 | B15: DESCAPOTE MANUAL DE TERRENO E=0,15 CM, INCLUYE RETIRO | C15: M2 | D15: =+'P-0013'!H48 -> 12504
A16: P-0014 | B16: DESMONTE DE CUBIERTA EXISTENTE | C16: M2 | D16: =+'P-0014'!H48 -> 20830
A17: P-0015 | B17: LAVADO DE SUPERFICIE DE CANCHA CON ACIDO MURIATICO 10% | C17: M2 | D17: =+'P-0015'!H48 -> 5449
A18: P-0016 | B18: CERRAMIENTO EN LONA VERDE PROVISIONAL H:2 METROS | C18: M | D18: =+'P-0016'!H48 -> 12708
A19: P-0017 | B19: DEMOLICIÓN DE PAVIMENTO EN CONCRETO RIGIDO, INCLUYE RETIRO | C19: M3 | D19: =+'P-0017'!H48 -> 52406
A24: PTA | B24: PISOS CERAMICOS, TERMINADOS Y ACABADOS (PTA)
A25: PTA-001 | B25: ADOQUIN RECTANGULAR ADOP-A O SIMILAR COLOR GRIS (20 X10X 8) | C25: M2 | D25: =+'PTA-001'!H45 -> 210966
A26: PTA-002 | B26: ADOQUIN INDUPISO PIZARRA O SIMILAR COLOR ARENA (20X20X8) | C26: M2 | D26: =+'PTA-002'!H45 -> 199216
A27: PTA-003 | B27: PINTURA DE SILLAS REDONDAS DIAMETRO 50CM H=60CM TIPO 1 EXTERIOR COLOR BLANCO (INCLUYE RESANE) | C27: UND | D27: =+'PTA-003'!H45 -> 102188
A28: PTA-004 | B28: PINTURA DE MATERA RECTANGULAR 40X60X30 TIPO 1 EXTERIOR COLOR BLANCO (INCLUYE RESANE) | C28: UND | D28: =+'PTA-004'!H48 -> 108719
A29: PTA-005 | B29: MURO EN BLOQUE ABUJARDADO CON DOVELAS 14X19X39 PARA ALCORQUE DE ARBOL | C29: M2 | D29: =+'PTA-005'!H48 -> 143058
A30: PTA-006 | B30: ALFAGIA PREFABRICADA DE ANCHO 25CMX100CM | C30: M | D30: =+'PTA-006'!H48 -> 71941
A31: PTA-007 | B31: CIELO RASO PVC 9 MM INCLUYE ESTRUCTURA | C31: M2 | D31: =+'PTA-007'!H48 -> 71344
A32: PTA-008 | B32: ENCHAPE EN GRES ROJO | C32: M2 | D32: =+'PTA-008'!H48 -> 129294
A33: PTA-009 | B33: PINTURA TIPO 1 INTERIOR, DOS MANOS | C33: M2 | D33: =+'PTA-009'!H48 -> 16372
A34: PTA-010 | B34: RESANE EN ESTUCO ACRILICO 100% | C34: M2 | D34: =+'PTA-010'!H48 -> 16395
A35: PTA-011 | B35: PINTURA TIPO 1 EXTERIOR 100% ACRILICA, DOS MANOS | C35: M2 | D35: =+'PTA-011'!H48 -> 21848
A36: PTA-012 | B36: POLARIZADO PARA VENTANAS PELICULA PROTECCIÓN 100% UV 2 MM | C36: M2 | D36: =+'PTA-012'!H48 -> 91611
A37: PTA-013 | B37: ENCHAPE CERAMICO 20X30 CM COLOR BLANCO (PARED) | C37: M2 | D37: =+'PTA-013'!H48 -> 89850
A38: PTA-014 | B38: PINTURA ESMALTE ELEMENTOS METALICOS (AREA) | C38: M2 | D38: =+'PTA-014'!H48 -> 20161
A39: PTA-015 | B39: PINTURA ESMALTE ELEMENTOS METALICOS (LINEAL BARANDA) | C39: M | D39: =+'PTA-015'!H48 -> 14102
A40: PTA-016 | B40: MURAL DECORATIVO CON IDENTIFICACIÓN CULTURAL | C40: M2 | D40: =+'PTA-016'!H48 -> 54084
A41: PTA-017 | B41: RECUBRIMIENTO DE TRUFLEX ANTIDESLIZANTE DE 3 CAPAS (UNA BASE DE CUARZO Y DOS CAPAS DE COLOR) PARA ZONA EQUIPOS BIOSALUDABLES Y PARQUE INFANTIL. | C41: M2 | D41: =+'PTA-017'!H48 -> 118313
A42: PTA-018 | B42: PINTURA ACRILICA PARA TRAFICO PESADO TIPO CANCHA Y/O PISOS SOBRE UNA BASE EN IMPRIMANTE EPOXICO DE DOS COMPONENTES, PARA DEMARCACION DE CANCHA MULTIPLE (VOLEIBOL, MICROFUTBOL Y BALONCESTO) (2 MANOS) | C42: M2 | D42: =+'PTA-018'!H48 -> 38921
A43: PTA-019 | B43: SUMINISTRO E INSTALACIÓN DE LADRILLO TOLETE 25X12X6CM | C43: M2 | D43: =+'PTA-019'!H48 -> 86053
A44: PTA-020 | B44: PAÑETE MURO 1:4 E=0.02M | C44: M2 | D44: =+'PTA-020'!H48 -> 32597
A45: PTA-021 | B45: PINTURA TIPO 1 INTERIOR, TRES MANOS | C45: M2 | D45: =+'PTA-021'!H48 -> 22913
A46: PTA-022 | B46: GRAMA NATURAL, INCLUYE TIERRA | C46: M2 | D46: =+'PTA-022'!H48 -> 151072
A48: CMR | B48: CONCRETOS, MORTEROS Y REFUERZOS (CMR)
A49: CMR-001 | B49: ACERO DE REFUERZO 60.000 PSI | C49: KG | D49: =+'CMR-001'!H48 -> 10449
A50: CMR-002 | B50: CONCRETO 3.000 PSI | C50: M3 | D50: =+'CMR-002'!H48 -> 1111084
A51: CMR-003 | B51: SUMINISTRO E INSTALACION DE TUBERIA PETROLERA DE 20" y 10", INCLUYE ESCALERA DE ACCESO, ESTRUCTURA DE FIJACION DE LA PANTALLA Y TODOS LOS ELEMENTROS NECESARIOS PARA SU CORRECTO FUNCIONAMIENTO | C51: KG
A52: CMR-004 | B52: PLACA CONCRETO 3.000 PSI E=10CM | C52: M2 | D52: =+'CMR-004'!H48 -> 126819
A53: CMR-005 | B53: CONCRETO 3.000 PSI PARA CONSTRUCCIÓN DE CANAL EN CONCRETO | C53: M3 | D53: =+'CMR-005'!H48 -> 1342397
A54: CMR-006 | B54: MURO EN GAVIÓN CON MALLA DOBLE TORSIÓN CAL. 13 | C54: M3 | D54: =+'CMR-006'!H48 -> 501872
A55: CMR-007 | B55: SUMINISTRO E INSTALACIÓN DE GEOTEXTIL NT1600S | C55: M2 | D55: =+'CMR-007'!H48 -> 17543
A56: CMR-008 | B56: CONSTRUCCIÓN DE SARDINEL INSITU E=0,15 M H=0,45M, CONCRETO 3.000 PSI (INCLUYE REFUERZO) | C56: M | D56: =+'CMR-008'!H48 -> 141273
A57: CMR-009 | B57: COLUMNA CONCRETO 3.000 PSI 20X12 CM | C57: M | D57: =+'CMR-009'!H48 -> 61440
A58: CMR-010 | B58: ZAPATA CONCRETO 3.000 PSI 120X70X30 CM | C58: UND | D58: =+'CMR-010'!H48 -> 330681
A59: CMR-011 | B59: COLUMNA CONCRETO 3.000 PSI 30X30 CM | C59: M | D59: =+'CMR-011'!H48 -> 152644
A60: CMR-012 | B60: ADHESIVO EPOXICO DE CONCRETO FRESCO CON CONCRETO ANTIGUO (USO ESTRUCTURAL) | C60: M2 | D60: =+'CMR-012'!H48 -> 106831
A63: ELC | B63: ELECTRICIDAD Y ACCESORIOS ELECTRICOS (ELC)
A64: ELC-001 | B64: SUMINISTRO E INSTALACION DE PANTALLA EXTERIO 3,9 PICH CON 15 GRADO DE 7680 HZ #500 X1000 MM CON PROCESADOR Tb40 , INCLUYE CONEXIÓN ELECTRICA, CAJA DE CONTROL Y PUESTA EN FUNCIONAMIENTO. | C64: UND
A65: ELC-002 | B65: TABLERO ELECTRICO PARA INSTALACIÓN PANTALLA BIFASICO | C65: UND
A66: ELC-003 | B66: RED ELECTRICA EN CABLE N°12 Y TUBO EMT 1/2" PVC | C66: M | D66: =+'ELC-003'!H48 -> 33165
A67: ELC-004 | B67: PUNTO ELECTRICO DE CONEXIÓN DOBLE | C67: UND | D67: =+'ELC-004'!H48 -> 30640
A68: ELC-005 | B68: PUNTO DE ILUMINACIÓN INCLUYE INTERRUPTOR, PLAFON Y BOMBILLO 50 W | C68: UND | D68: =+'ELC-005'!H48 -> 74576
A69: ELC-006 | B69: PUNTO DE ILUMINACIÓN INCLUYE INTERRUPTOR Y LAMPARA 18W | C69: UND | D69: =+'ELC-006'!H48 -> 53732
A70: ELC-007 | B70: CANALETA ELECTRICA 12CMX20CMX2M | C70: M | D70: =+'ELC-007'!H48 -> 105654
A71: ELC-008 | B71: SUMINISTRO E INSTALACIÓN DE LAMPARA 18W | C71: UND | D71: =+'ELC-008'!H48 -> #VALUE!
A72: ELC-009 | B72: SUMINISTRO E INSTALACIÓN DE LUMINARIA EXTERIOR TIPO ROMBO SOLAR UF 20 | C72: UND | D72: =+'ELC-009'!H48 -> 1325151
A73: ELC-010 | B73: SUMINISTRO E INSTALACION DE REFLECTOR 200W IP65, LUZ BLANCA 20.000 LM | C73: UND | D73: =+'ELC-010'!H48 -> 265051
A74: ELC-011 | B74: SUMINISTRO E INSTALACIÓN DE LUMINARIA EXTERIOR LED TIPO FAROL DE 8.100 LM Y 60W | C74: UND
A77: HS | B77: HIDRAULICO Y SANITARIO (HS)
A78: HS-001 | B78: SUMINISTRO E INSTALACION DE SANITARIO (INCLUYE GRIFERIA) | C78: UND | D78: =+'HS-001'!H48 -> 537446
A79: HS-002 | B79: SUMINISTRO E INSTALACION DE SANITARIO INFANTIL (INCLUYE GRIFERIA) | C79: UND | D79: =+'HS-002'!H48 -> 929939
A80: HS-003 | B80: SUMINISTRO E INSTALACION DE LAVAMOS DE EMPOTRAR (INCLUYE GRIFERIA) | C80: UND | D80: =+'HS-003'!H48 -> 378563
A81: HS-004 | B81: SUMINISTRO E INSTALACIÓN DE LLAVE LAVAMANOS TIPO PUSH | C81: UND | D81: =+'HS-004'!H48 -> 185875
A82: HS-005 | B82: SUMINISTRO E INSTALACIÓN DE DESAGUE PARA LAVAMOS | C82: UND | D82: =+'HS-005'!H48 -> 81744
A83: HS-006 | B83: MANTENIMIENTO RED SANITARIA (PUNTO OBSTRUIDO) | C83: UND | D83: =+'HS-006'!H48 -> 152931
A84: HS-007 | B84: TAPA EN CONCRETO PARA CAJA DE INSPECCIÓN 1X1 M CON TERMINAL EN ANGULO 1/2" | C84: UND | D84: =+'HS-007'!H48 -> 350686
A85: HS-008 | B85: SUMINISTRO E INSTALACIÓN DE LLAVE ORINAL TIPO PUSH | C85: UND | D85: =+'HS-008'!H48 -> 185875
A86: HS-009 | B86: SUMINISTRO E INSTALACIÓN DE GRIFERIA PARA SANITARIO | C86: UND | D86: =+'HS-009'!H48 -> 104244
A87: HS-010 | B87: SUMINISTRO E INSTALACIÓN DE DESAGUE PARA LAVAPLATOS | C87: UND | D87: =+'HS-010'!H48 -> 81744
A88: HS-011 | B88: INSTALACIÓN MANGUERA DE ACOPLE 1/2" | C88: UND | D88: =+'HS-011'!H48 -> 20303
A89: HS-012 | B89: CAJA EN CONCRETO PARA CAJA DE INSPECCIÓN 1X1 M CON TERMINAL EN ANGULO 1/2" | C89: UND | D89: =+'HS-012'!H48 -> 1547295
A90: HS-013 | B90: TUBERIA ANILLADA PVC DE 36" | C90: M | D90: =+'HS-013'!H48 -> 2155825
A91: HS-014 | B91: CANAL EN CONCRETO 3.000 PSI SECCIÓN TRAPEZOIDAL A1=50CM, A2=30CM Y H=15 CM, ESPESOR 10 CM | C91: M | D91: =+'HS-014'!H48 -> 148953
A92: HS-015 | B92: MANGUERA POLIURETANO DE ALTA PRESIÓN 1/2" RDE 9 | C92: M | D92: =+'HS-015'!H48 -> 14762
A95: CIE | B95: CUBIERTAS, IMPERMEABILIZANTE Y ELEMENTOS DE SOPORTE (CIE)
A96: CIE-001 | B96: TEJA EN LAMINA GALVANIZADA CAL.28 | C96: M2 | D96: =+'CIE-001'!H48 -> 65187
A97: CIE-002 | B97: TUBERÍA PVC 4" SANITARIO BAJANTE AGUAS LLUVIAS | C97: M | D97: =+'CIE-002'!H48 -> 47287
A98: CIE-003 | B98: TEJA TERMOACISTICA ARQUITECTONICA CAL. 31 | C98: M2 | D98: =+'CIE-003'!H48 -> 72187
A99: CIE-004 | B99: FLANCHE METALICO CUBIERTA CAL.26 | C99: M | D99: =+'CIE-004'!H48 -> 33203
A100: CIE-005 | B100: TAPA GOTERAS CON SELLANTE, ACRILICO+FIBRA | C100: M2 | D100: =+'CIE-005'!H48 -> 41903
A101: CIE-006 | B101: IMPERMEABILIZANTE DE VIGACANALES EN CONCRETO | C101: M | D101: =+'CIE-006'!H48 -> 40595
A102: CIE-007 | B102: TUBERIA CUADRADA 6X6CM BAJANTE AGUAS LLUVIAS | C102: M | D102: =+'CIE-007'!H48 -> 40578
A103: CIE-008 | B103: IMPERMEABILIZANTE PARA MUROS CON RESINA ACUOSA DE IMPREGNACIÓN | C103: M2 | D103: =+'CIE-008'!H48 -> 27168
A106: LF | B106: LIMPIEZA Y FINALIZACIÓN DE OBRA (LF)
A107: LF-001 | B107: RETIRO DE MATERIAL SOBRANTE HASTA 5 KM | C107: M3 | D107: =+'LF-001'!H48 -> 30981
A115: MED | B115: MOBILIARIO Y ELEMENTOS DECORATIVOS (MED)
A116: MED-001 | B116: SOPORTE PARED ORGANIZADOR DE GUITARRAS 2 MTS | C116: UND | D116: =+'MED-001'!H48 -> 888031
A117: MED-002 | B117: PARQUE INFANTIL DE PLATAFORMAS CON TUNEL COMUNICANTE, RODADERO CERRADO, ESPIRAL Y DOBLE, ESCALERAS METALICAS DE ACCESO, COLUMPIOS, DOS TECHOS Y ACCESORIOS. AREA (9X6,40MTS) | C117: UND | D117: =+'MED-002'!H48 -> 22102750
A118: MED-003 | B118: SUMINISTRO E INSTALACION DE MAQUINA BIOSALUDABLE DOBLE ABDOMINAL DE 1.5x1.0x1.0 CON CERTIFICADO TUV GS, ISO 9000 Y DEMAS NORMAS APLICABLES - INCLUYE TODO PARA SU CORRECTO FUNCIONAMIENTO. | C118: UND | D118: =+'MED-003'!H48 -> 4903732
A119: MED-004 | B119: SUMINISTRO E INSTALACION DE MAQUINA BIOSALUDABLE REMO DE 1.5x1.0x1,0 CON CERTIFICADO TUV GS, ISO 9000 Y DEMAS NORMAS APLICABLES - INCLUYE TODO PARA SU CORRECTO FUNCIONAMIENTO. | C119: UND | D119: =+'MED-004'!H48 -> 4452127
A120: MED-005 | B120: SUMINISTRO E INSTALACION DE MAQUINA BIOSALUDABLE ELIPTICA DE 1.0x0.5x1.7 CON CERTIFICADO TUV GS, ISO 9000 Y DEMAS NORMAS APLICABLES - INCLUYE TODO PARA SU CORRECTO FUNCIONAMIENTO. | C120: UND | D120: =+'MED-005'!H48 -> 4316109
...

Sheet REND
A1: ID | B1: DESCRIPCIÓN | C1: UND | D1: TRABAJO | E1: RENDIMIENTO (1) | F1: RENDIMIENTO (2) | G1: RENDIMIENTO (3) | H1: RENDIMIENTO (4) | I1: RENDIMIENTO (5)
A2: =+LIST!A1 -> ID | E2: 1 OFC Y 1 AYUD | F2: 1 OFC Y 2 AYUD | G2: 1 OFC Y 3 AYUD | H2: 1 OFC Y 4 AYUD | I2: 1 OFC Y 5 AYUD
A3: =+LIST!A2 -> P | B3: =+LIST!B2 -> PRELIMINARES (P)
A4: =+LIST!A3 -> P-0001 | B4: =+_xlfn.XLOOKUP($A4,LIST[ID],LIST[DESCRIPCIÓN]) -> DEMOLICIÓN PLACA e= 0.10m INCLUYE TRANSPORTE | C4: =+_xlfn.XLOOKUP($A4,LIST[ID],LIST[UNIDAD]) -> M2 | D4: HH | E4: 0.8 | F4: 0.55 | G4: 0.4 | H4: 0.35
A5: =+LIST!A4 -> P-0002 | B5: =+_xlfn.XLOOKUP($A5,LIST[ID],LIST[DESCRIPCIÓN]) -> DEMOLICIÓN MURO LADRILLO HASTA 15 CM ANCHO, INCLUYE RETIRO DE ESCOMBROS A 5 KM | C5: =+_xlfn.XLOOKUP($A5,LIST[ID],LIST[UNIDAD]) -> M2 | D5: HH | F5: 0.5
A6: =+LIST!A5 -> P-0003 | B6: =+_xlfn.XLOOKUP($A6,LIST[ID],LIST[DESCRIPCIÓN]) -> DESMONTE DE MOTOBOMBAS, TABLEROS, Y ELEMENTOS ELECTRONICOS. | C6: =+_xlfn.XLOOKUP($A6,LIST[ID],LIST[UNIDAD]) -> GLOBAL | D6: HH | G6: 10
A7: =+LIST!A6 -> P-0004 | B7: =+_xlfn.XLOOKUP($A7,LIST[ID],LIST[DESCRIPCIÓN]) -> RETIRO DE ADOQUIN DEFECTUOSO Y EN MAL ESTADO | C7: =+_xlfn.XLOOKUP($A7,LIST[ID],LIST[UNIDAD]) -> M2 | D7: HH | F7: 0.3 | G7: 0.23
A8: =+LIST!A7 -> P-0005 | B8: =+_xlfn.XLOOKUP($A8,LIST[ID],LIST[DESCRIPCIÓN]) -> EXCAVACIÓN MANUAL EN MATERIAL COMÚN 0-2 MTS | C8: =+_xlfn.XLOOKUP($A8,LIST[ID],LIST[UNIDAD]) -> M3 | D8: HH | F8: 0.7 | G8: 0.57 | H8: 0.48
A9: =+LIST!A8 -> P-0006 | B9: =+_xlfn.XLOOKUP($A9,LIST[ID],LIST[DESCRIPCIÓN]) -> RELLENO EN ARENA | C9: =+_xlfn.XLOOKUP($A9,LIST[ID],LIST[UNIDAD]) -> M3 | D9: HH | F9: 0.3 | G9: 0.25 | H9: 0.23
A10: =+LIST!A9 -> P-0007 | B10: =+_xlfn.XLOOKUP($A10,LIST[ID],LIST[DESCRIPCIÓN]) -> DESMONTE DE APARATOS SANITARIOS | C10: =+_xlfn.XLOOKUP($A10,LIST[ID],LIST[UNIDAD]) -> UND | D10: HH | E10: 2.1 | F10: 1.6 | G10: 1.3
A11: =+LIST!A10 -> P-0008 | B11: =+_xlfn.XLOOKUP($A11,LIST[ID],LIST[DESCRIPCIÓN]) -> LOCALIZACIÓN Y REPLANTEO (AREA) | C11: =+_xlfn.XLOOKUP($A11,LIST[ID],LIST[UNIDAD]) -> M2 | D11: HH | E11: 0.05 | H11: =+AVERAGE(E11:G11) -> 0.05
A12: =+LIST!A11 -> P-0009 | B12: =+_xlfn.XLOOKUP($A12,LIST[ID],LIST[DESCRIPCIÓN]) -> DEMOLICIÓN DE PLACA CONCRETO e=0.15m INCLUYE TRANSPORTE | C12: =+_xlfn.XLOOKUP($A12,LIST[ID],LIST[UNIDAD]) -> M2 | D12: HH | E12: 0.9 | F12: 0.65 | H12: =+AVERAGE(E12:G12) -> 0.775
A13: =+LIST!A12 -> P-0010 | B13: =+_xlfn.XLOOKUP($A13,LIST[ID],LIST[DESCRIPCIÓN]) -> DEMOLICIÓN DE MURO EN CONCRETO REFORZADO INCLUYE TRANSPORTE | C13: =+_xlfn.XLOOKUP($A13,LIST[ID],LIST[UNIDAD]) -> M2 | D13: HH | E13: 1.2 | F13: 1.1
A14: =+LIST!A13 -> P-0011 | B14: =+_xlfn.XLOOKUP($A14,LIST[ID],LIST[DESCRIPCIÓN]) -> EXCAVACIÓN MECANICA EN MATERIAL COMÚN | C14: =+_xlfn.XLOOKUP($A14,LIST[ID],LIST[UNIDAD]) -> M3 | D14: HH | E14: 0.12 | F14: 0.1 | H14: =+AVERAGE(E14:G14) -> 0.11
A15: =+LIST!A14 -> P-0012 | B15: =+_xlfn.XLOOKUP($A15,LIST[ID],LIST[DESCRIPCIÓN]) -> RELLENO EN RECEBO COMPACTADO | C15: =+_xlfn.XLOOKUP($A15,LIST[ID],LIST[UNIDAD]) -> M3 | D15: HH | F15: 0.2
A16: =+LIST!A15 -> P-0013 | B16: =+_xlfn.XLOOKUP($A16,LIST[ID],LIST[DESCRIPCIÓN]) -> DESCAPOTE MANUAL DE TERRENO E=0,15 CM, INCLUYE RETIRO | C16: =+_xlfn.XLOOKUP($A16,LIST[ID],LIST[UNIDAD]) -> M2 | D16: HH | E16: 0.26
A17: =+LIST!A16 -> P-0014 | B17: =+_xlfn.XLOOKUP($A17,LIST[ID],LIST[DESCRIPCIÓN]) -> DESMONTE DE CUBIERTA EXISTENTE | C17: =+_xlfn.XLOOKUP($A17,LIST[ID],LIST[UNIDAD]) -> M2 | D17: HH | F17: 0.35
A18: =+LIST!A17 -> P-0015 | B18: =+_xlfn.XLOOKUP($A18,LIST[ID],LIST[DESCRIPCIÓN]) -> LAVADO DE SUPERFICIE DE CANCHA CON ACIDO MURIATICO 10% | C18: =+_xlfn.XLOOKUP($A18,LIST[ID],LIST[UNIDAD]) -> M2 | D18: HH | E18: 0.1
A19: =+LIST!A18 -> P-0016 | B19: =+_xlfn.XLOOKUP($A19,LIST[ID],LIST[DESCRIPCIÓN]) -> CERRAMIENTO EN LONA VERDE PROVISIONAL H:2 METROS | C19: =+_xlfn.XLOOKUP($A19,LIST[ID],LIST[UNIDAD]) -> M | D19: HH | F19: 0.08
A20: =+LIST!A19 -> P-0017 | B20: =+_xlfn.XLOOKUP($A20,LIST[ID],LIST[DESCRIPCIÓN]) -> DEMOLICIÓN DE PAVIMENTO EN CONCRETO RIGIDO, INCLUYE RETIRO | C20: =+_xlfn.XLOOKUP($A20,LIST[ID],LIST[UNIDAD]) -> M3 | D20: HH | F20: 0.25
A21: =+LIST!A20 -> 0
A22: =+LIST!A21 -> 0
A23: =+LIST!A22 -> 0
A24: =+LIST!A23 -> 0
A25: =+LIST!A24 -> PTA | B25: =+LIST!B24 -> PISOS CERAMICOS, TERMINADOS Y ACABADOS (PTA)
A26: =+LIST!A25 -> PTA-001 | B26: =+_xlfn.XLOOKUP($A26,LIST[ID],LIST[DESCRIPCIÓN]) -> ADOQUIN RECTANGULAR ADOP-A O SIMILAR COLOR GRIS (20 X10X 8) | C26: =+_xlfn.XLOOKUP($A26,LIST[ID],LIST[UNIDAD]) -> M2 | D26: HH | F26: 1
A27: =+LIST!A26 -> PTA-002 | B27: =+_xlfn.XLOOKUP($A27,LIST[ID],LIST[DESCRIPCIÓN]) -> ADOQUIN INDUPISO PIZARRA O SIMILAR COLOR ARENA (20X20X8) | C27: =+_xlfn.XLOOKUP($A27,LIST[ID],LIST[UNIDAD]) -> M2 | D27: HH | F27: 1
A28: =+LIST!A27 -> PTA-003 | B28: =+_xlfn.XLOOKUP($A28,LIST[ID],LIST[DESCRIPCIÓN]) -> PINTURA DE SILLAS REDONDAS DIAMETRO 50CM H=60CM TIPO 1 EXTERIOR COLOR BLANCO (INCLUYE RESANE) | C28: =+_xlfn.XLOOKUP($A28,LIST[ID],LIST[UNIDAD]) -> UND | D28: HH | F28: 1.2
A29: =+LIST!A28 -> PTA-004 | B29: =+_xlfn.XLOOKUP($A29,LIST[ID],LIST[DESCRIPCIÓN]) -> PINTURA DE MATERA RECTANGULAR 40X60X30 TIPO 1 EXTERIOR COLOR BLANCO (INCLUYE RESANE) | C29: =+_xlfn.XLOOKUP($A29,LIST[ID],LIST[UNIDAD]) -> UND | D29: HH | F29: 1.2
A30: =+LIST!A29 -> PTA-005 | B30: =+_xlfn.XLOOKUP($A30,LIST[ID],LIST[DESCRIPCIÓN]) -> MURO EN BLOQUE ABUJARDADO CON DOVELAS 14X19X39 PARA ALCORQUE DE ARBOL | C30: =+_xlfn.XLOOKUP($A30,LIST[ID],LIST[UNIDAD]) -> M2 | D30: HH | E30: 1.1 | F30: 1
A31: =+LIST!A30 -> PTA-006 | B31: =+_xlfn.XLOOKUP($A31,LIST[ID],LIST[DESCRIPCIÓN]) -> ALFAGIA PREFABRICADA DE ANCHO 25CMX100CM | C31: =+_xlfn.XLOOKUP($A31,LIST[ID],LIST[UNIDAD]) -> M | D31: HH | E31: 0.7 | F31: 0.6 | H31: =+AVERAGE(E31:G31) -> 0.65
A32: =+LIST!A31 -> PTA-007 | B32: =+_xlfn.XLOOKUP($A32,LIST[ID],LIST[DESCRIPCIÓN]) -> CIELO RASO PVC 9 MM INCLUYE ESTRUCTURA | C32: =+_xlfn.XLOOKUP($A32,LIST[ID],LIST[UNIDAD]) -> M2 | D32: HH | E32: 1
A33: =+LIST!A32 -> PTA-008 | B33: =+_xlfn.XLOOKUP($A33,LIST[ID],LIST[DESCRIPCIÓN]) -> ENCHAPE EN GRES ROJO | C33: =+_xlfn.XLOOKUP($A33,LIST[ID],LIST[UNIDAD]) -> M2 | D33: HH | E33: 1
A34: =+LIST!A33 -> PTA-009 | B34: =+_xlfn.XLOOKUP($A34,LIST[ID],LIST[DESCRIPCIÓN]) -> PINTURA TIPO 1 INTERIOR, DOS MANOS | C34: =+_xlfn.XLOOKUP($A34,LIST[ID],LIST[UNIDAD]) -> M2 | D34: HH | E34: 0.26
A35: =+LIST!A34 -> PTA-010 | B35: =+_xlfn.XLOOKUP($A35,LIST[ID],LIST[DESCRIPCIÓN]) -> RESANE EN ESTUCO ACRILICO 100% | C35: =+_xlfn.XLOOKUP($A35,LIST[ID],LIST[UNIDAD]) -> M2 | D35: HH | E35: 0.3
A36: =+LIST!A35 -> PTA-011 | B36: =+_xlfn.XLOOKUP($A36,LIST[ID],LIST[DESCRIPCIÓN]) -> PINTURA TIPO 1 EXTERIOR 100% ACRILICA, DOS MANOS | C36: =+_xlfn.XLOOKUP($A36,LIST[ID],LIST[UNIDAD]) -> M2 | D36: HH | E36: 0.3
A37: =+LIST!A36 -> PTA-012 | B37: =+_xlfn.XLOOKUP($A37,LIST[ID],LIST[DESCRIPCIÓN]) -> POLARIZADO PARA VENTANAS PELICULA PROTECCIÓN 100% UV 2 MM | C37: =+_xlfn.XLOOKUP($A37,LIST[ID],LIST[UNIDAD]) -> M2 | D37: HH | E37: 0.65
A38: =+LIST!A37 -> PTA-013 | B38: =+_xlfn.XLOOKUP($A38,LIST[ID],LIST[DESCRIPCIÓN]) -> ENCHAPE CERAMICO 20X30 CM COLOR BLANCO (PARED) | C38: =+_xlfn.XLOOKUP($A38,LIST[ID],LIST[UNIDAD]) -> M2 | D38: HH | E38: 0.8
A39: =+LIST!A38 -> PTA-014 | B39: =+_xlfn.XLOOKUP($A39,LIST[ID],LIST[DESCRIPCIÓN]) -> PINTURA ESMALTE ELEMENTOS METALICOS (AREA) | C39: =+_xlfn.XLOOKUP($A39,LIST[ID],LIST[UNIDAD]) -> M2 | D39: HH | E39: 0.22 | H39: =+AVERAGE(E39:G39) -> 0.22
A40: =+LIST!A39 -> PTA-015 | B40: =+_xlfn.XLOOKUP($A40,LIST[ID],LIST[DESCRIPCIÓN]) -> PINTURA ESMALTE ELEMENTOS METALICOS (LINEAL BARANDA) | C40: =+_xlfn.XLOOKUP($A40,LIST[ID],LIST[UNIDAD]) -> M | D40: HH | E40: 0.18 | H40: =+AVERAGE(E40:G40) -> 0.18
A41: =+LIST!A40 -> PTA-016 | B41: =+_xlfn.XLOOKUP($A41,LIST[ID],LIST[DESCRIPCIÓN]) -> MURAL DECORATIVO CON IDENTIFICACIÓN CULTURAL | C41: =+_xlfn.XLOOKUP($A41,LIST[ID],LIST[UNIDAD]) -> M2 | D41: HH | E41: 0.5 | H41: =+AVERAGE(E41:G41) -> 0.5
A42: =+LIST!A41 -> PTA-017 | B42: =+_xlfn.XLOOKUP($A42,LIST[ID],LIST[DESCRIPCIÓN]) -> RECUBRIMIENTO DE TRUFLEX ANTIDESLIZANTE DE 3 CAPAS (UNA BASE DE CUARZO Y DOS CAPAS DE COLOR) PARA ZONA EQUIPOS BIOSALUDABLES Y PARQUE INFANTIL. | C42: =+_xlfn.XLOOKUP($A42,LIST[ID],LIST[UNIDAD]) -> M2 | D42: HH | E42: 1 | H42: =+AVERAGE(E42:G42) -> 1
A43: =+LIST!A42 -> PTA-018 | B43: =+_xlfn.XLOOKUP($A43,LIST[ID],LIST[DESCRIPCIÓN]) -> PINTURA ACRILICA PARA TRAFICO PESADO TIPO CANCHA Y/O PISOS SOBRE UNA BASE EN IMPRIMANTE EPOXICO DE DOS COMPONENTES, PARA DEMARCACION DE CANCHA MULTIPLE (VOLEIBOL, MICROFUTBOL Y BALONCESTO) (2 MANOS) | C43: =+_xlfn.XLOOKUP($A43,LIST[ID],LIST[UNIDAD]) -> M2 | D43: HH | E43: 0.35 | H43: =+AVERAGE(E43:G43) -> 0.35
A44: =+LIST!A43 -> PTA-019 | B44: =+_xlfn.XLOOKUP($A44,LIST[ID],LIST[DESCRIPCIÓN]) -> SUMINISTRO E INSTALACIÓN DE LADRILLO TOLETE 25X12X6CM | C44: =+_xlfn.XLOOKUP($A44,LIST[ID],LIST[UNIDAD]) -> M2 | D44: HH | E44: 0.65 | H44: =+AVERAGE(E44:G44) -> 0.65
A45: =+LIST!A44 -> PTA-020 | B45: =+_xlfn.XLOOKUP($A45,LIST[ID],LIST[DESCRIPCIÓN]) -> PAÑETE MURO 1:4 E=0.02M | C45: =+_xlfn.XLOOKUP($A45,LIST[ID],LIST[UNIDAD]) -> M2 | D45: HH | E45: 0.58 | H45: =+AVERAGE(E45:G45) -> 0.58
A46: =+LIST!A45 -> PTA-021 | B46: =+_xlfn.XLOOKUP($A46,LIST[ID],LIST[DESCRIPCIÓN]) -> PINTURA TIPO 1 INTERIOR, TRES MANOS | C46: =+_xlfn.XLOOKUP($A46,LIST[ID],LIST[UNIDAD]) -> M2 | D46: HH | E46: 0.34 | H46: =+AVERAGE(E46:G46) -> 0.34
A47: =+LIST!A46 -> PTA-022 | B47: =+_xlfn.XLOOKUP($A47,LIST[ID],LIST[DESCRIPCIÓN]) -> GRAMA NATURAL, INCLUYE TIERRA | C47: =+_xlfn.XLOOKUP($A47,LIST[ID],LIST[UNIDAD]) -> M2 | D47: HH | E47: 0.5 | H47: =+AVERAGE(E47:G47) -> 0.5
A48: =+LIST!A47 -> 0
A49: =+LIST!A48 -> CMR | B49: =+LIST!B48 -> CONCRETOS, MORTEROS Y REFUERZOS (CMR)
A50: =+LIST!A49 -> CMR-001 | B50: =+_xlfn.XLOOKUP($A50,LIST[ID],LIST[DESCRIPCIÓN]) -> ACERO DE REFUERZO 60.000 PSI | C50: KG | D50: HH | E50: 0.08 | F50: 0.06 | G50: 0.05 | H50: =+AVERAGE(E50:G50) -> 0.063333333
A51: =+LIST!A50 -> CMR-002 | B51: =+_xlfn.XLOOKUP($A51,LIST[ID],LIST[DESCRIPCIÓN]) -> CONCRETO 3.000 PSI | C51: =+_xlfn.XLOOKUP($A51,LIST[ID],LIST[UNIDAD]) -> M3 | D51: HH | E51: 7 | F51: 5 | G51: 4.5 | H51: 4
A52: =+LIST!A51 -> CMR-003 | B52: =+_xlfn.XLOOKUP($A52,LIST[ID],LIST[DESCRIPCIÓN]) -> SUMINISTRO E INSTALACION DE TUBERIA PETROLERA DE 20" y 10", INCLUYE ESCALERA DE ACCESO, ESTRUCTURA DE FIJACION DE LA PANTALLA Y TODOS LOS ELEMENTROS NECESARIOS PARA SU CORRECTO FUNCIONAMIENTO | C52: =+_xlfn.XLOOKUP($A52,LIST[ID],LIST[UNIDAD]) -> KG | D52: HH
A53: =+LIST!A52 -> CMR-004 | B53: =+_xlfn.XLOOKUP($A53,LIST[ID],LIST[DESCRIPCIÓN]) -> PLACA CONCRETO 3.000 PSI E=10CM | C53: =+_xlfn.XLOOKUP($A53,LIST[ID],LIST[UNIDAD]) -> M2 | D53: HH | E53: 0.38
A54: =+LIST!A53 -> CMR-005 | B54: =+_xlfn.XLOOKUP($A54,LIST[ID],LIST[DESCRIPCIÓN]) -> CONCRETO 3.000 PSI PARA CONSTRUCCIÓN DE CANAL EN CONCRETO | C54: =+_xlfn.XLOOKUP($A54,LIST[ID],LIST[UNIDAD]) -> M3 | D54: HH | F54: 2 | G54: 1.8
A55: =+LIST!A54 -> CMR-006 | B55: =+_xlfn.XLOOKUP($A55,LIST[ID],LIST[DESCRIPCIÓN]) -> MURO EN GAVIÓN CON MALLA DOBLE TORSIÓN CAL. 13 | C55: =+_xlfn.XLOOKUP($A55,LIST[ID],LIST[UNIDAD]) -> M3 | D55: HH | F55: 3.4
A56: =+LIST!A55 -> CMR-007 | B56: =+_xlfn.XLOOKUP($A56,LIST[ID],LIST[DESCRIPCIÓN]) -> SUMINISTRO E INSTALACIÓN DE GEOTEXTIL NT1600S | C56: =+_xlfn.XLOOKUP($A56,LIST[ID],LIST[UNIDAD]) -> M2 | D56: HH | E56: 0.3
A57: =+LIST!A56 -> CMR-008 | B57: =+_xlfn.XLOOKUP($A57,LIST[ID],LIST[DESCRIPCIÓN]) -> CONSTRUCCIÓN DE SARDINEL INSITU E=0,15 M H=0,45M, CONCRETO 3.000 PSI (INCLUYE REFUERZO) | C57: =+_xlfn.XLOOKUP($A57,LIST[ID],LIST[UNIDAD]) -> M | D57: HH | F57: 0.3
A58: =+LIST!A57 -> CMR-009 | B58: =+_xlfn.XLOOKUP($A58,LIST[ID],LIST[DESCRIPCIÓN]) -> COLUMNA CONCRETO 3.000 PSI 20X12 CM | C58: =+_xlfn.XLOOKUP($A58,LIST[ID],LIST[UNIDAD]) -> M | D58: HH | F58: 0.25
A59: =+LIST!A58 -> CMR-010 | B59: =+_xlfn.XLOOKUP($A59,LIST[ID],LIST[DESCRIPCIÓN]) -> ZAPATA CONCRETO 3.000 PSI 120X70X30 CM | C59: =+_xlfn.XLOOKUP($A59,LIST[ID],LIST[UNIDAD]) -> UND | D59: HH | F59: 0.5
A60: =+LIST!A59 -> CMR-011 | B60: =+_xlfn.XLOOKUP($A60,LIST[ID],LIST[DESCRIPCIÓN]) -> COLUMNA CONCRETO 3.000 PSI 30X30 CM | C60: =+_xlfn.XLOOKUP($A60,LIST[ID],LIST[UNIDAD]) -> M | D60: HH | F60: 0.3
A61: =+LIST!A60 -> CMR-012 | B61: =+_xlfn.XLOOKUP($A61,LIST[ID],LIST[DESCRIPCIÓN]) -> ADHESIVO EPOXICO DE CONCRETO FRESCO CON CONCRETO ANTIGUO (USO ESTRUCTURAL) | C61: =+_xlfn.XLOOKUP($A61,LIST[ID],LIST[UNIDAD]) -> M2 | D61: HH | E61: 0.25
A62: =+LIST!A61 -> 0
A63: =+LIST!A62 -> 0
A64: =+LIST!A63 -> ELC | B64: =+LIST!B63 -> ELECTRICIDAD Y ACCESORIOS ELECTRICOS (ELC)
A65: =+LIST!A64 -> ELC-001 | B65: =+_xlfn.XLOOKUP($A65,LIST[ID],LIST[DESCRIPCIÓN]) -> SUMINISTRO E INSTALACION DE PANTALLA EXTERIO 3,9 PICH CON 15 GRADO DE 7680 HZ #500 X1000 MM CON PROCESADOR Tb40 , INCLUYE CONEXIÓN ELECTRICA, CAJA DE CONTROL Y PUESTA EN FUNCIONAMIENTO. | C65: =+_xlfn.XLOOKUP($A65,LIST[ID],LIST[UNIDAD]) -> UND | D65: HH
A66: =+LIST!A65 -> ELC-002 | B66: =+_xlfn.XLOOKUP($A66,LIST[ID],LIST[DESCRIPCIÓN]) -> TABLERO ELECTRICO PARA INSTALACIÓN PANTALLA BIFASICO | C66: =+_xlfn.XLOOKUP($A66,LIST[ID],LIST[UNIDAD]) -> UND | D66: HH
A67: =+LIST!A66 -> ELC-003 | B67: =+_xlfn.XLOOKUP($A67,LIST[ID],LIST[DESCRIPCIÓN]) -> RED ELECTRICA EN CABLE N°12 Y TUBO EMT 1/2" PVC | C67: =+_xlfn.XLOOKUP($A67,LIST[ID],LIST[UNIDAD]) -> M | D67: HH | E67: 0.4 | F67: 0.3 | G67: 0.25 | H67: 0.2
A68: =+LIST!A67 -> ELC-004 | B68: =+_xlfn.XLOOKUP($A68,LIST[ID],LIST[DESCRIPCIÓN]) -> PUNTO ELECTRICO DE CONEXIÓN DOBLE | C68: =+_xlfn.XLOOKUP($A68,LIST[ID],LIST[UNIDAD]) -> UND | D68: HH | E68: 0.5 | F68: 0.35 | H68: =+AVERAGE(E68:G68) -> 0.425
A69: =+LIST!A68 -> ELC-005 | B69: =+_xlfn.XLOOKUP($A69,LIST[ID],LIST[DESCRIPCIÓN]) -> PUNTO DE ILUMINACIÓN INCLUYE INTERRUPTOR, PLAFON Y BOMBILLO 50 W | C69: =+_xlfn.XLOOKUP($A69,LIST[ID],LIST[UNIDAD]) -> UND | D69: HH | E69: 0.57 | F69: 0.45
A70: =+LIST!A69 -> ELC-006 | B70: =+_xlfn.XLOOKUP($A70,LIST[ID],LIST[DESCRIPCIÓN]) -> PUNTO DE ILUMINACIÓN INCLUYE INTERRUPTOR Y LAMPARA 18W | C70: =+_xlfn.XLOOKUP($A70,LIST[ID],LIST[UNIDAD]) -> UND | D70: HH | E70: 0.5 | F70: 0.35
A71: =+LIST!A70 -> ELC-007 | B71: =+_xlfn.XLOOKUP($A71,LIST[ID],LIST[DESCRIPCIÓN]) -> CANALETA ELECTRICA 12CMX20CMX2M | C71: =+_xlfn.XLOOKUP($A71,LIST[ID],LIST[UNIDAD]) -> M | D71: HH | E71: 1.6
A72: =+LIST!A71 -> ELC-008 | B72: =+_xlfn.XLOOKUP($A72,LIST[ID],LIST[DESCRIPCIÓN]) -> SUMINISTRO E INSTALACIÓN DE LAMPARA 18W | C72: =+_xlfn.XLOOKUP($A72,LIST[ID],LIST[UNIDAD]) -> UND | D72: HH | E72: .2
A73: =+LIST!A72 -> ELC-009 | B73: =+_xlfn.XLOOKUP($A73,LIST[ID],LIST[DESCRIPCIÓN]) -> SUMINISTRO E INSTALACIÓN DE LUMINARIA EXTERIOR TIPO ROMBO SOLAR UF 20 | C73: =+_xlfn.XLOOKUP($A73,LIST[ID],LIST[UNIDAD]) -> UND | D73: HH | E73: 3
A74: =+LIST!A73 -> ELC-010 | B74: =+_xlfn.XLOOKUP($A74,LIST[ID],LIST[DESCRIPCIÓN]) -> SUMINISTRO E INSTALACION DE REFLECTOR 200W IP65, LUZ BLANCA 20.000 LM | C74: =+_xlfn.XLOOKUP($A74,LIST[ID],LIST[UNIDAD]) -> UND | D74: HH | E74: 3
A75: =+LIST!A74 -> ELC-011 | B75: =+_xlfn.XLOOKUP($A75,LIST[ID],LIST[DESCRIPCIÓN]) -> SUMINISTRO E INSTALACIÓN DE LUMINARIA EXTERIOR LED TIPO FAROL DE 8.100 LM Y 60W | C75: =+_xlfn.XLOOKUP($A75,LIST[ID],LIST[UNIDAD]) -> UND | D75: HH | E75: 3
A76: =+LIST!A75 -> 0
A77: =+LIST!A76 -> 0
A78: =+LIST!A77 -> HS | B78: =+LIST!B77 -> HIDRAULICO Y SANITARIO (HS)
A79: =+LIST!A78 -> HS-001 | B79: =+_xlfn.XLOOKUP($A79,LIST[ID],LIST[DESCRIPCIÓN]) -> SUMINISTRO E INSTALACION DE SANITARIO (INCLUYE GRIFERIA) | C79: =+_xlfn.XLOOKUP($A79,LIST[ID],LIST[UNIDAD]) -> UND | D79: HH | E79: 2.5
A80: =+LIST!A79 -> HS-002 | B80: =+_xlfn.XLOOKUP($A80,LIST[ID],LIST[DESCRIPCIÓN]) -> SUMINISTRO E INSTALACION DE SANITARIO INFANTIL (INCLUYE GRIFERIA) | C80: =+_xlfn.XLOOKUP($A80,LIST[ID],LIST[UNIDAD]) -> UND | D80: HH | E80: 1.5
A81: =+LIST!A80 -> HS-003 | B81: =+_xlfn.XLOOKUP($A81,LIST[ID],LIST[DESCRIPCIÓN]) -> SUMINISTRO E INSTALACION DE LAVAMOS DE EMPOTRAR (INCLUYE GRIFERIA) | C81: =+_xlfn.XLOOKUP($A81,LIST[ID],LIST[UNIDAD]) -> UND | D81: HH | E81: 1.2
A82: =+LIST!A81 -> HS-004 | B82: =+_xlfn.XLOOKUP($A82,LIST[ID],LIST[DESCRIPCIÓN]) -> SUMINISTRO E INSTALACIÓN DE LLAVE LAVAMANOS TIPO PUSH | C82: =+_xlfn.XLOOKUP($A82,LIST[ID],LIST[UNIDAD]) -> UND | D82: HH | E82: 0.8
A83: =+LIST!A82 -> HS-005 | B83: =+_xlfn.XLOOKUP($A83,LIST[ID],LIST[DESCRIPCIÓN]) -> SUMINISTRO E INSTALACIÓN DE DESAGUE PARA LAVAMOS | C83: =+_xlfn.XLOOKUP($A83,LIST[ID],LIST[UNIDAD]) -> UND | D83: HH | E83: 1
A84: =+LIST!A83 -> HS-006 | B84: =+_xlfn.XLOOKUP($A84,LIST[ID],LIST[DESCRIPCIÓN]) -> MANTENIMIENTO RED SANITARIA (PUNTO OBSTRUIDO) | C84: =+_xlfn.XLOOKUP($A84,LIST[ID],LIST[UNIDAD]) -> UND | D84: HH | E84: 3
A85: =+LIST!A84 -> HS-007 | B85: =+_xlfn.XLOOKUP($A85,LIST[ID],LIST[DESCRIPCIÓN]) -> TAPA EN CONCRETO PARA CAJA DE INSPECCIÓN 1X1 M CON TERMINAL EN ANGULO 1/2" | C85: =+_xlfn.XLOOKUP($A85,LIST[ID],LIST[UNIDAD]) -> UND | D85: HH | E85: 4
A86: =+LIST!A85 -> HS-008 | B86: =+_xlfn.XLOOKUP($A86,LIST[ID],LIST[DESCRIPCIÓN]) -> SUMINISTRO E INSTALACIÓN DE LLAVE ORINAL TIPO PUSH | C86: =+_xlfn.XLOOKUP($A86,LIST[ID],LIST[UNIDAD]) -> UND | D86: HH | E86: 0.8
A87: =+LIST!A86 -> HS-009 | B87: =+_xlfn.XLOOKUP($A87,LIST[ID],LIST[DESCRIPCIÓN]) -> SUMINISTRO E INSTALACIÓN DE GRIFERIA PARA SANITARIO | C87: =+_xlfn.XLOOKUP($A87,LIST[ID],LIST[UNIDAD]) -> UND | D87: HH | E87: 1
A88: =+LIST!A87 -> HS-010 | B88: =+_xlfn.XLOOKUP($A88,LIST[ID],LIST[DESCRIPCIÓN]) -> SUMINISTRO E INSTALACIÓN DE DESAGUE PARA LAVAPLATOS | C88: =+_xlfn.XLOOKUP($A88,LIST[ID],LIST[UNIDAD]) -> UND | D88: HH | E88: 1
A89: =+LIST!A88 -> HS-011 | B89: =+_xlfn.XLOOKUP($A89,LIST[ID],LIST[DESCRIPCIÓN]) -> INSTALACIÓN MANGUERA DE ACOPLE 1/2" | C89: =+_xlfn.XLOOKUP($A89,LIST[ID],LIST[UNIDAD]) -> UND | D89: HH | E89: 0.3
A90: =+LIST!A89 -> HS-012 | B90: =+_xlfn.XLOOKUP($A90,LIST[ID],LIST[DESCRIPCIÓN]) -> CAJA EN CONCRETO PARA CAJA DE INSPECCIÓN 1X1 M CON TERMINAL EN ANGULO 1/2" | C90: =+_xlfn.XLOOKUP($A90,LIST[ID],LIST[UNIDAD]) -> UND | D90: HH | E90: 4.5
A91: =+LIST!A90 -> HS-013 | B91: =+_xlfn.XLOOKUP($A91,LIST[ID],LIST[DESCRIPCIÓN]) -> TUBERIA ANILLADA PVC DE 36" | C91: =+_xlfn.XLOOKUP($A91,LIST[ID],LIST[UNIDAD]) -> M | D91: HH | F91: 1.2
A92: =+LIST!A91 -> HS-014 | B92: =+_xlfn.XLOOKUP($A92,LIST[ID],LIST[DESCRIPCIÓN]) -> CANAL EN CONCRETO 3.000 PSI SECCIÓN TRAPEZOIDAL A1=50CM, A2=30CM Y H=15 CM, ESPESOR 10 CM | C92: =+_xlfn.XLOOKUP($A92,LIST[ID],LIST[UNIDAD]) -> M | D92: HH | E92: 2
A93: =+LIST!A92 -> HS-015 | B93: =+_xlfn.XLOOKUP($A93,LIST[ID],LIST[DESCRIPCIÓN]) -> MANGUERA POLIURETANO DE ALTA PRESIÓN 1/2" RDE 9 | C93: =+_xlfn.XLOOKUP($A93,LIST[ID],LIST[UNIDAD]) -> M | D93: HH | E93: 0.2
A94: =+LIST!A93 -> 0
A95: =+LIST!A94 -> 0
A96: =+LIST!A95 -> CIE | B96: =+LIST!B95 -> CUBIERTAS, IMPERMEABILIZANTE Y ELEMENTOS DE SOPORTE (CIE)
A97: =+LIST!A96 -> CIE-001 | B97: =+_xlfn.XLOOKUP($A97,LIST[ID],LIST[DESCRIPCIÓN]) -> TEJA EN LAMINA GALVANIZADA CAL.28 | C97: =+_xlfn.XLOOKUP($A97,LIST[ID],LIST[UNIDAD]) -> M2 | D97: HH | E97: 0.65 | F97: 0.48
A98: =+LIST!A97 -> CIE-002 | B98: =+_xlfn.XLOOKUP($A98,LIST[ID],LIST[DESCRIPCIÓN]) -> TUBERÍA PVC 4" SANITARIO BAJANTE AGUAS LLUVIAS | C98: =+_xlfn.XLOOKUP($A98,LIST[ID],LIST[UNIDAD]) -> M | D98: HH | E98: 0.5 | F98: 0.42
A99: =+LIST!A98 -> CIE-003 | B99: =+_xlfn.XLOOKUP($A99,LIST[ID],LIST[DESCRIPCIÓN]) -> TEJA TERMOACISTICA ARQUITECTONICA CAL. 31 | C99: =+_xlfn.XLOOKUP($A99,LIST[ID],LIST[UNIDAD]) -> M2 | D99: HH | E99: 0.65 | F99: 0.48
A100: =+LIST!A99 -> CIE-004 | B100: =+_xlfn.XLOOKUP($A100,LIST[ID],LIST[DESCRIPCIÓN]) -> FLANCHE METALICO CUBIERTA CAL.26 | C100: =+_xlfn.XLOOKUP($A100,LIST[ID],LIST[UNIDAD]) -> M | D100: HH | E100: 0.3
...

Sheet EQUI
A1: DESCRIPCIÓN | B1: UNIDAD | C1: VALOR | D1: Columna1 | E1: RENDIMIENTO
A2: TALADRO DEMOLEDOR | B2: HORA | C2: 50000 | E2: 0.2
A3: TALADRO DEMOLEDOR ELÉCTRICO | B3: HORA | C3: 50000 | E3: 0.2
A4: MEZCLADORA DE CONCRETO 1 BLT | B4: HORA | C4: 10000 | E4: 2.5
A5: VIBRADOR DE CONCRETO | B5: HORA | C5: 7000 | E5: 2.5
A6: SONDA LIMPIADOR DE CAÑERIA 10 M | B6: HORA | C6: 5000 | E6: 2
A7: RETROEXCAVADORA DE LLANTA (ESCOMBROS) | B7: HORA | C7: 168000 | E7: 0.1
A8: ANDAMIO CON TABLON (2 CUERPOS) | B8: DIA | C8: 10000 | E8: 0.1
A9: CORTADORA PARA PISO | B9: HORA | C9: 12000 | E9: 0.2
A10: PULIDORA PARA PISO | B10: DIA | C10: 50000 | E10: 0.01
A11: RETROEXCAVADORA DE LLANTA (EXCAVACIÓN) | B11: HORA | C11: 168000 | E11: 0.15
A12: SALTARIN COMPACTADOR (CANGURO) | B12: DIA | C12: 45000 | E12: 0.15
A13: CORTADORA DE BALDOSA | B13: DIA | C13: 35000 | E13: 0.07
... A18: VIBRADOR DE CONCRETO (PAVIMENTO | B18: DIA | C18: 80000 | E18: 0.1

Sheet TRANS
A1: DESCRIPCIÓN | B1: UNIDAD | C1: DISTANCIA | D1: VALOR | E1: EXP | F1: CANT | G1: RENDIMIENTO
A2: RETIRO DE MATERIAL HASTA 5 KM (ESCOMBRO) | B2: M3/KM | C2: 5 | D2: 1800 | E2: 1.3
A3: TRANSPORTE MATERIAL DE CANTERA (ARENA) - CUCUANA | B3: M3/KM | C3: 125 | D3: 1800 | E3: 1.1
A4: TRANSPORTE (ADOQUIN) - IBAGUE | B4: UND/KM | C4: 195 | D4: 5 | E4: 1
A5: TRANSPORTE (BLOQUE-LADRILLO) - IBAGUE | B5: UND/KM | C5: 195 | D5: 5 | E5: 1
A6: TRANSPORTE (ACERO) - IBAGUE | B6: KG/KM | C6: 195 | D6: 2 | E6: 1
A7: TRANSPORTE TUBERIA DE 36" - IBAGUE | B7: M/KM | C7: 195 | D7: 1800 | E7: 1
A8: TRANSPORTE MATERIAL (RECEBO) - 10 KM | B8: M3/KM | C8: 10 | D8: 1800 | E8: 1.3
A9: TRANSPORTE ENCHAPE | B9: M2/KM | C9: 195 | D9: 70 | E9: 1 | I9: =+C9*D9 -> 13650
A10: TRANSPORTE PIEDRA | B10: M3/KM | C10: 50 | D10: 1800 | E10: 1
A11: TRANSPORTE PARQUE INFANTIL (9*6,4) | B11: UN/KM | C11: 195 | D11: 3600 | E11: 1
A12: TRANSPORTE EQUIPO BIOSALUDABLE | B12: UN/KM | C12: 195 | D12: 1700 | E12: 1 | I12: =+C12*D12 -> 331500
A13: TRANSPORTE CANECA - IBAGUE | B13: UN/KM | C13: 195 | D13: 120 | E13: 1 | I13: =+C13*D13 -> 23400
A14: TRANSPORTE GALON - IBAGUE | B14: UN/KM | C14: 195 | D14: 40 | E14: 1 | I14: =+C14*D14 -> 7800
A15: TRANSPORTE SANITARIO - IBAGUE | B15: UN/KM | C15: 195 | D15: 250 | E15: 1 | I15: =+C15*D15 -> 48750
A16: TRANSPORTE LAVAMANOS - IBAGUE | B16: UN/KM | C16: 195 | D16: 150 | E16: 1 | I16: =+C16*D16 -> 29250

Sheet INS
A1: DESCRIPCIÓN | B1: UNIDAD | C1: COTIZACION 1 (HOMECENTER) | D1: COTIZACION 2 | E1: COTIZACION 3 | F1: PROMEDIO | G1: DISTANCIA KM | H1: RENDIMIENTO
A2: ABRAZADERA TIPO GRAPA TUBO 4" METALICA | B2: UND | C2: =37900/5 -> 7580 | F2: =+ROUND(AVERAGE(C2:E2),0) -> 7580
A3: ACERO W 60 | B3: KG | D3: 5500 | F3: =+ROUND(AVERAGE(C3:E3),0) -> 5500
A4: ACIDO MURIATICO X3,7LT | B4: UND | C4: 24900 | F4: =+ROUND(AVERAGE(C4:E4),0) -> 24900
A5: ADAPTADOR MACHO DE 1/2" | B5: UND | D5: 1100 | F5: =+ROUND(AVERAGE(C5:E5),0) -> 1100
A6: ADHESIVO EPOXICO DE UNION CONCRETO FRESCO CON ANTIGUO 1 KG | B6: KG | C6: 189900 | F6: =+ROUND(AVERAGE(C6:E6),0) -> 189900 | H6: 0,5KGXM2
A7: ADOQUIN INDUPISO PIZARRA O SIMILAR COLOR ARENA (20X20X8) | B7: UND | C7: 4169 | F7: =+ROUND(AVERAGE(C7:E7),0) -> 4169 | G7: 195
A8: ADOQUIN RECTANGULAR GRIS (20X 10 X 8) | B8: UND | C8: 1832 | F8: =+ROUND(AVERAGE(C8:E8),0) -> 1832 | G8: 195
A9: AGENTE QUIMICO PARA DESTAPAR CAÑERIA | B9: UND | C9: 18900 | F9: =+ROUND(AVERAGE(C9:E9),0) -> 18900
A10: AGUA | B10: LT | E10: 35 | F10: =+ROUND(AVERAGE(C10:E10),0) -> 35
A11: ALAMBRE GALVANIZADO CAL.12 | B11: KG | C11: 11400 | F11: =+ROUND(AVERAGE(C11:E11),0) -> 11400
A12: ALAMBRE NEGRO N°18 | B12: KG | D12: 8700 | F12: =+ROUND(AVERAGE(C12:E12),0) -> 8700
A13: ALFAJIA EN CONCRETO A=25CM L=1 M | B13: UND | C13: 34500 | F13: =+ROUND(AVERAGE(C13:E13),0) -> 34500 | G13: 195 | H13: 1 UND X 1 M
A14: ANGULO 6X1-1/2"X1/8" | B14: UND | C14: 52100 | F14: =+ROUND(AVERAGE(C14:E14),0) -> 52100
A15: ARENA | B15: M3 | D15: 90000 | F15: =+ROUND(AVERAGE(C15:E15),0) -> 90000 | G15: 125
A16: ARENA PARA PAÑETE | B16: M3 | D16: 90000 | F16: =+ROUND(AVERAGE(C16:E16),0) -> 90000
A17: ARENA DE PLANTA | B17: M3 | C17: 47338 | F17: =+ROUND(AVERAGE(C17:E17),0) -> 47338
A18: ANTISOL | B18: KG | C18: 13145 | F18: =+ROUND(AVERAGE(C18:E18),0) -> 13145 | H18: 200 G/M2
A19: BARANDA METÁLICA TUBO PETROLERO 2" TRES LINEAS | B19: M | D19: 200000 | F19: =+ROUND(AVERAGE(C19:E19),0) -> 200000
A20: BARANDA EN ALUIMINIO 5 LINEAS, INCLUYE 2 POSTES L=2M | B20: UND | C20: 699900 | F20: =+ROUND(AVERAGE(C20:E20),0) -> 699900
A21: BLOQUE ABUJARDADO 14X19X39 CM | B21: UND | C21: 6000 | F21: =+ROUND(AVERAGE(C21:E21),0) -> 6000 | G21: 195 | H21: 12 UND X M2
A22: BOMBILLO LED 50W | B22: UND | C22: 44900 | D22: 25000 | F22: =+ROUND(AVERAGE(C22:E22),0) -> 34950
A23: BOQUILLA PARA CERÁMICA | B23: KG | C23: 8450 | D23: 7200 | F23: =+ROUND(AVERAGE(C23:E23),0) -> 7825
A24: BRIDA 4" PARA INSTALACIÓN SANITARIO | B24: UND | C24: 57900 | F24: =+ROUND(AVERAGE(C24:E24),0) -> 57900
A25: BROCHA 4" | B25: UND | C25: 13900 | D25: 17000 | F25: =+ROUND(AVERAGE(C25:E25),0) -> 15450
A26: CABLE DE RED CAT6 UTPX100 | B26: ROLLO | C26: 79900 | F26: =+ROUND(AVERAGE(C26:E26),0) -> 79900
A27: CABLE N°12 ENCAUCHETADOX100 | B27: ROLLO | C27: 240900 | D27: 245000 | F27: =+ROUND(AVERAGE(C27:E27),0) -> 242950
A28: CAJA 2X4 PLASTICA | B28: UND | C28: 1000 | D28: 1500 | F28: =+ROUND(AVERAGE(C28:E28),0) -> 1250
A29: CAJA OCTOGONAL PLASTICA | B29: UND | C29: 1100 | D29: 1800 | F29: =+ROUND(AVERAGE(C29:E29),0) -> 1450
A30: CANALETA ELECTRICA 12CMX20CMX2M | B30: M | C30: 12600 | D30: 18600 | F30: =+ROUND(AVERAGE(C30:E30),0) -> 15600
A31: CARCAMO METÁLICO DE 1.30 X 0.33M | B31: UND | C31: 9000 | F31: =+ROUND(AVERAGE(C31:E31),0) -> 9000
A32: CEMENTO 50 KG | B32: BLT | D32: 37000 | E32: 37000 | F32: =+ROUND(AVERAGE(C32:E32),0) -> 37000
A33: CEMENTO BLANCO | B33: KG | D33: 3800 | F33: =+ROUND(AVERAGE(C33:E33),0) -> 3800
A34: CERÁMICA PARA PISO 51X51 O SUPERIOR | B34: M2 | C34: 39900 | F34: =+ROUND(AVERAGE(C34:E34),0) -> 39900
A35: CERAMICA GRES 20X20 CALIDAD 1 | B35: M2 | C35: 68500 | F35: =+ROUND(AVERAGE(C35:E35),0) -> 68500
A36: CERÁMICA PARA PARED 20X30 O SUPERIOR | B36: M2 | C36: 27900 | D36: 32000 | F36: =+ROUND(AVERAGE(C36:E36),0) -> 29950
A37: Chazo Doble Aleta 3/8 Con Tornillo 12 x 2´ x 50 | B37: UND | C37: 458 | F37: =+ROUND(AVERAGE(C37:E37),0) -> 458
A38: CHAZO EXPANSIVO CONCRETO 1/2" | B38: UND | C38: 3500 | F38: =+ROUND(AVERAGE(C38:E38),0) -> 3500
A39: CIELO RASO PVC 9 MM CON ESTRUCTURA | B39: M2 | D39: 30000 | F39: =+ROUND(AVERAGE(C39:E39),0) -> 30000
A40: CINTA AISLANTE 20M X 19MM | B40: UND | C40: 5600 | F40: =+ROUND(AVERAGE(C40:E40),0) -> 5600
A41: CINTA TEFLON 1/2" X 10 M | B41: UND | D41: 4500 | F41: =+ROUND(AVERAGE(C41:E41),0) -> 4500
A42: CORDON DE POLIURETANO ROLLO 1097 METROS | B42: UND | C42: 790000 | F42: =+ROUND(AVERAGE(C42:E42),0) -> 790000
A43: CODO PRESIÓN DE 1/2" | B43: UND | D43: 1100 | F43: =+ROUND(AVERAGE(C43:E43),0) -> 1100
A44: CODO SANITARIO DE 2" PVC | B44: UND | D44: 5200 | F44: =+ROUND(AVERAGE(C44:E44),0) -> 5200
A45: CODO SANITARIO DE 4" PVC | B45: UND | D45: 12200 | F45: =+ROUND(AVERAGE(C45:E45),0) -> 12200
A46: CODO TUBERIA CUADRADA 6X6 PVC | B46: UND | C46: 6780 | F46: =+ROUND(AVERAGE(C46:E46),0) -> 6780
A47: CONCRETO 3.000 PSI | B47: M3 | C47: =+LIST!D50 -> 1111084 | F47: =+ROUND(AVERAGE(C47:E47),0) -> 1111084
A48: CUARTON DE 5CM X 10CM X 3M | B48: UND | D48: 21000 | F48: =+ROUND(AVERAGE(C48:E48),0) -> 21000
A49: CURVA EMT 1/2" | B49: UND | D49: 5500 | F49: =+ROUND(AVERAGE(C49:E49),0) -> 5500
A50: DESAGUE SIFON TIPO BOTELLA LAVAMANOS | B50: UND | C50: 29900 | F50: =+ROUND(AVERAGE(C50:E50),0) -> 29900
A51: DISOLVENTE | B51: GLN | D51: 40000 | F51: =+ROUND(AVERAGE(C51:E51),0) -> 40000
A52: DISPOSICIÓN DE MATERIAL SOBRANTE | B52: M3 | D52: 3000 | F52: =+ROUND(AVERAGE(C52:E52),0) -> 3000
A53: DIVISIÓN EN ACRILICO | B53: M2 | D53: 135000 | F53: =+ROUND(AVERAGE(C53:E53),0) -> 135000
A54: ESPATULA 3" | B54: UND | D54: 13500 | F54: =+ROUND(AVERAGE(C54:E54),0) -> 13500
A55: ESTUCO ACRILICO RESISTENTE A LA INTERPERIE DE ALTA ADEHERENCIA 30 KG | B55: CANECA | C55: 259900 | F55: =+ROUND(AVERAGE(C55:E55),0) -> 259900 | H55: 2-6 M2 X GLN
A56: ESTUCO PLASTICO INTERIOR Y EXTERIOR 30 KG | B56: CANECA | C56: 120000 | F56: =+ROUND(AVERAGE(C56:E56),0) -> 120000 | H56: 2-4 M2 X GLN
A57: FLANCHE METALICO CAL.26 20X2 | B57: M | D57: 30000 | F57: =+ROUND(AVERAGE(C57:E57),0) -> 30000
A58: GEOTEXTIL NO TEJIDO NT1600S 1MX3,5M | B58: M2 | C58: 12900 | F58: =+ROUND(AVERAGE(C58:E58),0) -> 12900
A59: GRAMA NATURAL | B59: M2 | C59: 97000 | F59: =+ROUND(AVERAGE(C59:E59),0) -> 97000
A60: GRAVILLA No 3 (PARA ANDEN) | B60: M3 | D60: 2400 | F60: =+ROUND(AVERAGE(C60:E60),0) -> 2400
A61: GRIFERIA PARA SANITARIO CON FLOTADOR | B61: UND | C61: 62900 | F61: =+ROUND(AVERAGE(C61:E61),0) -> 62900
A62: IMPRIMANTE EPOXICO A BASE DE DOS DISOLVENTES PARA MEJORAR ADHERENCIA | B62: GLN | C62: 219900 | F62: =+ROUND(AVERAGE(C62:E62),0) -> 219900 | H62: 18M2/GLN
A63: IMPERMEABILIZANTE ACRILICO+FIBRAS 12 AÑOS | B63: CANECA | C63: 446900 | F63: =+ROUND(AVERAGE(C63:E63),0) -> 446900 | H63: 4M2/GLN
A64: IMPERMEABILIZANTE DE RESINA ACUROSA SIKA IMPERMUR O SIMILAR 1KG | B64: KG | C64: 79900 | F64: =+ROUND(AVERAGE(C64:E64),0) -> 79900
A65: INTERRUPTOR SENCILLO | B65: UND | C65: 6900 | F65: =+ROUND(AVERAGE(C65:E65),0) -> 6900
A66: LADRILLO MACIZO DE 23 X 12 X 6CM | B66: UND | D66: 900 | F66: =+ROUND(AVERAGE(C66:E66),0) -> 900
A67: LAMPARA LED 18W | B67: UND | C67: 22900 | F67: =+ROUND(AVERAGE(C67:E67),0) -> 22900
A68: LAMPARA LED SOLAR TIPO ROMBO UFO 20 | B68: UND | C68: 1200000 | F68: =+ROUND(AVERAGE(C68:E68),0) -> 1200000
A69: LAMPARA LED DE 8.100 LM - 60W EXTERIOR TIPO FAROL | B69: UND | C69: 1278785 | F69: =+ROUND(AVERAGE(C69:E69),0) -> 1278785
A70: LAVAMANO DE EMPOTRAR SENCILLO SIN FRIFERIA | B70: UND | C70: 231900 | F70: =+ROUND(AVERAGE(C70:E70),0) -> 231900
A71: LAVAMANOS SIN GRIFERIA | B71: UND | C71: 160000 | F71: =+ROUND(AVERAGE(C71:E71),0) -> 160000
A72: LIMPIADOR PVC 12 ONZAS | B72: UND | C72: 29900 | F72: =+ROUND(AVERAGE(C72:E72),0) -> 29900 | H72: 20 UNIONES/12 ONZ
A73: LISTON DE MADERA DE BAJA CALIDAD 10CM X 10CM X 2,5M | B73: UND | D73: 13000 | F73: =+ROUND(AVERAGE(C73:E73),0) -> 13000
A74: LISTON DE MADERA 4CM X 4CM X 3M | B74: UND | D74: 12500 | F74: =+ROUND(AVERAGE(C74:E74),0) -> 12500
A75: LLAVE TERMINAL LAVAMANOS SENCILLA 1/2" | B75: UND | C75: 27900 | F75: =+ROUND(AVERAGE(C75:E75),0) -> 27900
A76: LLAVE TERMINAL LAVAMANOS TIPO PUSH | B76: UND | C76: 144900 | F76: =+ROUND(AVERAGE(C76:E76),0) -> 144900
A77: LLAVE TERMINAL ORINAL TIPO PUSH | B77: UND | C77: 151900 | F77: =+ROUND(AVERAGE(C77:E77),0) -> 151900
A79: MALLA ELECTROSOLDADA 6 MM 6X2,35M2 | B79: UND | C79: 280000 | F79: =+ROUND(AVERAGE(C79:E79),0) -> 280000
A80: MALLA PARA GAVION CAL.13 DOBLE TORSION 2X1X1 | B80: UND | C80: 117641 | F80: =+ROUND(AVERAGE(C80:E80),0) -> 117641
A81: MALLA PLÁSTICA MULTIUSOS 7MM X 7MM H = 100CMM LONGITUD 30 M | B81: UND | C81: 306900 | F81: =+ROUND(AVERAGE(C81:E81),0) -> 306900 | G81: 193
A82: MANGUERA ACOPLE 1/2" | B82: UND | C82: 7000 | F82: =+ROUND(AVERAGE(C82:E82),0) -> 7000
A83: MANGUERA PF 1/2" RDE 21 ROLLO 90 MTS | B83: M | C83: 2898.89 | F83: =+ROUND(AVERAGE(C83:E83),0) -> 2899
A84: MAQUINA BIOSALUDABLE BANCO DOBLE ABDOMINAL DE 1.9x1.2x0,7 CON CERTIFICADO TUV GS, ISO 9000 Y DEMAS NORMAS APLICABLES - INCLUYE TODO PARA SU CORRECTO FUNCIONAMIENTO. | B84: UND | C84: =3270002*1.19 -> 3891302.4 | F84: =+ROUND(AVERAGE(C84:E84),0) -> 3891302
A85: MAQUINA BIOSALUDABLE REMO DE 1.5x1.0x1,0 CON CERTIFICADO TUV GS, ISO 9000 Y DEMAS NORMAS APLICABLES - INCLUYE TODO PARA SU CORRECTO FUNCIONAMIENTO. | B85: UND | C85: =2890502*1.19 -> 3439697.4 | F85: =+ROUND(AVERAGE(C85:E85),0) -> 3439697
A86: MAQUINA BIOSALUDABLE ELIPTICA DE 1.0x0.5x1.7 CON CERTIFICADO TUV GS, ISO 9000 Y DEMAS NORMAS APLICABLES - INCLUYE TODO PARA SU CORRECTO FUNCIONAMIENTO. | B86: UND | C86: =2776201*1.19 -> 3303679.2 | F86: =+ROUND(AVERAGE(C86:E86),0) -> 3303679
A87: MAQUINA BIOSALUDABLE COLUMPIO DOBLE DE 1.9x0.5x1.6 CON CERTIFICADO TUV GS, ISO 9000 Y DEMAS NORMAS APLICABLES - INCLUYE TODO PARA SU CORRECTO FUNCIONAMIENTO. | B87: UND | C87: =3535002*1.19 -> 4206652.4 | F87: =+ROUND(AVERAGE(C87:E87),0) -> 4206652
A88: MAQUINA BIOSALUDABLE SURF DOBLE DE 1.1x0.9x1.3 CON CERTIFICADO TUV GS, ISO 9000 Y DEMAS NORMAS APLICABLES - INCLUYE TODO PARA SU CORRECTO FUNCIONAMIENTO. | B88: UND | C88: =2788502*1.19 -> 3318317.4 | F88: =+ROUND(AVERAGE(C88:E88),0) -> 3318317
A89: MAQUINA BIOSALUDABLE BICICLETA DE 0.9x0.6x1.5 CON CERTIFICADO TUV GS, ISO 9000 Y DEMAS NORMAS APLICABLES - INCLUYE TODO PARA SU CORRECTO FUNCIONAMIENTO. | B89: UND | C89: =2937701*1.19 -> 3495864.2 | F89: =+ROUND(AVERAGE(C89:E89),0) -> 3495864
A90: MAQUINA BIOSALUDABLE PONY DE 1X0.6X1.5 CON CERTIFICADO TUV GS, ISO 9000 Y DEMAS NORMAS APLICABLES - INCLUYE TODO PARA SU CORRECTO FUNCIONAMIENTO. | B90: UND | C90: =1995201*1.19 -> 2374289.2 | F90: =+ROUND(AVERAGE(C90:E90),0) -> 2374289
A91: ORINAL CON ACCESORIOS | B91: UND | C91: 331900 | F91: =+ROUND(AVERAGE(C91:E91),0) -> 331900
A92: PARQUE INFANTIL DE PLATAFORMAS CON TUNEL COMUNICANTE, RODADERO CERRADO, ESPIRAL Y DOBLE, ESCALERAS METALICAS DE ACCESO, COLUMPIOS, DOS TECHOS Y ACCESORIOS. AREA (9X6,40MTS) | B92: UND | C92: =17500000*1.19 -> 20825000 | F92: =+ROUND(AVERAGE(C92:E92),0) -> 20825000
A93: PEGANTE PARA CERÁMICA X25 KG | B93: UND | C93: 37400 | F93: =+ROUND(AVERAGE(C93:E93),0) -> 37400
A94: Película Protección Uv 100% & Irr 1.2x2m 2mm | B94: M2 | C94: 62458 | F94: =+ROUND(AVERAGE(C94:E94),0) -> 62458
A95: PIEDRA PARA GAVION | B95: M3 | D95: 100000 | F95: =+ROUND(AVERAGE(C95:E95),0) -> 100000
A96: PINTURA PARA CANCHA | B96: CANECA | C96: 757812.23 | F96: =+ROUND(AVERAGE(C96:E96),0) -> 757812 | H96: 15M2 XGLN (2MANOS)
A97: PINTURA ESMALTE 3 EN 1 | B97: GLN | C97: 136900 | F97: =+ROUND(AVERAGE(C97:E97),0) -> 136900
A98: PINTURA TIPO 1 EXTERIOR SUPER ACRILICA PROTECCION SOL Y LLUVIA ANTI-HONGOS | B98: GLN | C98: 115900 | D98: 140000 | E98: 144000 | F98: =+ROUND(AVERAGE(C98:E98),0) -> 133300 | H98: 25M2 X GLN
A99: PINTURA TIPO 1 INTERIOR LAVABLE X 5 GLN | B99: CANECA | C99: 299900 | F99: =+ROUND(AVERAGE(C99:E99),0) -> 299900 | H99: 35M2XGLN
A100: PLAFON BOMBILLO PORCELANA | B100: UND | C100: 5900 | F100: =+ROUND(AVERAGE(C100:E100),0) -> 5900
A101: PORTÓN METÁLICO CALIBRE 18 CON ANTICORROSIVO | B101: M2 | F101: =+ROUND(AVERAGE(C101:E101),0) -> #DIV/0!
...

Sheet MO
B2: LISTADO DE MANO DE OBRA
B3: unidad | D3: Ítem | F3: VALOR ($ COP) | G3: OBSERVACIONES
B4: mes | D4: Salario mínimo legal mensual vigente - SMLMV básico 2025 | F4: 1750905
B5: mes | D5: Subsidio de transporte 2025 | F5: 249095
B6: mes | D6: Salario mínimo legal mensual vigente - SMLMV 2025 + Subsidio de transporte 2025 | F6: =+F5+F4 -> 2000000
B7: día | D7: Jornal + subsidio de transporte 2025 | F7: =+F6/30 -> 66666.667
B8: % | D8: Factor prestacional INVIAS vigente | F8: 0.75
B9: día | D9: Jornal básico con factor prestacional | F9: =+F7*(1+F8) -> 116666.67
B10: mes | D10: salario basico SMLMV 2025 con factor prestacional | F10: =+F9*30 -> 3500000
B12: # | C12: Código | D12: unidad | E12: Insumo | F12: Precio ($ COP) | G12: Factor de Jornal 2025 | H12: OBSERVACIONES
B13: 1 | C13: A0100030 | D13: día | E13: Maestro | F13: =$F$9*G13 -> 291666.67 | G13: 2.5
B14: 2 | C14: A0100150 | D14: día | E14: Ayudante | F14: =$F$9*G14 -> 116666.67 | G14: 1
B15: 3 | C15: A0100190 | D15: día | E15: Almacenista | F15: =$F$9*G15 -> 122500 | G15: 1.05
B16: 4 | C16: A0030010 | D16: día | E16: Obrero | F16: =$F$9*G16 -> 116666.67 | G16: 1
B17: 5 | C17: A0030020 | D17: día | E17: Obrero (2) | F17: =$F$9*G17 -> 233333.33 | G17: 2
B18: 6 | C18: A0030030 | D18: día | E18: Obrero (3) | F18: =$F$9*G18 -> 350000 | G18: 3
B19: 7 | C19: A0030040 | D19: día | E19: Obrero (4) | F19: =$F$9*G19 -> 466666.67 | G19: 4
B20: 8 | C20: A0030050 | D20: día | E20: Obrero (5) | F20: =$F$9*G20 -> 583333.33 | G20: 5
B21: 9 | C21: A0030060 | D21: día | E21: Obrero (6) | F21: =$F$9*G21 -> 700000 | G21: 6
B22: 10 | C22: A0030070 | D22: día | E22: Obrero (7) | F22: =$F$9*G22 -> 816666.67 | G22: 7
B23: 11 | C23: A0030080 | D23: día | E23: Obrero (8) | F23: =$F$9*G23 -> 933333.33 | G23: 8
B24: 12 | C24: A0030090 | D24: día | E24: Obrero (9) | F24: =$F$9*G24 -> 1050000 | G24: 9
... B78: 66 | C78: A0100294 | D78: día | E78: Operador de maquinaria liviana | F78: =$F$9*G78 -> 233333.33 | G78: 2

Sheet M. CANT.
B1: MEMORIA DE CANTIDADES DE OBRA
B2: PROYECTO: | D2: =+PTO!D3 -> PAVIMENTACIÓN SECTORIAL DE LA CARRERA 5 ENTRE CALLES 2 Y 3 DEL MUNICIPIO DE RIOBLANCO TOLIMA
B4: =+PTO!D5 -> PRELIMINARES (P)
B5: ITEM | C5: ACTIVIDAD: | D5: =+PTO!D6 -> CERRAMIENTO EN LONA VERDE PROVISIONAL H:2 METROS | E5: TOTAL | J5: =ROUND(SUM(J6:J9),0) -> 68
B6: =+_xlfn.XLOOKUP(TEXT(D5,0),PTO!$D$5:$D$15,PTO!$C$5:$C$15) -> 1.01 | C6: UNIDAD: | D6: =+_xlfn.XLOOKUP(TEXT(D5,0),LIST[DESCRIPCIÓN],LIST[UNIDAD]) -> M | F6: LONG | G6: ANCHO | H6: ALTURA | I6: CANTIDAD | J6: SUBTOTAL
B7: 1 | C7: LONGITUD | F7: 28 | I7: 2 | J7: =+F7*I7 -> 56
B8: 2 | C8: ANCHO | F8: 6 | I8: 2 | J8: =+F8*I8 -> 12
B10: ITEM | C10: ACTIVIDAD: | D10: =+PTO!D7 -> DEMOLICIÓN DE PAVIMENTO EN CONCRETO RIGIDO, INCLUYE RETIRO | E10: TOTAL | J10: =ROUND(SUM(J11:J14),1) -> 82.5
B11: =+_xlfn.XLOOKUP(TEXT(D10,0),PTO!$D$5:$D$15,PTO!$C$5:$C$15) -> 1.02 | C11: UNIDAD: | D11: =+_xlfn.XLOOKUP(TEXT(D10,0),LIST[DESCRIPCIÓN],LIST[UNIDAD]) -> M3 | F11: LONG | G11: ANCHO | H11: ALTURA | I11: CANTIDAD | J11: SUBTOTAL
B12: 1 | C12: CARREA 5 ENTRE CALLE 2 Y 3 (SECTOR UN CARRIL) | F12: 23.4 | G12: 2.8 | I12: 1 | J12: =+F12*G12 -> 65.52
B13: 2 | C13: CARREA 5 ENTRE CALLE 2 Y 3 (SECTOR POZO) | F13: 3 | G13: 5.65 | I13: 1 | J13: =+F13*G13 -> 16.95
B15: ITEM | C15: ACTIVIDAD: | D15: =+PTO!D8 -> EXCAVACIÓN MECANICA EN MATERIAL COMÚN | E15: TOTAL | J15: =ROUND(SUM(J16:J19),1) -> 44.2
B16: =+_xlfn.XLOOKUP(TEXT(D15,0),PTO!$D$5:$D$15,PTO!$C$5:$C$15) -> 1.03 | C16: UNIDAD: | D16: =+_xlfn.XLOOKUP(TEXT(D15,0),LIST[DESCRIPCIÓN],LIST[UNIDAD]) -> M3 | F16: LONG | G16: ANCHO | H16: ALTURA | I16: CANTIDAD | J16: SUBTOTAL
B17: 1 | C17: CARREA 5 ENTRE CALLE 2 Y 3 (SECTOR UN CARRIL) | F17: 23.4 | G17: =+(5.65+5.5)/2 -> 5.575 | H17: 0.3 | I17: 1 | J17: =+F17*G17*H17 -> 39.1365
B18: 2 | C18: CARREA 5 ENTRE CALLE 2 Y 3 (SECTOR POZO) | F18: 3 | G18: 5.65 | H18: 0.3 | I18: 1 | J18: =+F18*G18*H18 -> 5.085
B20: ITEM | C20: ACTIVIDAD: | D20: =+PTO!D9 -> RETIRO DE MATERIAL SOBRANTE HASTA 5 KM | E20: TOTAL | J20: =ROUND(SUM(J21:J24),1) -> 57.5
B21: =+_xlfn.XLOOKUP(TEXT(D20,0),PTO!$D$5:$D$15,PTO!$C$5:$C$15) -> 1.04 | C21: UNIDAD: | D21: =+_xlfn.XLOOKUP(TEXT(D20,0),LIST[DESCRIPCIÓN],LIST[UNIDAD]) -> M3 | F21: LONG | G21: ANCHO | H21: ALTURA | I21: CANTIDAD | J21: SUBTOTAL
B22: 1 | C22: CARREA 5 ENTRE CALLE 2 Y 3 (SECTOR UN CARRIL) | F22: 23.4 | G22: =+(5.65+5.5)/2 -> 5.575 | H22: =+H17 -> 0.3 | I22: 1.3 | J22: =+F22*G22*H22*I22 -> 50.87745
B23: 2 | C23: CARREA 5 ENTRE CALLE 2 Y 3 (SECTOR POZO) | F23: 3 | G23: 5.65 | H23: =+H22 -> 0.3 | I23: 1.3 | J23: =+F23*G23*H23*I23 -> 6.6105
B25: ITEM | C25: ACTIVIDAD: | D25: =+PTO!D10 -> RELLENO EN RECEBO COMPACTADO | E25: TOTAL | J25: =ROUND(SUM(J26:J29),1) -> 29.5
B26: =+_xlfn.XLOOKUP(TEXT(D25,0),PTO!$D$5:$D$15,PTO!$C$5:$C$15) -> 1.05 | C26: UNIDAD: | D26: =+_xlfn.XLOOKUP(TEXT(D25,0),LIST[DESCRIPCIÓN],LIST[UNIDAD]) -> M3 | F26: LONG | G26: ANCHO | H26: ALTURA | I26: CANTIDAD | J26: SUBTOTAL
B27: 1 | C27: CARREA 5 ENTRE CALLE 2 Y 3 (SECTOR UN CARRIL) | F27: 23.4 | G27: =+(5.65+5.5)/2 -> 5.575 | H27: 0.2 | I27: 1 | J27: =+F27*G27*H27*I27 -> 26.091
B28: 2 | C28: CARREA 5 ENTRE CALLE 2 Y 3 (SECTOR POZO) | F28: 3 | G28: 5.65 | H28: 0.2 | I28: 1 | J28: =+F28*G28*H28*I28 -> 3.39
B30: =+PTO!D11 -> PAVIMENTACION
B31: ITEM | C31: ACTIVIDAD: | D31: =+PTO!D12 -> SUMINISTRO, INSTALACION Y COMPACTACIÓN DE SUBBASE GRANULAR CLASE C | E31: TOTAL | J31: =ROUNDUP(SUM(J33:J35),1) -> 22.2
B32: =+PTO!C12 -> 2.01 | C32: UNIDAD: | D32: =+PTO!E12 -> M3 | F32: LONG | G32: ANCHO | H32: ALTO | I32: CANTIDAD | J32: SUBTOTAL
B33: 1 | C33: CARREA 5 ENTRE CALLE 2 Y 3 (SECTOR UN CARRIL) | F33: 23.4 | G33: =+(5.65+5.5)/2 -> 5.575 | H33: 0.15 | I33: 1 | J33: =+F33*G33*I33*H33 -> 19.56825
B34: 2 | C34: CARREA 5 ENTRE CALLE 2 Y 3 (SECTOR POZO) | F34: 3 | G34: 5.65 | H34: 0.15 | I34: 1 | J34: =+F34*G34*I34*H34 -> 2.5425
B36: ITEM | C36: ACTIVIDAD: | D36: =+PTO!D13 -> CONCRETO PARA PAVIMENTO RÍGIDO MR-40, INCLUYE SELLADO DE JUNTAS | E36: TOTAL | J36: =ROUND(SUM(J37:J40),1) -> 26.5
B37: =+PTO!C13 -> 2.02 | C37: UNIDAD: | D37: =+_xlfn.XLOOKUP(TEXT(D36,0),LIST[DESCRIPCIÓN],LIST[UNIDAD]) -> M3 | F37: LONG | G37: ANCHO | H37: ALTO | I37: CANT | J37: SUBTOTAL
B38: 1 | C38: CARREA 5 ENTRE CALLE 2 Y 3 (SECTOR UN CARRIL) | F38: 23.4 | G38: =+(5.65+5.5)/2 -> 5.575 | H38: 0.18 | I38: 1 | J38: =+F38*H38*I38*G38 -> 23.4819
B39: 2 | C39: CARREA 5 ENTRE CALLE 2 Y 3 (SECTOR POZO) | F39: 3 | G39: 5.65 | H39: 0.18 | I39: 1 | J39: =+F39*H39*I39*G39 -> 3.051
B41: ITEM | C41: ACTIVIDAD: | D41: =+PTO!D14 -> ACERO DE REFUERZO FIGURADO ƒ'y= 4200 GRADO 60 (PAVIMENTO) | E41: TOTAL | J41: =ROUND(SUM(J42:J46),1) -> 360.3
B42: =+_xlfn.XLOOKUP(TEXT(D41,0),PTO!$D$5:$D$15,PTO!$C$5:$C$15) -> 2.03 | C42: UNIDAD: | D42: =+_xlfn.XLOOKUP(TEXT(D41,0),LIST[DESCRIPCIÓN],LIST[UNIDAD]) -> KG | E42: LONG | F42: N° | G42: PESO | H42: CANT. LINEA | I42: REP | J42: SUBTOTAL
B43: 1 | C43: CARREA 5 ENTRE CALLE 2 Y 3 (DOVELA) | E43: 0.35 | F43: 7 | G43: 4.62 | H43: =ROUNDUP(G38/0.3,0) -> 19 | I43: 6 | J43: =+E43*H43*I43*G43 -> 184.338
B44: 2 | C44: CARREA 5 ENTRE CALLE 2 Y 3 (AMARRE) | E44: 0.85 | F44: 4 | G44: 1 | H44: 1 | I44: =ROUNDUP(23.4/1.2,0) -> 20 | J44: =+F44*H44*I44*G44 -> 80
B45: 2 | C45: LOZA DE POZO | E45: 3 | F45: 4 | G45: 1 | H45: 1 | I45: =ROUNDUP(3/0.25,0)*2 -> 24 | J45: =+F45*H45*I45*G45 -> 96
B47: ITEM | C47: ACTIVIDAD: | D47: =+PTO!D15 -> BORDILLO FUNDIDO EN SITIO DE 15X40 CM EN CONCRETO 3000 PSI | E47: TOTAL | J47: =SUM(J48:J51) -> 52.8
B48: =+_xlfn.XLOOKUP(TEXT(D47,0),PTO!$D$5:$D$15,PTO!$C$5:$C$15) -> 2.04 | C48: UNIDAD: | D48: =+_xlfn.XLOOKUP(TEXT(D47,0),LIST[DESCRIPCIÓN],LIST[UNIDAD]) -> M | F48: LONG | G48: ANCHO | H48: ALTO | I48: CANTIDAD | J48: SUBTOTAL
B49: 1 | C49: CARREA 5 ENTRE CALLE 2 Y 3 (SECTOR UN CARRIL) | F49: 23.4 | I49: 2 | J49: =+F49*I49 -> 46.8
B50: 2 | C50: CARREA 5 ENTRE CALLE 2 Y 3 (SECTOR POZO) | F50: 3 | I50: 2 | J50: =+F50*I50 -> 6
B52: =+PTO!D16 -> HIDRAULICA Y SANITARIA
B53: ITEM | C53: ACTIVIDAD: | D53: =+PTO!D17 -> MANGUERA POLIURETANO DE ALTA PRESIÓN 1/2" RDE 9 | E53: TOTAL | J53: =ROUND(SUM(J55:J57),2) -> 24
B54: =+_xlfn.XLOOKUP(TEXT(D53,0),PTO!$D$5:$D$19,PTO!$C$5:$C$19) -> 3.01 | C54: UNIDAD: | D54: =+_xlfn.XLOOKUP(TEXT(D53,0),LIST[DESCRIPCIÓN],LIST[UNIDAD]) -> M | F54: LONG | G54: ANCHO | H54: ALTO | I54: CANTIDAD | J54: SUBTOTAL
B55: 1 | C55: CARREA 5 ENTRE CALLE 2 Y 3 (SECTOR UN CARRIL) | F55: 6 | I55: 4 | J55: =+F55*I55 -> 24
B56: 2 | C56: CARREA 5 ENTRE CALLE 2 Y 3 (SECTOR POZO) | J56: =+F56*G56*I56*H56 -> 0

Sheet PTO
E1: ALCALDÍA MUNICIPAL DE RIOBLANCO TOLIMA NIT. 890.702.040 – 7 SECRETARIA DE PLANEACION E INFRAESTRUCTURA
B2: PRESUPUESTO DE OBRA
C3: OBJETO: | D3: PAVIMENTACIÓN SECTORIAL DE LA CARRERA 5 ENTRE CALLES 2 Y 3 DEL MUNICIPIO DE RIOBLANCO TOLIMA | G3: FECHA: 1 DE JUNIO DEL 2026
B4: ID | C4: ITEM | D4: DESCRIPCION | E4: UND | F4: CANT. | G4: VR. UNIT | H4: VR.TOTAL
C5: 1 | D5: PRELIMINARES (P) | H5: =+SUM(H6:H10) -> 12977352
B6: P-0016 | C6: =C5+0.01 -> 1.01 | D6: =+_xlfn.XLOOKUP($B6,LIST[ID],LIST[DESCRIPCIÓN]) -> CERRAMIENTO EN LONA VERDE PROVISIONAL H:2 METROS | E6: =+_xlfn.XLOOKUP($B6,LIST[ID],LIST[UNIDAD]) -> M | F6: =+_xlfn.XLOOKUP(TEXT(PTO!D6,0),'M. CANT.'!$D$4:$D$51,'M. CANT.'!$J$4:$J$51) -> 68 | G6: =+_xlfn.XLOOKUP($B6,LIST[ID],LIST[V/UNIT]) -> 12708 | H6: =+F6*G6 -> 864144
B7: P-0017 | C7: =C6+0.01 -> 1.02 | D7: =+_xlfn.XLOOKUP($B7,LIST[ID],LIST[DESCRIPCIÓN]) -> DEMOLICIÓN DE PAVIMENTO EN CONCRETO RIGIDO, INCLUYE RETIRO | E7: =+_xlfn.XLOOKUP($B7,LIST[ID],LIST[UNIDAD]) -> M3 | F7: =+_xlfn.XLOOKUP(TEXT(PTO!D7,0),'M. CANT.'!$D$4:$D$51,'M. CANT.'!$J$4:$J$51) -> 82.5 | G7: =+_xlfn.XLOOKUP($B7,LIST[ID],LIST[V/UNIT]) -> 52406 | H7: =+F7*G7 -> 4323495
B8: P-0011 | C8: =C7+0.01 -> 1.03 | D8: =+_xlfn.XLOOKUP($B8,LIST[ID],LIST[DESCRIPCIÓN]) -> EXCAVACIÓN MECANICA EN MATERIAL COMÚN | E8: =+_xlfn.XLOOKUP($B8,LIST[ID],LIST[UNIDAD]) -> M3 | F8: =+_xlfn.XLOOKUP(TEXT(PTO!D8,0),'M. CANT.'!$D$4:$D$51,'M. CANT.'!$J$4:$J$51) -> 44.2 | G8: =+_xlfn.XLOOKUP($B8,LIST[ID],LIST[V/UNIT]) -> 30161 | H8: =+F8*G8 -> 1333116.2
B9: LF-001 | C9: =C8+0.01 -> 1.04 | D9: =+_xlfn.XLOOKUP($B9,LIST[ID],LIST[DESCRIPCIÓN]) -> RETIRO DE MATERIAL SOBRANTE HASTA 5 KM | E9: =+_xlfn.XLOOKUP($B9,LIST[ID],LIST[UNIDAD]) -> M3 | F9: =+_xlfn.XLOOKUP(TEXT(PTO!D9,0),'M. CANT.'!$D$4:$D$51,'M. CANT.'!$J$4:$J$51) -> 57.5 | G9: =+_xlfn.XLOOKUP($B9,LIST[ID],LIST[V/UNIT]) -> 30981 | H9: =+F9*G9 -> 1781407.5
B10: P-0012 | C10: =C9+0.01 -> 1.05 | D10: =+_xlfn.XLOOKUP($B10,LIST[ID],LIST[DESCRIPCIÓN]) -> RELLENO EN RECEBO COMPACTADO | E10: =+_xlfn.XLOOKUP($B10,LIST[ID],LIST[UNIDAD]) -> M3 | F10: =+_xlfn.XLOOKUP(TEXT(PTO!D10,0),'M. CANT.'!$D$4:$D$51,'M. CANT.'!$J$4:$J$51) -> 29.5 | G10: =+_xlfn.XLOOKUP($B10,LIST[ID],LIST[V/UNIT]) -> 158481 | H10: =+F10*G10 -> 4675189.5
C11: 2 | D11: PAVIMENTACION | H11: =+SUM(H12:H15) -> 54809296
B12: PAV-001 | C12: =C11+0.01 -> 2.01 | D12: =+_xlfn.XLOOKUP($B12,LIST[ID],LIST[DESCRIPCIÓN]) -> SUMINISTRO, INSTALACION Y COMPACTACIÓN DE SUBBASE GRANULAR CLASE C | E12: =+_xlfn.XLOOKUP($B12,LIST[ID],LIST[UNIDAD]) -> M3 | F12: =+_xlfn.XLOOKUP(TEXT(PTO!D12,0),'M. CANT.'!$D$4:$D$51,'M. CANT.'!$J$4:$J$51) -> 22.2 | G12: =+_xlfn.XLOOKUP($B12,LIST[ID],LIST[V/UNIT]) -> 493862 | H12: =ROUND(F12*G12,2) -> 10963736
B13: PAV-006 | C13: =C12+0.01 -> 2.02 | D13: =+_xlfn.XLOOKUP($B13,LIST[ID],LIST[DESCRIPCIÓN]) -> CONCRETO PARA PAVIMENTO RÍGIDO MR-40, INCLUYE SELLADO DE JUNTAS | E13: =+_xlfn.XLOOKUP($B13,LIST[ID],LIST[UNIDAD]) -> M3 | F13: =+_xlfn.XLOOKUP(TEXT(PTO!D13,0),'M. CANT.'!$D$4:$D$51,'M. CANT.'!$J$4:$J$51) -> 26.5 | G13: =+_xlfn.XLOOKUP($B13,LIST[ID],LIST[V/UNIT]) -> 1247734 | H13: =ROUND(F13*G13,2) -> 33064951
B14: PAV-003 | C14: =C13+0.01 -> 2.03 | D14: =+_xlfn.XLOOKUP($B14,LIST[ID],LIST[DESCRIPCIÓN]) -> ACERO DE REFUERZO FIGURADO ƒ'y= 4200 GRADO 60 (PAVIMENTO) | E14: =+_xlfn.XLOOKUP($B14,LIST[ID],LIST[UNIDAD]) -> KG | F14: =+_xlfn.XLOOKUP(TEXT(PTO!D14,0),'M. CANT.'!$D$4:$D$51,'M. CANT.'!$J$4:$J$51) -> 360.3 | G14: =+_xlfn.XLOOKUP($B14,LIST[ID],LIST[V/UNIT]) -> 10979 | H14: =ROUND(F14*G14,2) -> 3955733.7
B15: PAV-004 | C15: =C14+0.01 -> 2.04 | D15: =+_xlfn.XLOOKUP($B15,LIST[ID],LIST[DESCRIPCIÓN]) -> BORDILLO FUNDIDO EN SITIO DE 15X40 CM EN CONCRETO 3000 PSI | E15: =+_xlfn.XLOOKUP($B15,LIST[ID],LIST[UNIDAD]) -> M | F15: =+_xlfn.XLOOKUP(TEXT(PTO!D15,0),'M. CANT.'!$D$4:$D$51,'M. CANT.'!$J$4:$J$51) -> 52.8 | G15: =+_xlfn.XLOOKUP($B15,LIST[ID],LIST[V/UNIT]) -> 129259 | H15: =ROUND(F15*G15,2) -> 6824875.2
C16: 3 | D16: HIDRAULICA Y SANITARIA | H16: =+SUM(H17:H17) -> 354288
B17: HS-015 | C17: =C16+0.01 -> 3.01 | D17: =+_xlfn.XLOOKUP($B17,LIST[ID],LIST[DESCRIPCIÓN]) -> MANGUERA POLIURETANO DE ALTA PRESIÓN 1/2" RDE 9 | E17: =+_xlfn.XLOOKUP($B17,LIST[ID],LIST[UNIDAD]) -> M | F17: =+_xlfn.XLOOKUP(TEXT(PTO!D17,0),'M. CANT.'!$D$4:$D$60,'M. CANT.'!$J$4:$J$60) -> 24 | G17: =+_xlfn.XLOOKUP($B17,LIST[ID],LIST[V/UNIT]) -> 14762 | H17: =ROUND(F17*G17,2) -> 354288
C18: VALOR COSTO DIRECTO | H18: =+H11+H5+H16 -> 68140936
C19: ADMINISTRACION | G19: 0.26 | H19: =ROUND($H$18*G19,2) -> 17716643
C20: IMPREVISTOS | G20: 0.02 | H20: =ROUND($H$18*G20,2) -> 1362818.7
C21: UTILIDAD | G21: 0.04 | H21: =ROUND($H$18*G21,2) -> 2725637.5
C22: TOTAL AIU | G22: =SUM(G19:G21) -> 0.32 | H22: =SUM(H19:H21) -> 21805100
B23: VALOR TOTAL PRESUPUESTO DE OBRA | H23: =ROUND(H22+H18,2) -> 89946036
D29: ___________________________________________ | E29: ________________________________________
D30: VoBo ARQ. LINA MARITZA BOCANEGRA QUINTERO | E30: ING. MIGUEL ANDRES CAPERA HERNANDEZ
D31: Secretaria de Planeación e Infraestructura | E31: Proyectó y elaboró

Sheet MED-011
A1: ANALISIS DE PRECIOS UNITARIOS
A3: SECRETARIA DE PLANEACIÓN E INFRAESTRUCTURA
A4: ALCALDÍA MUNICIPAL DE RIOBLANCO - TOLIMA
A6: OBJETO: | B6: =+PTO!D3 -> PAVIMENTACIÓN SECTORIAL DE LA CARRERA 5 ENTRE CALLES 2 Y 3 DEL MUNICIPIO DE RIOBLANCO TOLIMA
A9: ITEM | D9: =+_xlfn.XLOOKUP(D10,PTO!$D$4:$D$15,PTO!$C$4:$C$15) -> #N/A | E9: UNIDAD | F9: =+_xlfn.XLOOKUP($D$10,LIST[DESCRIPCIÓN],LIST[UNIDAD]) -> M | G9: CANTIDAD | H9: 1
A10: DESCRIPCION | D10: BARANDA METÁLICA TUBO PETROLERO 2" TRES LINEAS (INCLUYE PINTURA)
A13: I. MATERIALES
A14: DESCRIPCION | E14: UND | F14: CANT | G14: V. UNITARIO | H14: V. PARCIAL
A15: BARANDA METÁLICA TUBO PETROLERO 2" TRES LINEAS | E15: =IF($A15=0,0,VLOOKUP($A15,INS!$A$2:$E$137,2,FALSE)) -> M | F15: 1 | G15: =IF($A15=0,0,_xlfn.XLOOKUP($A15,INS[DESCRIPCIÓN],INS[PROMEDIO])) -> 200000 | H15: =+F15*G15 -> 200000
A16: CHAZO EXPANSIVO CONCRETO 1/2" | E16: =IF($A16=0,0,VLOOKUP($A16,INS!$A$2:$E$137,2,FALSE)) -> UND | F16: 6 | G16: =IF($A16=0,0,VLOOKUP($A16,INS!$A$2:$G$137,6,FALSE)) -> 3500 | H16: =+F16*G16 -> 21000
A17: PINTURA ESMALTE 3 EN 1 | E17: =IF($A17=0,0,VLOOKUP($A17,INS!$A$2:$E$137,2,FALSE)) -> GLN | F17: 0.1 | G17: =IF($A17=0,0,VLOOKUP($A17,INS!$A$2:$G$137,6,FALSE)) -> 136900 | H17: =+F17*G17 -> 13690
E18: =IF($A18=0,0,VLOOKUP($A18,INS!$A$2:$E$137,2,FALSE)) -> 0 | G18: =IF($A18=0,0,VLOOKUP($A18,INS!$A$2:$G$137,6,FALSE)) -> 0 | H18: =+F18*G18 -> 0
E19: =IF($A19=0,0,VLOOKUP($A19,INS!$A$2:$E$137,2,FALSE)) -> 0 | G19: =IF($A19=0,0,VLOOKUP($A19,INS!$A$2:$G$137,6,FALSE)) -> 0 | H19: =+F19*G19 -> 0
E20: =IF($A20=0,0,VLOOKUP($A20,INS!$A$2:$E$137,2,FALSE)) -> 0 | G20: =IF($A20=0,0,VLOOKUP($A20,INS!$A$2:$G$137,6,FALSE)) -> 0 | H20: =+F20*G20 -> 0
E21: =IF($A21=0,0,VLOOKUP($A21,INS!$A$2:$E$137,2,FALSE)) -> 0 | G21: =IF($A21=0,0,VLOOKUP($A21,INS!$A$2:$G$137,6,FALSE)) -> 0 | H21: =+F21*G21 -> 0
A22: Herramienta menor | E22: %M.O | F22: 0.05 | G22: =H46 -> 53958.333 | H22: =F22*G22 -> 2697.9167
G23: SUBTOTAL | H23: =SUM(H15:H22) -> 237387.92
A25: II. EQUIPO
A26: DESCRIPCION | D26: MARCA | E26: UND | F26: TARIFA/HORA | G26: RENDIMIENTO | H26: V. PARCIAL
A27: COMPRESOR 50 LT | F27: =IF($A27=0,0,VLOOKUP($A27,EQUI!$A$2:$E$20,3,FALSE)) -> 55000 | G27: =+IF($A27=0,0,VLOOKUP($A27,EQUI!$A$2:$E$20,5,FALSE)) -> 0.01 | H27: =F27*G27 -> 550
F28: =IF($A28=0,0,VLOOKUP($A28,EQUI!$A$2:$E$6,3,FALSE)) -> 0 | G28: =+IF($A28=0,0,VLOOKUP($A28,EQUI!$A$2:$E$6,5,FALSE)) -> 0 | H28: =F28*G28 -> 0
G31: SUBTOTAL | H31: =SUM(H27:H30) -> 550
A33: III. TRANSPORTE
A34: MATERIAL | D34: VOL. O PESO (EXP) | E34: DISTANCIA (KM) | F34: CANT | G34: TARIFA | H34: V. PARCIAL
D35: =IF($A$35=0,0,VLOOKUP($A$35,TRANS!$A$2:$F$38,5,FALSE)) -> 0 | E35: =IF($A$35=0,0,VLOOKUP($A$35,TRANS!$A$2:$D$39,3,FALSE)) -> 0 | F35: =+F15 -> 1 | G35: =IF($A$35=0,0,VLOOKUP($A$35,TRANS!$A$2:$D$38,4,FALSE)) -> 0 | H35: =+E35*F35*G35*D35 -> 0
G39: SUBTOTAL | H39: =SUM(H35:H38) -> 0
A41: IV. MANO DE OBRA
A42: DESCRIPCION | D42: V. HORA +PRESTACIONES | E42: CANTIDAD | F42: JORNAL TOTAL | G42: RENDIMIENTO HH | H42: V. PARCIAL
A43: OFICIAL A. | D43: =MO!F31/8 -> 24791.667 | E43: 1 | F43: =D43*E43 -> 24791.667 | G43: =+IF(AND($E$43=1,$E$44=1),_xlfn.XLOOKUP($D$10,REND[DESCRIPCIÓN],REND[RENDIMIENTO (1)]),IF(AND($E$43=1,$E$44=2),_xlfn.XLOOKUP($D$10,REND[DESCRIPCIÓN],REND[RENDIMIENTO (2)]),IF(AND($E$43=1,$E$44=3),_xlfn.XLOOKUP($D$10,REND[DESCRIPCIÓN],REND[RENDIMIENTO (3)]),IF(AND($E$43=1,$E$44=4),_xlfn.XLOOKUP($D$10,REND[DESCRIPCIÓN],REND[RENDIMIENTO (4)]),0)))) -> 1 | H43: =F43*G43 -> 24791.667
A44: AYUDANTE A. | D44: =MO!F14/8 -> 14583.333 | E44: 2 | F44: =D44*E44 -> 29166.667 | G44: =+IF(AND($E$43=1,$E$44=1),_xlfn.XLOOKUP($D$10,REND[DESCRIPCIÓN],REND[RENDIMIENTO (1)]),IF(AND($E$43=1,$E$44=2),_xlfn.XLOOKUP($D$10,REND[DESCRIPCIÓN],REND[RENDIMIENTO (2)]),IF(AND($E$43=1,$E$44=3),_xlfn.XLOOKUP($D$10,REND[DESCRIPCIÓN],REND[RENDIMIENTO (3)]),IF(AND($E$43=1,$E$44=4),_xlfn.XLOOKUP($D$10,REND[DESCRIPCIÓN],REND[RENDIMIENTO (4)]),0)))) -> 1 | H44: =F44*G44 -> 29166.667
H45: =F45*G45 -> 0
G46: SUBTOTAL | H46: =SUM(H43:H45) -> 53958.333
A48: VALOR TOTAL | H48: =ROUND(H23+H31+H39+H46,0) -> 291896
A54: VoBo ARQ. LINA MARITZA BOCANEGRA QUINTERO | F54: ING. MIGUEL ANDRES CAPERA HERNANDEZ
A55: Secretaria de Planeación e Infraestructura | F55: Proyectó y elaboró

Sheet MED-010
A1: ANALISIS DE PRECIOS UNITARIOS
A3: SECRETARIA DE PLANEACIÓN E INFRAESTRUCTURA
A4: ALCALDÍA MUNICIPAL DE RIOBLANCO - TOLIMA
A6: OBJETO: | B6: =+PTO!D3 -> PAVIMENTACIÓN SECTORIAL DE LA CARRERA 5 ENTRE CALLES 2 Y 3 DEL MUNICIPIO DE RIOBLANCO TOLIMA
A9: ITEM | D9: =+_xlfn.XLOOKUP(D10,PTO!$D$4:$D$15,PTO!$C$4:$C$15) -> #N/A | E9: UNIDAD | F9: =+_xlfn.XLOOKUP($D$10,LIST[DESCRIPCIÓN],LIST[UNIDAD]) -> M | G9: CANTIDAD | H9: 1
A10: DESCRIPCION | D10: BARANDA EN ALUMINIO 5 TUBOS, INCLUYE POSTES Y ACCESORIOS
A13: I. MATERIALES
A14: DESCRIPCION | E14: UND | F14: CANT | G14: V. UNITARIO | H14: V. PARCIAL
A15: BARANDA EN ALUIMINIO 5 LINEAS, INCLUYE 2 POSTES L=2M | E15: =IF($A15=0,0,VLOOKUP($A15,INS!$A$2:$E$137,2,FALSE)) -> UND | F15: 1.3 | G15: =IF($A15=0,0,_xlfn.XLOOKUP($A15,INS[DESCRIPCIÓN],INS[PROMEDIO])) -> 699900 | H15: =+F15*G15 -> 909870
A16: CHAZO EXPANSIVO CONCRETO 1/2" | E16: =IF($A16=0,0,VLOOKUP($A16,INS!$A$2:$E$137,2,FALSE)) -> UND | F16: 6 | G16: =IF($A16=0,0,VLOOKUP($A16,INS!$A$2:$G$137,6,FALSE)) -> 3500 | H16: =+F16*G16 -> 21000
E17: =IF($A17=0,0,VLOOKUP($A17,INS!$A$2:$E$137,2,FALSE)) -> 0 | G17: =IF($A17=0,0,VLOOKUP($A17,INS!$A$2:$G$137,6,FALSE)) -> 0 | H17: =+F17*G17 -> 0
E18: =IF($A18=0,0,VLOOKUP($A18,INS!$A$2:$E$137,2,FALSE)) -> 0 | G18: =IF($A18=0,0,VLOOKUP($A18,INS!$A$2:$G$137,6,FALSE)) -> 0 | H18: =+F18*G18 -> 0
E19: =IF($A19=0,0,VLOOKUP($A19,INS!$A$2:$E$137,2,FALSE)) -> 0 | G19: =IF($A19=0,0,VLOOKUP($A19,INS!$A$2:$G$137,6,FALSE)) -> 0 | H19: =+F19*G19 -> 0
E20: =IF($A20=0,0,VLOOKUP($A20,INS!$A$2:$E$137,2,FALSE)) -> 0 | G20: =IF($A20=0,0,VLOOKUP($A20,INS!$A$2:$G$137,6,FALSE)) -> 0 | H20: =+F20*G20 -> 0
E21: =IF($A21=0,0,VLOOKUP($A21,INS!$A$2:$E$137,2,FALSE)) -> 0 | G21: =IF($A21=0,0,VLOOKUP($A21,INS!$A$2:$G$137,6,FALSE)) -> 0 | H21: =+F21*G21 -> 0
A22: Herramienta menor | E22: %M.O | F22: 0.05 | G22: =H46 -> 53958.333 | H22: =F22*G22 -> 2697.9167
G23: SUBTOTAL | H23: =SUM(H15:H22) -> 933567.92
A25: II. EQUIPO
A26: DESCRIPCION | D26: MARCA | E26: UND | F26: TARIFA/HORA | G26: RENDIMIENTO | H26: V. PARCIAL
F27: =IF($A27=0,0,VLOOKUP($A27,EQUI!$A$2:$E$6,3,FALSE)) -> 0 | G27: =+IF($A27=0,0,VLOOKUP($A27,EQUI!$A$2:$E$6,5,FALSE)) -> 0 | H27: =F27*G27 -> 0
F28: =IF($A28=0,0,VLOOKUP($A28,EQUI!$A$2:$E$6,3,FALSE)) -> 0 | G28: =+IF($A28=0,0,VLOOKUP($A28,EQUI!$A$2:$E$6,5,FALSE)) -> 0 | H28: =F28*G28 -> 0
G31: SUBTOTAL | H31: =SUM(H27:H30) -> 0
A33: III. TRANSPORTE
A34: MATERIAL | D34: VOL. O PESO (EXP) | E34: DISTANCIA (KM) | F34: CANT | G34: TARIFA | H34: V. PARCIAL
D35: =IF($A$35=0,0,VLOOKUP($A$35,TRANS!$A$2:$F$38,5,FALSE)) -> 0 | E35: =IF($A$35=0,0,VLOOKUP($A$35,TRANS!$A$2:$D$39,3,FALSE)) -> 0 | F35: =+F15 -> 1.3 | G35: =IF($A$35=0,0,VLOOKUP($A$35,TRANS!$A$2:$D$38,4,FALSE)) -> 0 | H35: =+E35*F35*G35*D35 -> 0
G39: SUBTOTAL | H39: =SUM(H35:H38) -> 0
A41: IV. MANO DE OBRA
A42: DESCRIPCION | D42: V. HORA +PRESTACIONES | E42: CANTIDAD | F42: JORNAL TOTAL | G42: RENDIMIENTO HH | H42: V. PARCIAL
A43: OFICIAL A. | D43: =MO!F31/8 -> 24791.667 | E43: 1 | F43: =D43*E43 -> 24791.667 | G43: =+IF(AND($E$43=1,$E$44=1),_xlfn.XLOOKUP($D$10,REND[DESCRIPCIÓN],REND[RENDIMIENTO (1)]),IF(AND($E$43=1,$E$44=2),_xlfn.XLOOKUP($D$10,REND[DESCRIPCIÓN],REND[RENDIMIENTO (2)]),IF(AND($E$43=1,$E$44=3),_xlfn.XLOOKUP($D$10,REND[DESCRIPCIÓN],REND[RENDIMIENTO (3)]),IF(AND($E$43=1,$E$44=4),_xlfn.XLOOKUP($D$10,REND[DESCRIPCIÓN],REND[RENDIMIENTO (4)]),0)))) -> 1 | H43: =F43*G43 -> 24791.667
A44: AYUDANTE A. | D44: =MO!F14/8 -> 14583.333 | E44: 2 | F44: =D44*E44 -> 29166.667 | G44: =+IF(AND($E$43=1,$E$44=1),_xlfn.XLOOKUP($D$10,REND[DESCRIPCIÓN],REND[RENDIMIENTO (1)]),IF(AND($E$43=1,$E$44=2),_xlfn.XLOOKUP($D$10,REND[DESCRIPCIÓN],REND[RENDIMIENTO (2)]),IF(AND($E$43=1,$E$44=3),_xlfn.XLOOKUP($D$10,REND[DESCRIPCIÓN],REND[RENDIMIENTO (3)]),IF(AND($E$43=1,$E$44=4),_xlfn.XLOOKUP($D$10,REND[DESCRIPCIÓN],REND[RENDIMIENTO (4)]),0)))) -> 1 | H44: =F44*G44 -> 29166.667
H45: =F45*G45 -> 0
G46: SUBTOTAL | H46: =SUM(H43:H45) -> 53958.333
A48: VALOR TOTAL | H48: =ROUND(H23+H31+H39+H46,0) -> 987526
A54: VoBo ARQ. LINA MARITZA BOCANEGRA QUINTERO | F54: ING. MIGUEL ANDRES CAPERA HERNANDEZ
A55: Secretaria de Planeación e Infraestructura | F55: Proyectó y elaboró

Sheet MED-009
A1: ANALISIS DE PRECIOS UNITARIOS
A3: SECRETARIA DE PLANEACIÓN E INFRAESTRUCTURA
A4: ALCALDÍA MUNICIPAL DE RIOBLANCO - TOLIMA
A6: OBJETO: | B6: =+PTO!D3 -> PAVIMENTACIÓN SECTORIAL DE LA CARRERA 5 ENTRE CALLES 2 Y 3 DEL MUNICIPIO DE RIOBLANCO TOLIMA
A9: ITEM | D9: =+_xlfn.XLOOKUP(D10,PTO!$D$4:$D$15,PTO!$C$4:$C$15) -> #N/A | E9: UNIDAD | F9: =+_xlfn.XLOOKUP($D$10,LIST[DESCRIPCIÓN],LIST[UNIDAD]) -> UND | G9: CANTIDAD | H9: 1
A10: DESCRIPCION | D10: SUMINISTRO E INSTALACION DE MAQUINA BIOSALUDABLE PONY DE 1X0.6X1.5 M. CON CERTIFICADO TUV GS, ISO 9000 Y DEMAS NORMAS APLICABLES - INCLUYE TODO PARA SU CORRECTO FUNCIONAMIENTO
A13: I. MATERIALES
A14: DESCRIPCION | E14: UND | F14: CANT | G14: V. UNITARIO | H14: V. PARCIAL
A15: MAQUINA BIOSALUDABLE PONY DE 1X0.6X1.5 CON CERTIFICADO TUV GS, ISO 9000 Y DEMAS NORMAS APLICABLES - INCLUYE TODO PARA SU CORRECTO FUNCIONAMIENTO. | E15: =IF($A15=0,0,VLOOKUP($A15,INS!$A$2:$E$137,2,FALSE)) -> UND | F15: 1 | G15: =IF($A15=0,0,VLOOKUP($A15,INS!$A$2:$G$137,6,FALSE)) -> 2374289 | H15: =+F15*G15 -> 2374289
A16: CONCRETO 3.000 PSI | E16: =IF($A16=0,0,VLOOKUP($A16,INS!$A$2:$E$137,2,FALSE)) -> M3 | F16: =0.6*0.6*0.8 -> 0.288 | G16: =IF($A16=0,0,VLOOKUP($A16,INS!$A$2:$G$137,6,FALSE)) -> 1111084 | H16: =+F16*G16 -> 319992.19
A17: CHAZO EXPANSIVO CONCRETO 1/2" | E17: =IF($A17=0,0,VLOOKUP($A17,INS!$A$2:$E$137,2,FALSE)) -> UND | F17: 6 | G17: =IF($A17=0,0,VLOOKUP($A17,INS!$A$2:$G$137,6,FALSE)) -> 3500 | H17: =+F17*G17 -> 21000
E18: =IF($A18=0,0,VLOOKUP($A18,INS!$A$2:$E$137,2,FALSE)) -> 0 | G18: =IF($A18=0,0,VLOOKUP($A18,INS!$A$2:$G$137,6,FALSE)) -> 0 | H18: =+F18*G18 -> 0
E19: =IF($A19=0,0,VLOOKUP($A19,INS!$A$2:$E$137,2,FALSE)) -> 0 | G19: =IF($A19=0,0,VLOOKUP($A19,INS!$A$2:$G$137,6,FALSE)) -> 0 | H19: =+F19*G19 -> 0
E20: =IF($A20=0,0,VLOOKUP($A20,INS!$A$2:$E$137,2,FALSE)) -> 0 | G20: =IF($A20=0,0,VLOOKUP($A20,INS!$A$2:$G$137,6,FALSE)) -> 0 | H20: =+F20*G20 -> 0
E21: =IF($A21=0,0,VLOOKUP($A21,INS!$A$2:$E$137,2,FALSE)) -> 0 | G21: =IF($A21=0,0,VLOOKUP($A21,INS!$A$2:$G$137,6,FALSE)) -> 0 | H21: =+F21*G21 -> 0
A22: Herramienta menor | E22: %M.O | F22: 0.05 | G22: =H46 -> 323750 | H22: =F22*G22 -> 16187.5
G23: SUBTOTAL | H23: =SUM(H15:H22) -> 2731468.7
A25: II. EQUIPO
A26: DESCRIPCION | D26: MARCA | E26: UND | F26: TARIFA/HORA | G26: RENDIMIENTO | H26: V. PARCIAL
F27: =IF($A27=0,0,VLOOKUP($A27,EQUI!$A$2:$E$6,3,FALSE)) -> 0 | G27: =+IF($A27=0,0,VLOOKUP($A27,EQUI!$A$2:$E$6,5,FALSE)) -> 0 | H27: =F27*G27 -> 0
F28: =IF($A28=0,0,VLOOKUP($A28,EQUI!$A$2:$E$6,3,FALSE)) -> 0 | G28: =+IF($A28=0,0,VLOOKUP($A28,EQUI!$A$2:$E$6,5,FALSE)) -> 0 | H28: =F28*G28 -> 0
G31: SUBTOTAL | H31: =SUM(H27:H30) -> 0
A33: III. TRANSPORTE
A34: MATERIAL | D34: VOL. O PESO (EXP) | E34: DISTANCIA (KM) | F34: CANT | G34: TARIFA | H34: V. PARCIAL
A35: TRANSPORTE EQUIPO BIOSALUDABLE | D35: =IF($A$35=0,0,VLOOKUP($A$35,TRANS!$A$2:$F$38,5,FALSE)) -> 1 | E35: =IF($A$35=0,0,VLOOKUP($A$35,TRANS!$A$2:$D$39,3,FALSE)) -> 195 | F35: =+F15 -> 1 | G35: =IF($A$35=0,0,VLOOKUP($A$35,TRANS!$A$2:$D$38,4,FALSE)) -> 1700 | H35: =+E35*F35*G35*D35 -> 331500
G39: SUBTOTAL | H39: =SUM(H35:H38) -> 331500
A41: IV. MANO DE OBRA
A42: DESCRIPCION | D42: V. HORA +PRESTACIONES | E42: CANTIDAD | F42: JORNAL TOTAL | G42: RENDIMIENTO HH | H42: V. PARCIAL
A43: OFICIAL A. | D43: =MO!F31/8 -> 24791.667 | E43: 1 | F43: =D43*E43 -> 24791.667 | G43: =+IF(AND($E$43=1,$E$44=1),_xlfn.XLOOKUP($D$10,REND[DESCRIPCIÓN],REND[RENDIMIENTO (1)]),IF(AND($E$43=1,$E$44=2),_xlfn.XLOOKUP($D$10,REND[DESCRIPCIÓN],REND[RENDIMIENTO (2)]),IF(AND($E$43=1,$E$44=3),_xlfn.XLOOKUP($D$10,REND[DESCRIPCIÓN],REND[RENDIMIENTO (3)]),IF(AND($E$43=1,$E$44=4),_xlfn.XLOOKUP($D$10,REND[DESCRIPCIÓN],REND[RENDIMIENTO (4)]),0)))) -> 6 | H43: =F43*G43 -> 148750
A44: AYUDANTE A. | D44: =MO!F14/8 -> 14583.333 | E44: 2 | F44: =D44*E44 -> 29166.667 | G44: =+IF(AND($E$43=1,$E$44=1),_xlfn.XLOOKUP($D$10,REND[DESCRIPCIÓN],REND[RENDIMIENTO (1)]),IF(AND($E$43=1,$E$44=2),_xlfn.XLOOKUP($D$10,REND[DESCRIPCIÓN],REND[RENDIMIENTO (2)]),IF(AND($E$43=1,$E$44=3),_xlfn.XLOOKUP($D$10,REND[DESCRIPCIÓN],REND[RENDIMIENTO (3)]),IF(AND($E$43=1,$E$44=4),_xlfn.XLOOKUP($D$10,REND[DESCRIPCIÓN],REND[RENDIMIENTO (4)]),0)))) -> 6 | H44: =F44*G44 -> 175000
H45: =F45*G45 -> 0
G46: SUBTOTAL | H46: =SUM(H43:H45) -> 323750
A48: VALOR TOTAL | H48: =ROUND(H23+H31+H39+H46,0) -> 3386719
A54: VoBo ARQ. LINA MARITZA BOCANEGRA QUINTERO | F54: ING. MIGUEL ANDRES CAPERA HERNANDEZ
A55: Secretaria de Planeación e Infraestructura | F55: Proyectó y elaboró

Sheet MED-008
A1: ANALISIS DE PRECIOS UNITARIOS
A3: SECRETARIA DE PLANEACIÓN E INFRAESTRUCTURA
A4: ALCALDÍA MUNICIPAL DE RIOBLANCO - TOLIMA
A6: OBJETO: | B6: =+PTO!D3 -> PAVIMENTACIÓN SECTORIAL DE LA CARRERA 5 ENTRE CALLES 2 Y 3 DEL MUNICIPIO DE RIOBLANCO TOLIMA
A9: ITEM | D9: =+_xlfn.XLOOKUP(D10,PTO!$D$4:$D$15,PTO!$C$4:$C$15) -> #N/A | E9: UNIDAD | F9: =+_xlfn.XLOOKUP($D$10,LIST[DESCRIPCIÓN],LIST[UNIDAD]) -> UND | G9: CANTIDAD | H9: 1
A10: DESCRIPCION | D10: SUMINISTRO E INSTALACION DE MAQUINA BIOSALUDABLE BICICLETA DE 0.9x0.6x1.5 M. CON CERTIFICADO TUV GS, ISO 9000 Y DEMAS NORMAS APLICABLES - INCLUYE TODO PARA SU CORRECTO FUNCIONAMIENTO
A13: I. MATERIALES
A14: DESCRIPCION | E14: UND | F14: CANT | G14: V. UNITARIO | H14: V. PARCIAL
A15: MAQUINA BIOSALUDABLE BICICLETA DE 0.9x0.6x1.5 CON CERTIFICADO TUV GS, ISO 9000 Y DEMAS NORMAS APLICABLES - INCLUYE TODO PARA SU CORRECTO FUNCIONAMIENTO. | E15: =IF($A15=0,0,VLOOKUP($A15,INS!$A$2:$E$137,2,FALSE)) -> UND | F15: 1 | G15: =IF($A15=0,0,VLOOKUP($A15,INS!$A$2:$G$137,6,FALSE)) -> 3495864 | H15: =+F15*G15 -> 3495864
A16: CONCRETO 3.000 PSI | E16: =IF($A16=0,0,VLOOKUP($A16,INS!$A$2:$E$137,2,FALSE)) -> M3 | F16: =0.6*0.6*0.8 -> 0.288 | G16: =IF($A16=0,0,VLOOKUP($A16,INS!$A$2:$G$137,6,FALSE)) -> 1111084 | H16: =+F16*G16 -> 319992.19
A17: CHAZO EXPANSIVO CONCRETO 1/2" | E17: =IF($A17=0,0,VLOOKUP($A17,INS!$A$2:$E$137,2,FALSE)) -> UND | F17: 6 | G17: =IF($A17=0,0,VLOOKUP($A17,INS!$A$2:$G$137,6,FALSE)) -> 3500 | H17: =+F17*G17 -> 21000
E18: =IF($A18=0,0,VLOOKUP($A18,INS!$A$2:$E$137,2,FALSE)) -> 0 | G18: =IF($A18=0,0,VLOOKUP($A18,INS!$A$2:$G$137,6,FALSE)) -> 0 | H18: =+F18*G18 -> 0
E19: =IF($A19=0,0,VLOOKUP($A19,INS!$A$2:$E$137,2,FALSE)) -> 0 | G19: =IF($A19=0,0,VLOOKUP($A19,INS!$A$2:$G$137,6,FALSE)) -> 0 | H19: =+F19*G19 -> 0
E20: =IF($A20=0,0,VLOOKUP($A20,INS!$A$2:$E$137,2,FALSE)) -> 0 | G20: =IF($A20=0,0,VLOOKUP($A20,INS!$A$2:$G$137,6,FALSE)) -> 0 | H20: =+F20*G20 -> 0
E21: =IF($A21=0,0,VLOOKUP($A21,INS!$A$2:$E$137,2,FALSE)) -> 0 | G21: =IF($A21=0,0,VLOOKUP($A21,INS!$A$2:$G$137,6,FALSE)) -> 0 | H21: =+F21*G21 -> 0
A22: Herramienta menor | E22: %M.O | F22: 0.05 | G22: =H46 -> 323750 | H22: =F22*G22 -> 16187.5
G23: SUBTOTAL | H23: =SUM(H15:H22) -> 3853043.7
A25: II. EQUIPO
A26: DESCRIPCION | D26: MARCA | E26: UND | F26: TARIFA/HORA | G26: RENDIMIENTO | H26: V. PARCIAL
F27: =IF($A27=0,0,VLOOKUP($A27,EQUI!$A$2:$E$6,3,FALSE)) -> 0 | G27: =+IF($A27=0,0,VLOOKUP($A27,EQUI!$A$2:$E$6,5,FALSE)) -> 0 | H27: =F27*G27 -> 0
F28: =IF($A28=0,0,VLOOKUP($A28,EQUI!$A$2:$E$6,3,FALSE)) -> 0 | G28: =+IF($A28=0,0,VLOOKUP($A28,EQUI!$A$2:$E$6,5,FALSE)) -> 0 | H28: =F28*G28 -> 0
G31: SUBTOTAL | H31: =SUM(H27:H30) -> 0
A33: III. TRANSPORTE
A34: MATERIAL | D34: VOL. O PESO (EXP) | E34: DISTANCIA (KM) | F34: CANT | G34: TARIFA | H34: V. PARCIAL
A35: TRANSPORTE EQUIPO BIOSALUDABLE | D35: =IF($A$35=0,0,VLOOKUP($A$35,TRANS!$A$2:$F$38,5,FALSE)) -> 1 | E35: =IF($A$35=0,0,VLOOKUP($A$35,TRANS!$A$2:$D$39,3,FALSE)) -> 195 | F35: =+F15 -> 1 | G35: =IF($A$35=0,0,VLOOKUP($A$35,TRANS!$A$2:$D$38,4,FALSE)) -> 1700 | H35: =+E35*F35*G35*D35 -> 331500
G39: SUBTOTAL | H39: =SUM(H35:H38) -> 331500
A41: IV. MANO DE OBRA
A42: DESCRIPCION | D42: V. HORA +PRESTACIONES | E42: CANTIDAD | F42: JORNAL TOTAL | G42: RENDIMIENTO HH | H42: V. PARCIAL
A43: OFICIAL A. | D43: =MO!F31/8 -> 24791.667 | E43: 1 | F43: =D43*E43 -> 24791.667 | G43: =+IF(AND($E$43=1,$E$44=1),_xlfn.XLOOKUP($D$10,REND[DESCRIPCIÓN],REND[RENDIMIENTO (1)]),IF(AND($E$43=1,$E$44=2),_xlfn.XLOOKUP($D$10,REND[DESCRIPCIÓN],REND[RENDIMIENTO (2)]),IF(AND($E$43=1,$E$44=3),_xlfn.XLOOKUP($D$10,REND[DESCRIPCIÓN],REND[RENDIMIENTO (3)]),IF(AND($E$43=1,$E$44=4),_xlfn.XLOOKUP($D$10,REND[DESCRIPCIÓN],REND[RENDIMIENTO (4)]),0)))) -> 6 | H43: =F43*G43 -> 148750
A44: AYUDANTE A. | D44: =MO!F14/8 -> 14583.333 | E44: 2 | F44: =D44*E44 -> 29166.667 | G44: =+IF(AND($E$43=1,$E$44=1),_xlfn.XLOOKUP($D$10,REND[DESCRIPCIÓN],REND[RENDIMIENTO (1)]),IF(AND($E$43=1,$E$44=2),_xlfn.XLOOKUP($D$10,REND[DESCRIPCIÓN],REND[RENDIMIENTO (2)]),IF(AND($E$43=1,$E$44=3),_xlfn.XLOOKUP($D$10,REND[DESCRIPCIÓN],REND[RENDIMIENTO (3)]),IF(AND($E$43=1,$E$44=4),_xlfn.XLOOKUP($D$10,REND[DESCRIPCIÓN],REND[RENDIMIENTO (4)]),0)))) -> 6 | H44: =F44*G44 -> 175000
H45: =F45*G45 -> 0
G46: SUBTOTAL | H46: =SUM(H43:H45) -> 323750
A48: VALOR TOTAL | H48: =ROUND(H23+H31+H39+H46,0) -> 4508294
A54: VoBo ARQ. LINA MARITZA BOCANEGRA QUINTERO | F54: ING. MIGUEL ANDRES CAPERA HERNANDEZ
A55: Secretaria de Planeación e Infraestructura | F55: Proyectó y elaboró

Sheet MED-007
A1: ANALISIS DE PRECIOS UNITARIOS
A3: SECRETARIA DE PLANEACIÓN E INFRAESTRUCTURA
A4: ALCALDÍA MUNICIPAL DE RIOBLANCO - TOLIMA
A6: OBJETO: | B6: =+PTO!D3 -> PAVIMENTACIÓN SECTORIAL DE LA CARRERA 5 ENTRE CALLES 2 Y 3 DEL MUNICIPIO DE RIOBLANCO TOLIMA
A9: ITEM | D9: =+_xlfn.XLOOKUP(D10,PTO!$D$4:$D$15,PTO!$C$4:$C$15) -> #N/A | E9: UNIDAD | F9: =+_xlfn.XLOOKUP($D$10,LIST[DESCRIPCIÓN],LIST[UNIDAD]) -> UND | G9: CANTIDAD | H9: 1
A10: DESCRIPCION | D10: SUMINISTRO E INSTALACION DE MAQUINA BIOSALUDABLE SURF DOBLE DE 1.1x0.9x1.3 M. CON CERTIFICADO TUV GS, ISO 9000 Y DEMAS NORMAS APLICABLES - INCLUYE TODO PARA SU CORRECTO FUNCIONAMIENTO
A13: I. MATERIALES
A14: DESCRIPCION | E14: UND | F14: CANT | G14: V. UNITARIO | H14: V. PARCIAL
A15: MAQUINA BIOSALUDABLE SURF DOBLE DE 1.1x0.9x1.3 CON CERTIFICADO TUV GS, ISO 9000 Y DEMAS NORMAS APLICABLES - INCLUYE TODO PARA SU CORRECTO FUNCIONAMIENTO. | E15: =IF($A15=0,0,VLOOKUP($A15,INS!$A$2:$E$137,2,FALSE)) -> UND | F15: 1 | G15: =IF($A15=0,0,VLOOKUP($A15,INS!$A$2:$G$137,6,FALSE)) -> 3318317 | H15: =+F15*G15 -> 3318317
A16: CONCRETO 3.000 PSI | E16: =IF($A16=0,0,VLOOKUP($A16,INS!$A$2:$E$137,2,FALSE)) -> M3 | F16: =0.6*0.6*0.8 -> 0.288 | G16: =IF($A16=0,0,VLOOKUP($A16,INS!$A$2:$G$137,6,FALSE)) -> 1111084 | H16: =+F16*G16 -> 319992.19
A17: CHAZO EXPANSIVO CONCRETO 1/2" | E17: =IF($A17=0,0,VLOOKUP($A17,INS!$A$2:$E$137,2,FALSE)) -> UND | F17: 6 | G17: =IF($A17=0,0,VLOOKUP($A17,INS!$A$2:$G$137,6,FALSE)) -> 3500 | H17: =+F17*G17 -> 21000
E18: =IF($A18=0,0,VLOOKUP($A18,INS!$A$2:$E$137,2,FALSE)) -> 0 | G18: =IF($A18=0,0,VLOOKUP($A18,INS!$A$2:$G$137,6,FALSE)) -> 0 | H18: =+F18*G18 -> 0
E19: =IF($A19=0,0,VLOOKUP($A19,INS!$A$2:$E$137,2,FALSE)) -> 0 | G19: =IF($A19=0,0,VLOOKUP($A19,INS!$A$2:$G$137,6,FALSE)) -> 0 | H19: =+F19*G19 -> 0
E20: =IF($A20=0,0,VLOOKUP($A20,INS!$A$2:$E$137,2,FALSE)) -> 0 | G20: =IF($A20=0,0,VLOOKUP($A20,INS!$A$2:$G$137,6,FALSE)) -> 0 | H20: =+F20*G20 -> 0
E21: =IF($A21=0,0,VLOOKUP($A21,INS!$A$2:$E$137,2,FALSE)) -> 0 | G21: =IF($A21=0,0,VLOOKUP($A21,INS!$A$2:$G$137,6,FALSE)) -> 0 | H21: =+F21*G21 -> 0
A22: Herramienta menor | E22: %M.O | F22: 0.05 | G22: =H46 -> 323750 | H22: =F22*G22 -> 16187.5
G23: SUBTOTAL | H23: =SUM(H15:H22) -> 3675496.7
A25: II. EQUIPO
A26: DESCRIPCION | D26: MARCA | E26: UND | F26: TARIFA/HORA | G26: RENDIMIENTO | H26: V. PARCIAL
F27: =IF($A27=0,0,VLOOKUP($A27,EQUI!$A$2:$E$6,3,FALSE)) -> 0 | G27: =+IF($A27=0,0,VLOOKUP($A27,EQUI!$A$2:$E$6,5,FALSE)) -> 0 | H27: =F27*G27 -> 0
F28: =IF($A28=0,0,VLOOKUP($A28,EQUI!$A$2:$E$6,3,FALSE)) -> 0 | G28: =+IF($A28=0,0,VLOOKUP($A28,EQUI!$A$2:$E$6,5,FALSE)) -> 0 | H28: =F28*G28 -> 0
G31: SUBTOTAL | H31: =SUM(H27:H30) -> 0
A33: III. TRANSPORTE
A34: MATERIAL | D34: VOL. O PESO (EXP) | E34: DISTANCIA (KM) | F34: CANT | G34: TARIFA | H34: V. PARCIAL
A35: TRANSPORTE EQUIPO BIOSALUDABLE | D35: =IF($A$35=0,0,VLOOKUP($A$35,TRANS!$A$2:$F$38,5,FALSE)) -> 1 | E35: =IF($A$35=0,0,VLOOKUP($A$35,TRANS!$A$2:$D$39,3,FALSE)) -> 195 | F35: =+F15 -> 1 | G35: =IF($A$35=0,0,VLOOKUP($A$35,TRANS!$A$2:$D$38,4,FALSE)) -> 1700 | H35: =+E35*F35*G35*D35 -> 331500
G39: SUBTOTAL | H39: =SUM(H35:H38) -> 331500
A41: IV. MANO DE OBRA
A42: DESCRIPCION | D42: V. HORA +PRESTACIONES | E42: CANTIDAD | F42: JORNAL TOTAL | G42: RENDIMIENTO HH | H42: V. PARCIAL
A43: OFICIAL A. | D43: =MO!F31/8 -> 24791.667 | E43: 1 | F43: =D43*E43 -> 24791.667 | G43: =+IF(AND($E$43=1,$E$44=1),_xlfn.XLOOKUP($D$10,REND[DESCRIPCIÓN],REND[RENDIMIENTO (1)]),IF(AND($E$43=1,$E$44=2),_xlfn.XLOOKUP($D$10,REND[DESCRIPCIÓN],REND[RENDIMIENTO (2)]),IF(AND($E$43=1,$E$44=3),_xlfn.XLOOKUP($D$10,REND[DESCRIPCIÓN],REND[RENDIMIENTO (3)]),IF(AND($E$43=1,$E$44=4),_xlfn.XLOOKUP($D$10,REND[DESCRIPCIÓN],REND[RENDIMIENTO (4)]),0)))) -> 6 | H43: =F43*G43 -> 148750
A44: AYUDANTE A. | D44: =MO!F14/8 -> 14583.333 | E44: 2 | F44: =D44*E44 -> 29166.667 | G44: =+IF(AND($E$43=1,$E$44=1),_xlfn.XLOOKUP($D$10,REND[DESCRIPCIÓN],REND[RENDIMIENTO (1)]),IF(AND($E$43=1,$E$44=2),_xlfn.XLOOKUP($D$10,REND[DESCRIPCIÓN],REND[RENDIMIENTO (2)]),IF(AND($E$43=1,$E$44=3),_xlfn.XLOOKUP($D$10,REND[DESCRIPCIÓN],REND[RENDIMIENTO (3)]),IF(AND($E$43=1,$E$44=4),_xlfn.XLOOKUP($D$10,REND[DESCRIPCIÓN],REND[RENDIMIENTO (4)]),0)))) -> 6 | H44: =F44*G44 -> 175000
H45: =F45*G45 -> 0
G46: SUBTOTAL | H46: =SUM(H43:H45) -> 323750
A48: VALOR TOTAL | H48: =ROUND(H23+H31+H39+H46,0) -> 4330747
A54: VoBo ARQ. LINA MARITZA BOCANEGRA QUINTERO | F54: ING. MIGUEL ANDRES CAPERA HERNANDEZ
A55: Secretaria de Planeación e Infraestructura | F55: Proyectó y elaboró

Sheet MED-006
A1: ANALISIS DE PRECIOS UNITARIOS
A3: SECRETARIA DE PLANEACIÓN E INFRAESTRUCTURA
A4: ALCALDÍA MUNICIPAL DE RIOBLANCO - TOLIMA
A6: OBJETO: | B6: =+PTO!D3 -> PAVIMENTACIÓN SECTORIAL DE LA CARRERA 5 ENTRE CALLES 2 Y 3 DEL MUNICIPIO DE RIOBLANCO TOLIMA
A9: ITEM | D9: =+_xlfn.XLOOKUP(D10,PTO!$D$4:$D$15,PTO!$C$4:$C$15) -> #N/A | E9: UNIDAD | F9: =+VLOOKUP($D$10,LIST!B3:C121,2,FALSE) -> UND | G9: CANTIDAD | H9: 1
A10: DESCRIPCION | D10: SUMINISTRO E INSTALACION DE MAQUINA BIOSALUDABLE COLUMPIO DOBLE DE 1.9x0.5x1.6 CON CERTIFICADO TUV GS, ISO 9000 Y DEMAS NORMAS APLICABLES - INCLUYE TODO PARA SU CORRECTO FUNCIONAMIENTO
A13: I. MATERIALES
A14: DESCRIPCION | E14: UND | F14: CANT | G14: V. UNITARIO | H14: V. PARCIAL
A15: MAQUINA BIOSALUDABLE COLUMPIO DOBLE DE 1.9x0.5x1.6 CON CERTIFICADO TUV GS, ISO 9000 Y DEMAS NORMAS APLICABLES - INCLUYE TODO PARA SU CORRECTO FUNCIONAMIENTO. | E15: =IF($A15=0,0,VLOOKUP($A15,INS!$A$2:$E$137,2,FALSE)) -> UND | F15: 1 | G15: =IF($A15=0,0,VLOOKUP($A15,INS!$A$2:$G$137,6,FALSE)) -> 4206652 | H15: =+F15*G15 -> 4206652
A16: CONCRETO 3.000 PSI | E16: =IF($A16=0,0,VLOOKUP($A16,INS!$A$2:$E$137,2,FALSE)) -> M3 | F16: =0.6*0.6*0.8 -> 0.288 | G16: =IF($A16=0,0,VLOOKUP($A16,INS!$A$2:$G$137,6,FALSE)) -> 1111084 | H16: =+F16*G16 -> 319992.19
A17: CHAZO EXPANSIVO CONCRETO 1/2" | E17: =IF($A17=0,0,VLOOKUP($A17,INS!$A$2:$E$137,2,FALSE)) -> UND | F17: 6 | G17: =IF($A17=0,0,VLOOKUP($A17,INS!$A$2:$G$137,6,FALSE)) -> 3500 | H17: =+F17*G17 -> 21000
E18: =IF($A18=0,0,VLOOKUP($A18,INS!$A$2:$E$137,2,FALSE)) -> 0 | G18: =IF($A18=0,0,VLOOKUP($A18,INS!$A$2:$G$137,6,FALSE)) -> 0 | H18: =+F18*G18 -> 0
E19: =IF($A19=0,0,VLOOKUP($A19,INS!$A$2:$E$137,2,FALSE)) -> 0 | G19: =IF($A19=0,0,VLOOKUP($A19,INS!$A$2:$G$137,6,FALSE)) -> 0 | H19: =+F19*G19 -> 0
E20: =IF($A20=0,0,VLOOKUP($A20,INS!$A$2:$E$137,2,FALSE)) -> 0 | G20: =IF($A20=0,0,VLOOKUP($A20,INS!$A$2:$G$137,6,FALSE)) -> 0 | H20: =+F20*G20 -> 0
E21: =IF($A21=0,0,VLOOKUP($A21,INS!$A$2:$E$137,2,FALSE)) -> 0 | G21: =IF($A21=0,0,VLOOKUP($A21,INS!$A$2:$G$137,6,FALSE)) -> 0 | H21: =+F21*G21 -> 0
A22: Herramienta menor | E22: %M.O | F22: 0.05 | G22: =H46 -> 323750 | H22: =F22*G22 -> 16187.5
G23: SUBTOTAL | H23: =SUM(H15:H22) -> 4563831.7
A25: II. EQUIPO
A26: DESCRIPCION | D26: MARCA | E26: UND | F26: TARIFA/HORA | G26: RENDIMIENTO | H26: V. PARCIAL
F27: =IF($A27=0,0,VLOOKUP($A27,EQUI!$A$2:$E$6,3,FALSE)) -> 0 | G27: =+IF($A27=0,0,VLOOKUP($A27,EQUI!$A$2:$E$6,5,FALSE)) -> 0 | H27: =F27*G27 -> 0
F28: =IF($A28=0,0,VLOOKUP($A28,EQUI!$A$2:$E$6,3,FALSE)) -> 0 | G28: =+IF($A28=0,0,VLOOKUP($A28,EQUI!$A$2:$E$6,5,FALSE)) -> 0 | H28: =F28*G28 -> 0
G31: SUBTOTAL | H31: =SUM(H27:H30) -> 0
A33: III. TRANSPORTE
A34: MATERIAL | D34: VOL. O PESO (EXP) | E34: DISTANCIA (KM) | F34: CANT | G34: TARIFA | H34: V. PARCIAL
A35: TRANSPORTE EQUIPO BIOSALUDABLE | D35: =IF($A$35=0,0,VLOOKUP($A$35,TRANS!$A$2:$F$38,5,FALSE)) -> 1 | E35: =IF($A$35=0,0,VLOOKUP($A$35,TRANS!$A$2:$D$39,3,FALSE)) -> 195 | F35: =+F15 -> 1 | G35: =IF($A$35=0,0,VLOOKUP($A$35,TRANS!$A$2:$D$38,4,FALSE)) -> 1700 | H35: =+E35*F35*G35*D35 -> 331500
G39: SUBTOTAL | H39: =SUM(H35:H38) -> 331500
A41: IV. MANO DE OBRA
A42: DESCRIPCION | D42: V. HORA +PRESTACIONES | E42: CANTIDAD | F42: JORNAL TOTAL | G42: RENDIMIENTO HH | H42: V. PARCIAL
A43: OFICIAL A. | D43: =MO!F31/8 -> 24791.667 | E43: 1 | F43: =D43*E43 -> 24791.667 | G43: =+IF(AND($E$43=1,$E$44=1),_xlfn.XLOOKUP($D$10,REND[DESCRIPCIÓN],REND[RENDIMIENTO (1)]),IF(AND($E$43=1,$E$44=2),_xlfn.XLOOKUP($D$10,REND[DESCRIPCIÓN],REND[RENDIMIENTO (2)]),IF(AND($E$43=1,$E$44=3),_xlfn.XLOOKUP($D$10,REND[DESCRIPCIÓN],REND[RENDIMIENTO (3)]),IF(AND($E$43=1,$E$44=4),_xlfn.XLOOKUP($D$10,REND[DESCRIPCIÓN],REND[RENDIMIENTO (4)]),0)))) -> 6 | H43: =F43*G43 -> 148750
A44: AYUDANTE A. | D44: =MO!F14/8 -> 14583.333 | E44: 2 | F44: =D44*E44 -> 29166.667 | G44: =+IF(AND($E$43=1,$E$44=1),_xlfn.XLOOKUP($D$10,REND[DESCRIPCIÓN],REND[RENDIMIENTO (1)]),IF(AND($E$43=1,$E$44=2),_xlfn.XLOOKUP($D$10,REND[DESCRIPCIÓN],REND[RENDIMIENTO (2)]),IF(AND($E$43=1,$E$44=3),_xlfn.XLOOKUP($D$10,REND[DESCRIPCIÓN],REND[RENDIMIENTO (3)]),IF(AND($E$43=1,$E$44=4),_xlfn.XLOOKUP($D$10,REND[DESCRIPCIÓN],REND[RENDIMIENTO (4)]),0)))) -> 6 | H44: =F44*G44 -> 175000
H45: =F45*G45 -> 0
G46: SUBTOTAL | H46: =SUM(H43:H45) -> 323750
A48: VALOR TOTAL | H48: =ROUND(H23+H31+H39+H46,0) -> 5219082
A54: VoBo ARQ. LINA MARITZA BOCANEGRA QUINTERO | F54: ING. MIGUEL ANDRES CAPERA HERNANDEZ
A55: Secretaria de Planeación e Infraestructura | F55: Proyectó y elaboró

Sheet MED-005
A1: ANALISIS DE PRECIOS UNITARIOS
A3: SECRETARIA DE PLANEACIÓN E INFRAESTRUCTURA
A4: ALCALDÍA MUNICIPAL DE RIOBLANCO - TOLIMA
A6: OBJETO: | B6: =+PTO!D3 -> PAVIMENTACIÓN SECTORIAL DE LA CARRERA 5 ENTRE CALLES 2 Y 3 DEL MUNICIPIO DE RIOBLANCO TOLIMA
A9: ITEM | D9: =+_xlfn.XLOOKUP(D10,PTO!$D$4:$D$15,PTO!$C$4:$C$15) -> #N/A | E9: UNIDAD | F9: =+VLOOKUP($D$10,LIST!B3:C121,2,FALSE) -> UND | G9: CANTIDAD | H9: 1
A10: DESCRIPCION | D10: SUMINISTRO E INSTALACION DE MAQUINA BIOSALUDABLE ELIPTICA DE 1.0x0.5x1.7 CON CERTIFICADO TUV GS, ISO 9000 Y DEMAS NORMAS APLICABLES - INCLUYE TODO PARA SU CORRECTO FUNCIONAMIENTO.
A13: I. MATERIALES
A14: DESCRIPCION | E14: UND | F14: CANT | G14: V. UNITARIO | H14: V. PARCIAL
A15: MAQUINA BIOSALUDABLE ELIPTICA DE 1.0x0.5x1.7 CON CERTIFICADO TUV GS, ISO 9000 Y DEMAS NORMAS APLICABLES - INCLUYE TODO PARA SU CORRECTO FUNCIONAMIENTO. | E15: =IF($A15=0,0,VLOOKUP($A15,INS!$A$2:$E$137,2,FALSE)) -> UND | F15: 1 | G15: =IF($A15=0,0,VLOOKUP($A15,INS!$A$2:$G$137,6,FALSE)) -> 3303679 | H15: =+F15*G15 -> 3303679
A16: CONCRETO 3.000 PSI | E16: =IF($A16=0,0,VLOOKUP($A16,INS!$A$2:$E$137,2,FALSE)) -> M3 | F16: =0.6*0.6*0.8 -> 0.288 | G16: =IF($A16=0,0,VLOOKUP($A16,INS!$A$2:$G$137,6,FALSE)) -> 1111084 | H16: =+F16*G16 -> 319992.19
A17: CHAZO EXPANSIVO CONCRETO 1/2" | E17: =IF($A17=0,0,VLOOKUP($A17,INS!$A$2:$E$137,2,FALSE)) -> UND | F17: 6 | G17: =IF($A17=0,0,VLOOKUP($A17,INS!$A$2:$G$137,6,FALSE)) -> 3500 | H17: =+F17*G17 -> 21000
E18: =IF($A18=0,0,VLOOKUP($A18,INS!$A$2:$E$137,2,FALSE)) -> 0 | G18: =IF($A18=0,0,VLOOKUP($A18,INS!$A$2:$G$137,6,FALSE)) -> 0 | H18: =+F18*G18 -> 0
E19: =IF($A19=0,0,VLOOKUP($A19,INS!$A$2:$E$137,2,FALSE)) -> 0 | G19: =IF($A19=0,0,VLOOKUP($A19,INS!$A$2:$G$137,6,FALSE)) -> 0 | H19: =+F19*G19 -> 0
E20: =IF($A20=0,0,VLOOKUP($A20,INS!$A$2:$E$137,2,FALSE)) -> 0 | G20: =IF($A20=0,0,VLOOKUP($A20,INS!$A$2:$G$137,6,FALSE)) -> 0 | H20: =+F20*G20 -> 0
E21: =IF($A21=0,0,VLOOKUP($A21,INS!$A$2:$E$137,2,FALSE)) -> 0 | G21: =IF($A21=0,0,VLOOKUP($A21,INS!$A$2:$G$137,6,FALSE)) -> 0 | H21: =+F21*G21 -> 0
A22: Herramienta menor | E22: %M.O | F22: 0.05 | G22: =H46 -> 323750 | H22: =F22*G22 -> 16187.5
G23: SUBTOTAL | H23: =SUM(H15:H22) -> 3660858.7
A25: II. EQUIPO
A26: DESCRIPCION | D26: MARCA | E26: UND | F26: TARIFA/HORA | G26: RENDIMIENTO | H26: V. PARCIAL
F27: =IF($A27=0,0,VLOOKUP($A27,EQUI!$A$2:$E$6,3,FALSE)) -> 0 | G27: =+IF($A27=0,0,VLOOKUP($A27,EQUI!$A$2:$E$6,5,FALSE)) -> 0 | H27: =F27*G27 -> 0
F28: =IF($A28=0,0,VLOOKUP($A28,EQUI!$A$2:$E$6,3,FALSE)) -> 0 | G28: =+IF($A28=0,0,VLOOKUP($A28,EQUI!$A$2:$E$6,5,FALSE)) -> 0 | H28: =F28*G28 -> 0
G31: SUBTOTAL | H31: =SUM(H27:H30) -> 0
A33: III. TRANSPORTE
A34: MATERIAL | D34: VOL. O PESO (EXP) | E34: DISTANCIA (KM) | F34: CANT | G34: TARIFA | H34: V. PARCIAL
A35: TRANSPORTE EQUIPO BIOSALUDABLE | D35: =IF($A$35=0,0,VLOOKUP($A$35,TRANS!$A$2:$F$38,5,FALSE)) -> 1 | E35: =IF($A$35=0,0,VLOOKUP($A$35,TRANS!$A$2:$D$39,3,FALSE)) -> 195 | F35: =+F15 -> 1 | G35: =IF($A$35=0,0,VLOOKUP($A$35,TRANS!$A$2:$D$38,4,FALSE)) -> 1700 | H35: =+E35*F35*G35*D35 -> 331500
G39: SUBTOTAL | H39: =SUM(H35:H38) -> 331500
A41: IV. MANO DE OBRA
A42: DESCRIPCION | D42: V. HORA +PRESTACIONES | E42: CANTIDAD | F42: JORNAL TOTAL | G42: RENDIMIENTO HH | H42: V. PARCIAL
A43: OFICIAL A. | D43: =MO!F31/8 -> 24791.667 | E43: 1 | F43: =D43*E43 -> 24791.667 | G43: =+IF(AND($E$43=1,$E$44=1),_xlfn.XLOOKUP($D$10,REND[DESCRIPCIÓN],REND[RENDIMIENTO (1)]),IF(AND($E$43=1,$E$44=2),_xlfn.XLOOKUP($D$10,REND[DESCRIPCIÓN],REND[RENDIMIENTO (2)]),IF(AND($E$43=1,$E$44=3),_xlfn.XLOOKUP($D$10,REND[DESCRIPCIÓN],REND[RENDIMIENTO (3)]),IF(AND($E$43=1,$E$44=4),_xlfn.XLOOKUP($D$10,REND[DESCRIPCIÓN],REND[RENDIMIENTO (4)]),0)))) -> 6 | H43: =F43*G43 -> 148750
A44: AYUDANTE A. | D44: =MO!F14/8 -> 14583.333 | E44: 2 | F44: =D44*E44 -> 29166.667 | G44: =+IF(AND($E$43=1,$E$44=1),_xlfn.XLOOKUP($D$10,REND[DESCRIPCIÓN],REND[RENDIMIENTO (1)]),IF(AND($E$43=1,$E$44=2),_xlfn.XLOOKUP($D$10,REND[DESCRIPCIÓN],REND[RENDIMIENTO (2)]),IF(AND($E$43=1,$E$44=3),_xlfn.XLOOKUP($D$10,REND[DESCRIPCIÓN],REND[RENDIMIENTO (3)]),IF(AND($E$43=1,$E$44=4),_xlfn.XLOOKUP($D$10,REND[DESCRIPCIÓN],REND[RENDIMIENTO (4)]),0)))) -> 6 | H44: =F44*G44 -> 175000
H45: =F45*G45 -> 0
G46: SUBTOTAL | H46: =SUM(H43:H45) -> 323750
A48: VALOR TOTAL | H48: =ROUND(H23+H31+H39+H46,0) -> 4316109
A54: VoBo ARQ. LINA MARITZA BOCANEGRA QUINTERO | F54: ING. MIGUEL ANDRES CAPERA HERNANDEZ
A55: Secretaria de Planeación e Infraestructura | F55: Proyectó y elaboró

Sheet MED-004
A1: ANALISIS DE PRECIOS UNITARIOS
A3: SECRETARIA DE PLANEACIÓN E INFRAESTRUCTURA
A4: ALCALDÍA MUNICIPAL DE RIOBLANCO - TOLIMA
A6: OBJETO: | B6: =+PTO!D3 -> PAVIMENTACIÓN SECTORIAL DE LA CARRERA 5 ENTRE CALLES 2 Y 3 DEL MUNICIPIO DE RIOBLANCO TOLIMA
A9: ITEM | D9: =+_xlfn.XLOOKUP(D10,PTO!$D$4:$D$15,PTO!$C$4:$C$15) -> #N/A | E9: UNIDAD | F9: =+VLOOKUP($D$10,LIST!B3:C121,2,FALSE) -> UND | G9: CANTIDAD | H9: 1
A10: DESCRIPCION | D10: SUMINISTRO E INSTALACION DE MAQUINA BIOSALUDABLE REMO DE 1.5x1.0x1,0 CON CERTIFICADO TUV GS, ISO 9000 Y DEMAS NORMAS APLICABLES - INCLUYE TODO PARA SU CORRECTO FUNCIONAMIENTO.
A13: I. MATERIALES
A14: DESCRIPCION | E14: UND | F14: CANT | G14: V. UNITARIO | H14: V. PARCIAL
A15: MAQUINA BIOSALUDABLE REMO DE 1.5x1.0x1,0 CON CERTIFICADO TUV GS, ISO 9000 Y DEMAS NORMAS APLICABLES - INCLUYE TODO PARA SU CORRECTO FUNCIONAMIENTO. | E15: =IF($A15=0,0,VLOOKUP($A15,INS!$A$2:$E$137,2,FALSE)) -> UND | F15: 1 | G15: =IF($A15=0,0,VLOOKUP($A15,INS!$A$2:$G$137,6,FALSE)) -> 3439697 | H15: =+F15*G15 -> 3439697
A16: CONCRETO 3.000 PSI | E16: =IF($A16=0,0,VLOOKUP($A16,INS!$A$2:$E$137,2,FALSE)) -> M3 | F16: =0.6*0.6*0.8 -> 0.288 | G16: =IF($A16=0,0,VLOOKUP($A16,INS!$A$2:$G$137,6,FALSE)) -> 1111084 | H16: =+F16*G16 -> 319992.19
A17: CHAZO EXPANSIVO CONCRETO 1/2" | E17: =IF($A17=0,0,VLOOKUP($A17,INS!$A$2:$E$137,2,FALSE)) -> UND | F17: 6 | G17: =IF($A17=0,0,VLOOKUP($A17,INS!$A$2:$G$137,6,FALSE)) -> 3500 | H17: =+F17*G17 -> 21000
E18: =IF($A18=0,0,VLOOKUP($A18,INS!$A$2:$E$137,2,FALSE)) -> 0 | G18: =IF($A18=0,0,VLOOKUP($A18,INS!$A$2:$G$137,6,FALSE)) -> 0 | H18: =+F18*G18 -> 0
E19: =IF($A19=0,0,VLOOKUP($A19,INS!$A$2:$E$137,2,FALSE)) -> 0 | G19: =IF($A19=0,0,VLOOKUP($A19,INS!$A$2:$G$137,6,FALSE)) -> 0 | H19: =+F19*G19 -> 0
E20: =IF($A20=0,0,VLOOKUP($A20,INS!$A$2:$E$137,2,FALSE)) -> 0 | G20: =IF($A20=0,0,VLOOKUP($A20,INS!$A$2:$G$137,6,FALSE)) -> 0 | H20: =+F20*G20 -> 0
E21: =IF($A21=0,0,VLOOKUP($A21,INS!$A$2:$E$137,2,FALSE)) -> 0 | G21: =IF($A21=0,0,VLOOKUP($A21,INS!$A$2:$G$137,6,FALSE)) -> 0 | H21: =+F21*G21 -> 0
A22: Herramienta menor | E22: %M.O | F22: 0.05 | G22: =H46 -> 323750 | H22: =F22*G22 -> 16187.5
G23: SUBTOTAL | H23: =SUM(H15:H22) -> 3796876.7
A25: II. EQUIPO
A26: DESCRIPCION | D26: MARCA | E26: UND | F26: TARIFA/HORA | G26: RENDIMIENTO | H26: V. PARCIAL
F27: =IF($A27=0,0,VLOOKUP($A27,EQUI!$A$2:$E$6,3,FALSE)) -> 0 | G27: =+IF($A27=0,0,VLOOKUP($A27,EQUI!$A$2:$E$6,5,FALSE)) -> 0 | H27: =F27*G27 -> 0
F28: =IF($A28=0,0,VLOOKUP($A28,EQUI!$A$2:$E$6,3,FALSE)) -> 0 | G28: =+IF($A28=0,0,VLOOKUP($A28,EQUI!$A$2:$E$6,5,FALSE)) -> 0 | H28: =F28*G28 -> 0
G31: SUBTOTAL | H31: =SUM(H27:H30) -> 0
A33: III. TRANSPORTE
A34: MATERIAL | D34: VOL. O PESO (EXP) | E34: DISTANCIA (KM) | F34: CANT | G34: TARIFA | H34: V. PARCIAL
A35: TRANSPORTE EQUIPO BIOSALUDABLE | D35: =IF($A$35=0,0,VLOOKUP($A$35,TRANS!$A$2:$F$38,5,FALSE)) -> 1 | E35: =IF($A$35=0,0,VLOOKUP($A$35,TRANS!$A$2:$D$39,3,FALSE)) -> 195 | F35: =+F15 -> 1 | G35: =IF($A$35=0,0,VLOOKUP($A$35,TRANS!$A$2:$D$38,4,FALSE)) -> 1700 | H35: =+E35*F35*G35*D35 -> 331500
G39: SUBTOTAL | H39: =SUM(H35:H38) -> 331500
A41: IV. MANO DE OBRA
A42: DESCRIPCION | D42: V. HORA +PRESTACIONES | E42: CANTIDAD | F42: JORNAL TOTAL | G42: RENDIMIENTO HH | H42: V. PARCIAL
A43: OFICIAL A. | D43: =MO!F31/8 -> 24791.667 | E43: 1 | F43: =D43*E43 -> 24791.667 | G43: =+IF(AND($E$43=1,$E$44=1),_xlfn.XLOOKUP($D$10,REND[DESCRIPCIÓN],REND[RENDIMIENTO (1)]),IF(AND($E$43=1,$E$44=2),_xlfn.XLOOKUP($D$10,REND[DESCRIPCIÓN],REND[RENDIMIENTO (2)]),IF(AND($E$43=1,$E$44=3),_xlfn.XLOOKUP($D$10,REND[DESCRIPCIÓN],REND[RENDIMIENTO (3)]),IF(AND($E$43=1,$E$44=4),_xlfn.XLOOKUP($D$10,REND[DESCRIPCIÓN],REND[RENDIMIENTO (4)]),0)))) -> 6 | H43: =F43*G43 -> 148750
A44: AYUDANTE A. | D44: =MO!F14/8 -> 14583.333 | E44: 2 | F44: =D44*E44 -> 29166.667 | G44: =+IF(AND($E$43=1,$E$44=1),_xlfn.XLOOKUP($D$10,REND[DESCRIPCIÓN],REND[RENDIMIENTO (1)]),IF(AND($E$43=1,$E$44=2),_xlfn.XLOOKUP($D$10,REND[DESCRIPCIÓN],REND[RENDIMIENTO (2)]),IF(AND($E$43=1,$E$44=3),_xlfn.XLOOKUP($D$10,REND[DESCRIPCIÓN],REND[RENDIMIENTO (3)]),IF(AND($E$43=1,$E$44=4),_xlfn.XLOOKUP($D$10,REND[DESCRIPCIÓN],REND[RENDIMIENTO (4)]),0)))) -> 6 | H44: =F44*G44 -> 175000
H45: =F45*G45 -> 0
G46: SUBTOTAL | H46: =SUM(H43:H45) -> 323750
A48: VALOR TOTAL | H48: =ROUND(H23+H31+H39+H46,0) -> 4452127
A54: VoBo ARQ. LINA MARITZA BOCANEGRA QUINTERO | F54: ING. MIGUEL ANDRES CAPERA HERNANDEZ
A55: Secretaria de Planeación e Infraestructura | F55: Proyectó y elaboró

Sheet MED-003
A1: ANALISIS DE PRECIOS UNITARIOS
A3: SECRETARIA DE PLANEACIÓN E INFRAESTRUCTURA
A4: ALCALDÍA MUNICIPAL DE RIOBLANCO - TOLIMA
A6: OBJETO: | B6: =+PTO!D3 -> PAVIMENTACIÓN SECTORIAL DE LA CARRERA 5 ENTRE CALLES 2 Y 3 DEL MUNICIPIO DE RIOBLANCO TOLIMA
A9: ITEM | D9: =+_xlfn.XLOOKUP(D10,PTO!$D$4:$D$15,PTO!$C$4:$C$15) -> #N/A | E9: UNIDAD | F9: =+VLOOKUP($D$10,LIST!B3:C121,2,FALSE) -> UND | G9: CANTIDAD | H9: 1
A10: DESCRIPCION | D10: SUMINISTRO E INSTALACION DE MAQUINA BIOSALUDABLE DOBLE ABDOMINAL DE 1.5x1.0x1.0 CON CERTIFICADO TUV GS, ISO 9000 Y DEMAS NORMAS APLICABLES - INCLUYE TODO PARA SU CORRECTO FUNCIONAMIENTO.
A13: I. MATERIALES
A14: DESCRIPCION | E14: UND | F14: CANT | G14: V. UNITARIO | H14: V. PARCIAL
A15: MAQUINA BIOSALUDABLE BANCO DOBLE ABDOMINAL DE 1.9x1.2x0,7 CON CERTIFICADO TUV GS, ISO 9000 Y DEMAS NORMAS APLICABLES - INCLUYE TODO PARA SU CORRECTO FUNCIONAMIENTO. | E15: =IF($A15=0,0,VLOOKUP($A15,INS!$A$2:$E$137,2,FALSE)) -> UND | F15: 1 | G15: =IF($A15=0,0,VLOOKUP($A15,INS!$A$2:$G$137,6,FALSE)) -> 3891302 | H15: =+F15*G15 -> 3891302
A16: CONCRETO 3.000 PSI | E16: =IF($A16=0,0,VLOOKUP($A16,INS!$A$2:$E$137,2,FALSE)) -> M3 | F16: =0.6*0.6*0.8 -> 0.288 | G16: =IF($A16=0,0,VLOOKUP($A16,INS!$A$2:$G$137,6,FALSE)) -> 1111084 | H16: =+F16*G16 -> 319992.19
A17: CHAZO EXPANSIVO CONCRETO 1/2" | E17: =IF($A17=0,0,VLOOKUP($A17,INS!$A$2:$E$137,2,FALSE)) -> UND | F17: 6 | G17: =IF($A17=0,0,VLOOKUP($A17,INS!$A$2:$G$137,6,FALSE)) -> 3500 | H17: =+F17*G17 -> 21000
E18: =IF($A18=0,0,VLOOKUP($A18,INS!$A$2:$E$137,2,FALSE)) -> 0 | G18: =IF($A18=0,0,VLOOKUP($A18,INS!$A$2:$G$137,6,FALSE)) -> 0 | H18: =+F18*G18 -> 0
E19: =IF($A19=0,0,VLOOKUP($A19,INS!$A$2:$E$137,2,FALSE)) -> 0 | G19: =IF($A19=0,0,VLOOKUP($A19,INS!$A$2:$G$137,6,FALSE)) -> 0 | H19: =+F19*G19 -> 0
E20: =IF($A20=0,0,VLOOKUP($A20,INS!$A$2:$E$137,2,FALSE)) -> 0 | G20: =IF($A20=0,0,VLOOKUP($A20,INS!$A$2:$G$137,6,FALSE)) -> 0 | H20: =+F20*G20 -> 0
E21: =IF($A21=0,0,VLOOKUP($A21,INS!$A$2:$E$137,2,FALSE)) -> 0 | G21: =IF($A21=0,0,VLOOKUP($A21,INS!$A$2:$G$137,6,FALSE)) -> 0 | H21: =+F21*G21 -> 0
A22: Herramienta menor | E22: %M.O | F22: 0.05 | G22: =H46 -> 323750 | H22: =F22*G22 -> 16187.5
G23: SUBTOTAL | H23: =SUM(H15:H22) -> 4248481.7
A25: II. EQUIPO
A26: DESCRIPCION | D26: MARCA | E26: UND | F26: TARIFA/HORA | G26: RENDIMIENTO | H26: V. PARCIAL
F27: =IF($A27=0,0,VLOOKUP($A27,EQUI!$A$2:$E$6,3,FALSE)) -> 0 | G27: =+IF($A27=0,0,VLOOKUP($A27,EQUI!$A$2:$E$6,5,FALSE)) -> 0 | H27: =F27*G27 -> 0
F28: =IF($A28=0,0,VLOOKUP($A28,EQUI!$A$2:$E$6,3,FALSE)) -> 0 | G28: =+IF($A28=0,0,VLOOKUP($A28,EQUI!$A$2:$E$6,5,FALSE)) -> 0 | H28: =F28*G28 -> 0
G31: SUBTOTAL | H31: =SUM(H27:H30) -> 0
A33: III. TRANSPORTE
A34: MATERIAL | D34: VOL. O PESO (EXP) | E34: DISTANCIA (KM) | F34: CANT | G34: TARIFA | H34: V. PARCIAL
A35: TRANSPORTE EQUIPO BIOSALUDABLE | D35: =IF($A$35=0,0,VLOOKUP($A$35,TRANS!$A$2:$F$38,5,FALSE)) -> 1 | E35: =IF($A$35=0,0,VLOOKUP($A$35,TRANS!$A$2:$D$39,3,FALSE)) -> 195 | F35: =+F15 -> 1 | G35: =IF($A$35=0,0,VLOOKUP($A$35,TRANS!$A$2:$D$38,4,FALSE)) -> 1700 | H35: =+E35*F35*G35*D35 -> 331500
G39: SUBTOTAL | H39: =SUM(H35:H38) -> 331500
A41: IV. MANO DE OBRA
A42: DESCRIPCION | D42: V. HORA +PRESTACIONES | E42: CANTIDAD | F42: JORNAL TOTAL | G42: RENDIMIENTO HH | H42: V. PARCIAL
A43: OFICIAL A. | D43: =MO!F31/8 -> 24791.667 | E43: 1 | F43: =D43*E43 -> 24791.667 | G43: =+IF(AND($E$43=1,$E$44=1),_xlfn.XLOOKUP($D$10,REND[DESCRIPCIÓN],REND[RENDIMIENTO (1)]),IF(AND($E$43=1,$E$44=2),_xlfn.XLOOKUP($D$10,REND[DESCRIPCIÓN],REND[RENDIMIENTO (2)]),IF(AND($E$43=1,$E$44=3),_xlfn.XLOOKUP($D$10,REND[DESCRIPCIÓN],REND[RENDIMIENTO (3)]),IF(AND($E$43=1,$E$44=4),_xlfn.XLOOKUP($D$10,REND[DESCRIPCIÓN],REND[RENDIMIENTO (4)]),0)))) -> 6 | H43: =F43*G43 -> 148750
A44: AYUDANTE A. | D44: =MO!F14/8 -> 14583.333 | E44: 2 | F44: =D44*E44 -> 29166.667 | G44: =+IF(AND($E$43=1,$E$44=1),_xlfn.XLOOKUP($D$10,REND[DESCRIPCIÓN],REND[RENDIMIENTO (1)]),IF(AND($E$43=1,$E$44=2),_xlfn.XLOOKUP($D$10,REND[DESCRIPCIÓN],REND[RENDIMIENTO (2)]),IF(AND($E$43=1,$E$44=3),_xlfn.XLOOKUP($D$10,REND[DESCRIPCIÓN],REND[RENDIMIENTO (3)]),IF(AND($E$43=1,$E$44=4),_xlfn.XLOOKUP($D$10,REND[DESCRIPCIÓN],REND[RENDIMIENTO (4)]),0)))) -> 6 | H44: =F44*G44 -> 175000
H45: =F45*G45 -> 0
G46: SUBTOTAL | H46: =SUM(H43:H45) -> 323750
A48: VALOR TOTAL | H48: =ROUND(H23+H31+H39+H46,0) -> 4903732
A54: VoBo ARQ. LINA MARITZA BOCANEGRA QUINTERO | F54: ING. MIGUEL ANDRES CAPERA HERNANDEZ
A55: Secretaria de Planeación e Infraestructura | F55: Proyectó y elaboró

Sheet MED-002
A1: ANALISIS DE PRECIOS UNITARIOS
A3: SECRETARIA DE PLANEACIÓN E INFRAESTRUCTURA
A4: ALCALDÍA MUNICIPAL DE RIOBLANCO - TOLIMA
A6: OBJETO: | B6: =+PTO!D3 -> PAVIMENTACIÓN SECTORIAL DE LA CARRERA 5 ENTRE CALLES 2 Y 3 DEL MUNICIPIO DE RIOBLANCO TOLIMA
A9: ITEM | D9: =+_xlfn.XLOOKUP(D10,PTO!$D$4:$D$15,PTO!$C$4:$C$15) -> #N/A | E9: UNIDAD | F9: =+VLOOKUP($D$10,LIST!B3:C80,2,FALSE) -> #N/A | G9: CANTIDAD | H9: 1
A10: DESCRIPCION | D10: PARQUE INFANTIL DE PLATAFORMAS CON TUNEL COMUNICANTE, RODADERO CERRADO, ESPIRAL Y DOBLE, ESCALERAS METALICAS DE ACCESO, COLUMPIOS, DOS TECHOS Y ACCESORIOS. AREA (9X6,40MTS)
A13: I. MATERIALES
A14: DESCRIPCION | E14: UND | F14: CANT | G14: V. UNITARIO | H14: V. PARCIAL
A15: PARQUE INFANTIL DE PLATAFORMAS CON TUNEL COMUNICANTE, RODADERO CERRADO, ESPIRAL Y DOBLE, ESCALERAS METALICAS DE ACCESO, COLUMPIOS, DOS TECHOS Y ACCESORIOS. AREA (9X6,40MTS) | E15: =IF($A15=0,0,VLOOKUP($A15,INS!$A$2:$E$137,2,FALSE)) -> UND | F15: 1 | G15: =IF($A15=0,0,VLOOKUP($A15,INS!$A$2:$G$137,6,FALSE)) -> 20825000 | H15: =+F15*G15 -> 20825000
E16: =IF($A16=0,0,VLOOKUP($A16,INS!$A$2:$E$137,2,FALSE)) -> 0 | F16: 4 | G16: =IF($A16=0,0,VLOOKUP($A16,INS!$A$2:$G$137,6,FALSE)) -> 0 | H16: =+F16*G16 -> 0
E17: =IF($A17=0,0,VLOOKUP($A17,INS!$A$2:$E$137,2,FALSE)) -> 0 | G17: =IF($A17=0,0,VLOOKUP($A17,INS!$A$2:$G$137,6,FALSE)) -> 0 | H17: =+F17*G17 -> 0
E18: =IF($A18=0,0,VLOOKUP($A18,INS!$A$2:$E$137,2,FALSE)) -> 0 | G18: =IF($A18=0,0,VLOOKUP($A18,INS!$A$2:$G$137,6,FALSE)) -> 0 | H18: =+F18*G18 -> 0
E19: =IF($A19=0,0,VLOOKUP($A19,INS!$A$2:$E$137,2,FALSE)) -> 0 | G19: =IF($A19=0,0,VLOOKUP($A19,INS!$A$2:$G$137,6,FALSE)) -> 0 | H19: =+F19*G19 -> 0
E20: =IF($A20=0,0,VLOOKUP($A20,INS!$A$2:$E$137,2,FALSE)) -> 0 | G20: =IF($A20=0,0,VLOOKUP($A20,INS!$A$2:$G$137,6,FALSE)) -> 0 | H20: =+F20*G20 -> 0
E21: =IF($A21=0,0,VLOOKUP($A21,INS!$A$2:$E$137,2,FALSE)) -> 0 | G21: =IF($A21=0,0,VLOOKUP($A21,INS!$A$2:$G$137,6,FALSE)) -> 0 | H21: =+F21*G21 -> 0
A22: Herramienta menor | E22: %M.O | F22: 0.05 | G22: =H46 -> 548333.33 | H22: =F22*G22 -> 27416.667
G23: SUBTOTAL | H23: =SUM(H15:H22) -> 20852417
A25: II. EQUIPO
A26: DESCRIPCION | D26: MARCA | E26: UND | F26: TARIFA/HORA | G26: RENDIMIENTO | H26: V. PARCIAL
F27: =IF($A27=0,0,VLOOKUP($A27,EQUI!$A$2:$E$6,3,FALSE)) -> 0 | G27: =+IF($A27=0,0,VLOOKUP($A27,EQUI!$A$2:$E$6,5,FALSE)) -> 0 | H27: =F27*G27 -> 0
F28: =IF($A28=0,0,VLOOKUP($A28,EQUI!$A$2:$E$6,3,FALSE)) -> 0 | G28: =+IF($A28=0,0,VLOOKUP($A28,EQUI!$A$2:$E$6,5,FALSE)) -> 0 | H28: =F28*G28 -> 0
G31: SUBTOTAL | H31: =SUM(H27:H30) -> 0
A33: III. TRANSPORTE
A34: MATERIAL | D34: VOL. O PESO (EXP) | E34: DISTANCIA (KM) | F34: CANT | G34: TARIFA | H34: V. PARCIAL
A35: TRANSPORTE PARQUE INFANTIL (9*6,4) | D35: =IF($A$35=0,0,VLOOKUP($A$35,TRANS!$A$2:$F$38,5,FALSE)) -> 1 | E35: =IF($A$35=0,0,VLOOKUP($A$35,TRANS!$A$2:$D$39,3,FALSE)) -> 195 | F35: =+F15 -> 1 | G35: =IF($A$35=0,0,VLOOKUP($A$35,TRANS!$A$2:$D$38,4,FALSE)) -> 3600 | H35: =+E35*F35*G35*D35 -> 702000
G39: SUBTOTAL | H39: =SUM(H35:H38) -> 702000
A41: IV. MANO DE OBRA
A42: DESCRIPCION | D42: V. HORA +PRESTACIONES | E42: CANTIDAD | F42: JORNAL TOTAL | G42: RENDIMIENTO HH | H42: V. PARCIAL
A43: OFICIAL A. | D43: =MO!F31/8 -> 24791.667 | E43: 1 | F43: =D43*E43 -> 24791.667 | G43: =+IF(AND($E$43=1,$E$44=1),_xlfn.XLOOKUP($D$10,REND[DESCRIPCIÓN],REND[RENDIMIENTO (1)]),IF(AND($E$43=1,$E$44=2),_xlfn.XLOOKUP($D$10,REND[DESCRIPCIÓN],REND[RENDIMIENTO (2)]),IF(AND($E$43=1,$E$44=3),_xlfn.XLOOKUP($D$10,REND[DESCRIPCIÓN],REND[RENDIMIENTO (3)]),IF(AND($E$43=1,$E$44=4),_xlfn.XLOOKUP($D$10,REND[DESCRIPCIÓN],REND[RENDIMIENTO (4)]),0)))) -> 8 | H43: =F43*G43 -> 198333.33
A44: AYUDANTE A. | D44: =MO!F14/8 -> 14583.333 | E44: 3 | F44: =D44*E44 -> 43750 | G44: =+IF(AND($E$43=1,$E$44=1),_xlfn.XLOOKUP($D$10,REND[DESCRIPCIÓN],REND[RENDIMIENTO (1)]),IF(AND($E$43=1,$E$44=2),_xlfn.XLOOKUP($D$10,REND[DESCRIPCIÓN],REND[RENDIMIENTO (2)]),IF(AND($E$43=1,$E$44=3),_xlfn.XLOOKUP($D$10,REND[DESCRIPCIÓN],REND[RENDIMIENTO (3)]),IF(AND($E$43=1,$E$44=4),_xlfn.XLOOKUP($D$10,REND[DESCRIPCIÓN],REND[RENDIMIENTO (4)]),0)))) -> 8 | H44: =F44*G44 -> 350000
H45: =F45*G45 -> 0
G46: SUBTOTAL | H46: =SUM(H43:H45) -> 548333.33
A48: VALOR TOTAL | H48: =ROUND(H23+H31+H39+H46,0) -> 22102750
A54: VoBo ARQ. LINA MARITZA BOCANEGRA QUINTERO | F54: ING. MIGUEL ANDRES CAPERA HERNANDEZ
A55: Secretaria de Planeación e Infraestructura | F55: Proyectó y elaboró

Sheet MED-001
A1: ANALISIS DE PRECIOS UNITARIOS
A3: SECRETARIA DE PLANEACIÓN E INFRAESTRUCTURA
A4: ALCALDÍA MUNICIPAL DE RIOBLANCO - TOLIMA
A6: OBJETO: | B6: =+PTO!D3 -> PAVIMENTACIÓN SECTORIAL DE LA CARRERA 5 ENTRE CALLES 2 Y 3 DEL MUNICIPIO DE RIOBLANCO TOLIMA
A9: ITEM | D9: =+_xlfn.XLOOKUP(D10,PTO!$D$4:$D$15,PTO!$C$4:$C$15) -> #N/A | E9: UNIDAD | F9: =+VLOOKUP($D$10,LIST!B3:C80,2,FALSE) -> #N/A | G9: CANTIDAD | H9: 1
A10: DESCRIPCION | D10: SOPORTE PARED ORGANIZADOR DE GUITARRAS 2 MTS
A13: I. MATERIALES
A14: DESCRIPCION | E14: UND | F14: CANT | G14: V. UNITARIO | H14: V. PARCIAL
A15: SOPORTE ORGANIZADOR DE GUITARRAS DE PARED 2 M | E15: =IF($A15=0,0,VLOOKUP($A15,INS!$A$2:$E$137,2,FALSE)) -> UND | F15: 1 | G15: =IF($A15=0,0,VLOOKUP($A15,INS!$A$2:$G$137,6,FALSE)) -> 750000 | H15: =+F15*G15 -> 750000
A16: CHAZO EXPANSIVO CONCRETO 1/2" | E16: =IF($A16=0,0,VLOOKUP($A16,INS!$A$2:$E$137,2,FALSE)) -> UND | F16: 4 | G16: =IF($A16=0,0,VLOOKUP($A16,INS!$A$2:$G$137,6,FALSE)) -> 3500 | H16: =+F16*G16 -> 14000
E17: =IF($A17=0,0,VLOOKUP($A17,INS!$A$2:$E$137,2,FALSE)) -> 0 | G17: =IF($A17=0,0,VLOOKUP($A17,INS!$A$2:$G$137,6,FALSE)) -> 0 | H17: =+F17*G17 -> 0
E18: =IF($A18=0,0,VLOOKUP($A18,INS!$A$2:$E$137,2,FALSE)) -> 0 | G18: =IF($A18=0,0,VLOOKUP($A18,INS!$A$2:$G$137,6,FALSE)) -> 0 | H18: =+F18*G18 -> 0
E19: =IF($A19=0,0,VLOOKUP($A19,INS!$A$2:$E$137,2,FALSE)) -> 0 | G19: =IF($A19=0,0,VLOOKUP($A19,INS!$A$2:$G$137,6,FALSE)) -> 0 | H19: =+F19*G19 -> 0
E20: =IF($A20=0,0,VLOOKUP($A20,INS!$A$2:$E$137,2,FALSE)) -> 0 | G20: =IF($A20=0,0,VLOOKUP($A20,INS!$A$2:$G$137,6,FALSE)) -> 0 | H20: =+F20*G20 -> 0
E21: =IF($A21=0,0,VLOOKUP($A21,INS!$A$2:$E$137,2,FALSE)) -> 0 | G21: =IF($A21=0,0,VLOOKUP($A21,INS!$A$2:$G$137,6,FALSE)) -> 0 | H21: =+F21*G21 -> 0
A22: Herramienta menor | E22: %M.O | F22: 0.05 | G22: =H46 -> 118125 | H22: =F22*G22 -> 5906.25
G23: SUBTOTAL | H23: =SUM(H15:H22) -> 769906.25
A25: II. EQUIPO
A26: DESCRIPCION | D26: MARCA | E26: UND | F26: TARIFA/HORA | G26: RENDIMIENTO | H26: V. PARCIAL
F27: =IF($A27=0,0,VLOOKUP($A27,EQUI!$A$2:$E$6,3,FALSE)) -> 0 | G27: =+IF($A27=0,0,VLOOKUP($A27,EQUI!$A$2:$E$6,5,FALSE)) -> 0 | H27: =F27*G27 -> 0
F28: =IF($A28=0,0,VLOOKUP($A28,EQUI!$A$2:$E$6,3,FALSE)) -> 0 | G28: =+IF($A28=0,0,VLOOKUP($A28,EQUI!$A$2:$E$6,5,FALSE)) -> 0 | H28: =F28*G28 -> 0
G31: SUBTOTAL | H31: =SUM(H27:H30) -> 0
A33: III. TRANSPORTE
A34: MATERIAL | D34: VOL. O PESO (EXP) | E34: DISTANCIA (KM) | F34: CANT | G34: TARIFA | H34: V. PARCIAL
D35: =IF($A$35=0,0,VLOOKUP($A$35,TRANS!$A$2:$F$38,5,FALSE)) -> 0 | E35: =IF($A$35=0,0,VLOOKUP($A$35,TRANS!$A$2:$D$39,3,FALSE)) -> 0 | F35: =+F15 -> 1 | G35: =IF($A$35=0,0,VLOOKUP($A$35,TRANS!$A$2:$D$38,4,FALSE)) -> 0 | H35: =+E35*F35*G35*D35 -> 0
G39: SUBTOTAL | H39: =SUM(H35:H38) -> 0
A41: IV. MANO DE OBRA
A42: DESCRIPCION | D42: V. HORA +PRESTACIONES | E42: CANTIDAD | F42: JORNAL TOTAL | G42: RENDIMIENTO HH | H42: V. PARCIAL
A43: OFICIAL A. | D43: =MO!F31/8 -> 24791.667 | E43: 1 | F43: =D43*E43 -> 24791.667 | G43: =+IF(AND($E$43=1,$E$44=1),_xlfn.XLOOKUP($D$10,REND[DESCRIPCIÓN],REND[RENDIMIENTO (1)]),IF(AND($E$43=1,$E$44=2),_xlfn.XLOOKUP($D$10,REND[DESCRIPCIÓN],REND[RENDIMIENTO (2)]),IF(AND($E$43=1,$E$44=3),_xlfn.XLOOKUP($D$10,REND[DESCRIPCIÓN],REND[RENDIMIENTO (3)]),IF(AND($E$43=1,$E$44=4),_xlfn.XLOOKUP($D$10,REND[DESCRIPCIÓN],REND[RENDIMIENTO (4)]),0)))) -> 3 | H43: =F43*G43 -> 74375
A44: AYUDANTE A. | D44: =MO!F14/8 -> 14583.333 | E44: 1 | F44: =D44*E44 -> 14583.333 | G44: =+IF(AND($E$43=1,$E$44=1),_xlfn.XLOOKUP($D$10,REND[DESCRIPCIÓN],REND[RENDIMIENTO (1)]),IF(AND($E$43=1,$E$44=2),_xlfn.XLOOKUP($D$10,REND[DESCRIPCIÓN],REND[RENDIMIENTO (2)]),IF(AND($E$43=1,$E$44=3),_xlfn.XLOOKUP($D$10,REND[DESCRIPCIÓN],REND[RENDIMIENTO (3)]),IF(AND($E$43=1,$E$44=4),_xlfn.XLOOKUP($D$10,REND[DESCRIPCIÓN],REND[RENDIMIENTO (4)]),0)))) -> 3 | H44: =F44*G44 -> 43750
H45: =F45*G45 -> 0
G46: SUBTOTAL | H46: =SUM(H43:H45) -> 118125
A48: VALOR TOTAL | H48: =ROUND(H23+H31+H39+H46,0) -> 888031
A54: VoBo ARQ. LINA MARITZA BOCANEGRA QUINTERO | F54: ING. MIGUEL ANDRES CAPERA HERNANDEZ
A55: Secretaria de Planeación e Infraestructura | F55: Proyectó y elaboró

Sheet HS-015
A1: ANALISIS DE PRECIOS UNITARIOS
A3: SECRETARIA DE PLANEACIÓN E INFRAESTRUCTURA
A4: ALCALDÍA MUNICIPAL DE RIOBLANCO - TOLIMA
A6: OBJETO: | B6: =+PTO!D3 -> PAVIMENTACIÓN SECTORIAL DE LA CARRERA 5 ENTRE CALLES 2 Y 3 DEL MUNICIPIO DE RIOBLANCO TOLIMA
A9: ITEM | D9: =+_xlfn.XLOOKUP(D10,PTO!$D$4:$D$58,PTO!$C$4:$C$15) -> #VALUE! | E9: UNIDAD | F9: =+VLOOKUP($D$10,LIST!B3:C101,2,FALSE) -> M | G9: CANTIDAD | H9: 1
A10: DESCRIPCION | D10: MANGUERA POLIURETANO DE ALTA PRESIÓN 1/2" RDE 9
A13: I. MATERIALES
A14: DESCRIPCION | E14: UND | F14: CANT | G14: V. UNITARIO | H14: V. PARCIAL
A15: MANGUERA PF 1/2" RDE 21 ROLLO 90 MTS | E15: =IF($A15=0,0,_xlfn.XLOOKUP($A15,INS[DESCRIPCIÓN],INS[UNIDAD])) -> M | F15: 1 | G15: =IF($A15=0,0,_xlfn.XLOOKUP($A15,INS[DESCRIPCIÓN],INS[PROMEDIO])) -> 2899 | H15: =+F15*G15 -> 2899
A16: UNION PF + UAD 1/2" | E16: =IF($A16=0,0,_xlfn.XLOOKUP($A16,INS[DESCRIPCIÓN],INS[UNIDAD])) -> UND | F16: 0.4 | G16: =IF($A16=0,0,_xlfn.XLOOKUP($A16,INS[DESCRIPCIÓN],INS[PROMEDIO])) -> 8000 | H16: =+F16*G16 -> 3200
E17: =IF($A17=0,0,_xlfn.XLOOKUP($A17,INS[DESCRIPCIÓN],INS[UNIDAD])) -> 0 | F17: 0.3 | G17: =IF($A17=0,0,_xlfn.XLOOKUP($A17,INS[DESCRIPCIÓN],INS[PROMEDIO])) -> 0 | H17: =+F17*G17 -> 0
E18: =IF($A18=0,0,VLOOKUP($A18,INS!$A$2:$E$137,2,FALSE)) -> 0 | F18: =+M19 -> 0 | G18: =IF($A18=0,0,_xlfn.XLOOKUP($A18,#REF!,INS[PROMEDIO])) -> 0 | H18: =+F18*G18 -> 0
H19: =+F19*G19 -> 0
E20: =IF($A20=0,0,VLOOKUP($A20,INS!$A$2:$E$137,2,FALSE)) -> 0 | G20: =IF($A20=0,0,VLOOKUP($A20,INS!$A$2:$G$137,6,FALSE)) -> 0 | H20: =+F20*G20 -> 0
A22: Herramienta menor | E22: %M.O | F22: 0.1 | G22: =H46 -> 7875 | H22: =F22*G22 -> 787.5
G23: SUBTOTAL | H23: =SUM(H15:H22) -> 6886.5
A25: II. EQUIPO
A26: DESCRIPCION | D26: MARCA | E26: UND | F26: TARIFA/HORA | G26: RENDIMIENTO | H26: V. PARCIAL
F27: =IF($A27=0,0,VLOOKUP($A27,EQUI!$A$2:$E$6,3,FALSE)) -> 0 | G27: =+IF($A27=0,0,VLOOKUP($A27,EQUI!$A$2:$E$6,5,FALSE)) -> 0 | H27: =F27*G27 -> 0
F28: =IF($A28=0,0,VLOOKUP($A28,EQUI!$A$2:$E$6,3,FALSE)) -> 0 | G28: =+IF($A28=0,0,VLOOKUP($A28,EQUI!$A$2:$E$6,5,FALSE)) -> 0 | H28: =F28*G28 -> 0
G31: SUBTOTAL | H31: =SUM(H27:H30) -> 0
A33: III. TRANSPORTE
A34: MATERIAL | D34: VOL. O PESO (EXP) | E34: DISTANCIA (KM) | F34: CANT | G34: TARIFA | H34: V. PARCIAL
D35: =IF($A$35=0,0,VLOOKUP($A$35,TRANS!$A$2:$F$38,5,FALSE)) -> 0 | E35: =IF($A$35=0,0,VLOOKUP($A$35,TRANS!$A$2:$D$39,3,FALSE)) -> 0 | G35: =IF($A$35=0,0,VLOOKUP($A$35,TRANS!$A$2:$D$38,4,FALSE)) -> 0 | H35: =+E35*F35*G35*D35 -> 0
G39: SUBTOTAL | H39: =SUM(H35:H38) -> 0
A41: IV. MANO DE OBRA
A42: DESCRIPCION | D42: V. HORA +PRESTACIONES | E42: CANTIDAD | F42: HORA TOTAL | G42: RENDIMIENTO HH | H42: V. PARCIAL
A43: OFICIAL A. | D43: =MO!F31/8 -> 24791.667 | E43: 1 | F43: =D43*E43 -> 24791.667 | G43: =+IF(AND($E$43=1,$E$44=1),_xlfn.XLOOKUP($D$10,REND[DESCRIPCIÓN],REND[RENDIMIENTO (1)]),IF(AND($E$43=1,$E$44=2),_xlfn.XLOOKUP($D$10,REND[DESCRIPCIÓN],REND[RENDIMIENTO (2)]),IF(AND($E$43=1,$E$44=3),_xlfn.XLOOKUP($D$10,REND[DESCRIPCIÓN],REND[RENDIMIENTO (3)]),IF(AND($E$43=1,$E$44=4),_xlfn.XLOOKUP($D$10,REND[DESCRIPCIÓN],REND[RENDIMIENTO (4)]),0)))) -> 0.2 | H43: =F43*G43 -> 4958.3333
A44: AYUDANTE A. | D44: =MO!F14/8 -> 14583.333 | E44: 1 | F44: =D44*E44 -> 14583.333 | G44: =+IF(AND($E$43=1,$E$44=1),_xlfn.XLOOKUP($D$10,REND[DESCRIPCIÓN],REND[RENDIMIENTO (1)]),IF(AND($E$43=1,$E$44=2),_xlfn.XLOOKUP($D$10,REND[DESCRIPCIÓN],REND[RENDIMIENTO (2)]),IF(AND($E$43=1,$E$44=3),_xlfn.XLOOKUP($D$10,REND[DESCRIPCIÓN],REND[RENDIMIENTO (3)]),IF(AND($E$43=1,$E$44=4),_xlfn.XLOOKUP($D$10,REND[DESCRIPCIÓN],REND[RENDIMIENTO (4)]),0)))) -> 0.2 | H44: =F44*G44 -> 2916.6667
H45: =F45*G45 -> 0
G46: SUBTOTAL | H46: =SUM(H43:H45) -> 7875
A48: VALOR SUBTOTAL | H48: =ROUND(H23+H31+H39+H46,0) -> 14762
C49: ADMINISTRACION | G49: 0.26 | H49: =ROUND($H$48*G49,2) -> 3838.12
C50: IMPREVISTOS | G50: 0.02 | H50: =ROUND($H$48*G50,2) -> 295.24
C51: UTILIDAD | G51: 0.04 | H51: =ROUND($H$48*G51,2) -> 590.48
C52: TOTAL AIU | G52: =SUM(G49:G51) -> 0.32 | H52: =SUM(H49:H51) -> 4723.84
B53: VALOR TOTAL | H53: =ROUND(H52+H48,2) -> 19485.84
A59: VoBo ARQ. LINA MARITZA BOCANEGRA QUINTERO | F59: ING. MIGUEL ANDRES CAPERA HERNANDEZ
A60: Secretaria de Planeación e Infraestructura | F60: Proyectó y elaboró

Sheet PAV-004
A1: ANALISIS DE PRECIOS UNITARIOS
A3: SECRETARIA DE PLANEACIÓN E INFRAESTRUCTURA
A4: ALCALDÍA MUNICIPAL DE RIOBLANCO - TOLIMA
A6: OBJETO: | B6: =+PTO!D3 -> PAVIMENTACIÓN SECTORIAL DE LA CARRERA 5 ENTRE CALLES 2 Y 3 DEL MUNICIPIO DE RIOBLANCO TOLIMA
A9: ITEM | D9: =+_xlfn.XLOOKUP(D10,PTO!$D$4:$D$39,PTO!$C$4:$C$39) -> 2.04 | E9: UNIDAD | F9: =+_xlfn.XLOOKUP($D$10,LIST[DESCRIPCIÓN],LIST[UNIDAD]) -> M | G9: CANTIDAD | H9: 1
A10: DESCRIPCION | D10: BORDILLO FUNDIDO EN SITIO DE 15X40 CM EN CONCRETO 3000 PSI
A13: I. MATERIALES
A14: DESCRIPCION | E14: UND | F14: CANT | G14: V. UNITARIO | H14: V. PARCIAL
A15: CEMENTO 50 KG | E15: =IF($A15=0,0,_xlfn.XLOOKUP($A15,INS[DESCRIPCIÓN],INS[UNIDAD])) -> BLT | F15: 0.42 | G15: =IF($A15=0,0,_xlfn.XLOOKUP($A15,INS[DESCRIPCIÓN],INS[PROMEDIO])) -> 37000 | H15: =+F15*G15 -> 15540
A16: TRITURADO 1/2" | E16: =IF($A16=0,0,_xlfn.XLOOKUP($A16,INS[DESCRIPCIÓN],INS[UNIDAD])) -> M3 | F16: 0.05 | G16: =IF($A16=0,0,_xlfn.XLOOKUP($A16,INS[DESCRIPCIÓN],INS[PROMEDIO])) -> 65545 | H16: =+F16*G16 -> 3277.25
A17: ARENA DE PLANTA | E17: =IF($A17=0,0,_xlfn.XLOOKUP($A17,INS[DESCRIPCIÓN],INS[UNIDAD])) -> M3 | F17: 0.03 | G17: =IF($A17=0,0,_xlfn.XLOOKUP($A17,INS[DESCRIPCIÓN],INS[PROMEDIO])) -> 47338 | H17: =+F17*G17 -> 1420.14
A18: AGUA | E18: =IF($A18=0,0,_xlfn.XLOOKUP($A18,INS[DESCRIPCIÓN],INS[UNIDAD])) -> LT | F18: 10 | G18: =IF($A18=0,0,_xlfn.XLOOKUP($A18,INS[DESCRIPCIÓN],INS[PROMEDIO])) -> 35 | H18: =+F18*G18 -> 350
A19: ACERO W 60 | E19: =IF($A19=0,0,_xlfn.XLOOKUP($A19,INS[DESCRIPCIÓN],INS[UNIDAD])) -> KG | F19: 3.025 | G19: =IF($A19=0,0,_xlfn.XLOOKUP($A19,INS[DESCRIPCIÓN],INS[PROMEDIO])) -> 5500 | H19: =+F19*G19 -> 16637.5
A20: TABLA DE 3M X 0.25M | E20: =IF($A20=0,0,_xlfn.XLOOKUP($A20,INS[DESCRIPCIÓN],INS[UNIDAD])) -> DOCENA | F20: 0.07 | G20: =IF($A20=0,0,_xlfn.XLOOKUP($A20,INS[DESCRIPCIÓN],INS[PROMEDIO])) -> 295000 | H20: =+F20*G20 -> 20650 | J20: =12*3 -> 36
H21: =+F21*G21 -> 0 | J21: 3
A22: Herramienta menor | E22: %M.O | F22: 0.05 | G22: =H46 -> 34270.833 | H22: =F22*G22 -> 1713.5417
G23: SUBTOTAL | H23: =SUM(H15:H22) -> 59588.432
A25: II. EQUIPO
A26: DESCRIPCION | D26: MARCA | E26: UND | F26: TARIFA/HORA | G26: RENDIMIENTO | H26: V. PARCIAL
A27: MEZCLADORA DE CONCRETO 1 BLT | E27: =+IF($A27=0,0,_xlfn.XLOOKUP($A27,EQUI[DESCRIPCIÓN],EQUI[UNIDAD])) -> HORA | F27: =+IF($A27=0,0,_xlfn.XLOOKUP($A27,EQUI[DESCRIPCIÓN],EQUI[VALOR])) -> 10000 | G27: 1 | H27: =F27*G27 -> 10000
A28: VIBRADOR DE CONCRETO | E28: =+IF($A28=0,0,_xlfn.XLOOKUP($A28,EQUI[DESCRIPCIÓN],EQUI[UNIDAD])) -> HORA | F28: =+IF($A28=0,0,_xlfn.XLOOKUP($A28,EQUI[DESCRIPCIÓN],EQUI[VALOR])) -> 7000 | G28: 0.8 | H28: =F28*G28 -> 5600
E29: =+IF($A29=0,0,_xlfn.XLOOKUP($A29,EQUI[DESCRIPCIÓN],EQUI[UNIDAD])) -> 0 | F29: =+IF($A29=0,0,_xlfn.XLOOKUP($A29,EQUI[DESCRIPCIÓN],EQUI[VALOR])) -> 0 | G29: =+IF($A29=0,0,_xlfn.XLOOKUP($A29,EQUI[DESCRIPCIÓN],EQUI[RENDIMIENTO])) -> 0 | H29: =F29*G29 -> 0
G31: SUBTOTAL | H31: =SUM(H27:H30) -> 15600
A33: III. TRANSPORTE
A34: MATERIAL | D34: VOL. O PESO (EXP) | E34: DISTANCIA (KM) | F34: CANT | G34: TARIFA | H34: V. PARCIAL
A35: TRANSPORTE MATERIAL DE CANTERA (ARENA) - CUCUANA | D35: =IF($A$35=0,0,VLOOKUP($A$35,TRANS!$A$2:$F$38,5,FALSE)) -> 1.1 | E35: =IF($A$35=0,0,VLOOKUP($A$35,TRANS!$A$2:$D$38,3,FALSE)) -> 125 | F35: =+F16+F17 -> 0.08 | G35: =IF($A$35=0,0,VLOOKUP($A$35,TRANS!$A$2:$D$38,4,FALSE)) -> 1800 | H35: =+E35*F35*G35*D35 -> 19800
G39: SUBTOTAL | H39: =SUM(H35:H38) -> 19800
A41: IV. MANO DE OBRA
A42: DESCRIPCION | D42: V. HORA +PRESTACIONES | E42: CANTIDAD | F42: JORNAL TOTAL | G42: RENDIMIENTO HH | H42: V. PARCIAL
A43: OFICIAL A. | D43: =MO!F31/8 -> 24791.667 | E43: 1 | F43: =D43*E43 -> 24791.667 | G43: =+IF(AND($E$43=1,$E$44=1),_xlfn.XLOOKUP($D$10,REND[DESCRIPCIÓN],REND[RENDIMIENTO (1)]),IF(AND($E$43=1,$E$44=2),_xlfn.XLOOKUP($D$10,REND[DESCRIPCIÓN],REND[RENDIMIENTO (2)]),IF(AND($E$43=1,$E$44=3),_xlfn.XLOOKUP($D$10,REND[DESCRIPCIÓN],REND[RENDIMIENTO (3)]),IF(AND($E$43=1,$E$44=4),_xlfn.XLOOKUP($D$10,REND[DESCRIPCIÓN],REND[RENDIMIENTO (4)]),0)))) -> 0.5 | H43: =F43*G43 -> 12395.833
A44: AYUDANTE A. | D44: =MO!F14/8 -> 14583.333 | E44: 3 | F44: =D44*E44 -> 43750 | G44: =+IF(AND($E$43=1,$E$44=1),_xlfn.XLOOKUP($D$10,REND[DESCRIPCIÓN],REND[RENDIMIENTO (1)]),IF(AND($E$43=1,$E$44=2),_xlfn.XLOOKUP($D$10,REND[DESCRIPCIÓN],REND[RENDIMIENTO (2)]),IF(AND($E$43=1,$E$44=3),_xlfn.XLOOKUP($D$10,REND[DESCRIPCIÓN],REND[RENDIMIENTO (3)]),IF(AND($E$43=1,$E$44=4),_xlfn.XLOOKUP($D$10,REND[DESCRIPCIÓN],REND[RENDIMIENTO (4)]),0)))) -> 0.5 | H44: =F44*G44 -> 21875
H45: =F45*G45 -> 0
G46: SUBTOTAL | H46: =SUM(H43:H45) -> 34270.833
A48: VALOR SUBTOTAL | H48: =ROUND(H23+H31+H39+H46,0) -> 129259
C49: ADMINISTRACION | G49: 0.26 | H49: =ROUND($H$48*G49,2) -> 33607.34
C50: IMPREVISTOS | G50: 0.02 | H50: =ROUND($H$48*G50,2) -> 2585.18
C51: UTILIDAD | G51: 0.04 | H51: =ROUND($H$48*G51,2) -> 5170.36
C52: TOTAL AIU | G52: =SUM(G49:G51) -> 0.32 | H52: =SUM(H49:H51) -> 41362.88
B53: VALOR TOTAL | H53: =ROUND(H52+H48,2) -> 170621.88
A59: VoBo ARQ. LINA MARITZA BOCANEGRA QUINTERO | F59: ING. MIGUEL ANDRES CAPERA HERNANDEZ
A60: Secretaria de Planeación e Infraestructura | F60: Proyectó y elaboró

Sheet PAV-003
A1: ANALISIS DE PRECIOS UNITARIOS
A3: SECRETARIA DE PLANEACIÓN E INFRAESTRUCTURA
A4: ALCALDÍA MUNICIPAL DE RIOBLANCO - TOLIMA
A6: OBJETO: | B6: =+PTO!D3 -> PAVIMENTACIÓN SECTORIAL DE LA CARRERA 5 ENTRE CALLES 2 Y 3 DEL MUNICIPIO DE RIOBLANCO TOLIMA
A9: ITEM | D9: =+_xlfn.XLOOKUP(D10,PTO!$D$4:$D$39,PTO!$C$4:$C$39) -> 2.03 | E9: UNIDAD | F9: =+_xlfn.XLOOKUP($D$10,LIST[DESCRIPCIÓN],LIST[UNIDAD]) -> KG | G9: CANTIDAD | H9: 1
A10: DESCRIPCION | D10: ACERO DE REFUERZO FIGURADO ƒ'y= 4200 GRADO 60 (PAVIMENTO)
A13: I. MATERIALES
A14: DESCRIPCION | E14: UND | F14: CANT | G14: V. UNITARIO | H14: V. PARCIAL
A15: ACERO W 60 | E15: =IF($A15=0,0,_xlfn.XLOOKUP($A15,INS[DESCRIPCIÓN],INS[UNIDAD])) -> KG | F15: 1.05 | G15: =IF($A15=0,0,_xlfn.XLOOKUP($A15,INS[DESCRIPCIÓN],INS[PROMEDIO])) -> 5500 | H15: =+F15*G15 -> 5775
A16: ALAMBRE NEGRO N°18 | E16: =IF($A16=0,0,_xlfn.XLOOKUP($A16,INS[DESCRIPCIÓN],INS[UNIDAD])) -> KG | F16: 0.01 | G16: =IF($A16=0,0,_xlfn.XLOOKUP($A16,INS[DESCRIPCIÓN],INS[PROMEDIO])) -> 8700 | H16: =+F16*G16 -> 87
A17: MALLA ELECTROSOLDADA 6 MM 6X2,35M2 | E17: =IF($A17=0,0,_xlfn.XLOOKUP($A17,INS[DESCRIPCIÓN],INS[UNIDAD])) -> UND | F17: 0.005 | G17: =IF($A17=0,0,_xlfn.XLOOKUP($A17,INS[DESCRIPCIÓN],INS[PROMEDIO])) -> 280000 | H17: =+F17*G17 -> 1400
H18: =+F18*G18 -> 0
H19: =+F19*G19 -> 0
H20: =+F20*G20 -> 0
H21: =+F21*G21 -> 0
A22: Herramienta menor | E22: %M.O | F22: 0.05 | G22: =H46 -> 3150 | H22: =F22*G22 -> 157.5
G23: SUBTOTAL | H23: =SUM(H15:H22) -> 7419.5
A25: II. EQUIPO
A26: DESCRIPCION | D26: MARCA | E26: UND | F26: TARIFA/HORA | G26: RENDIMIENTO | H26: V. PARCIAL
E27: =+IF($A27=0,0,_xlfn.XLOOKUP($A27,EQUI[DESCRIPCIÓN],EQUI[UNIDAD])) -> 0 | F27: =+IF($A27=0,0,_xlfn.XLOOKUP($A27,EQUI[DESCRIPCIÓN],EQUI[VALOR])) -> 0 | G27: =+IF($A27=0,0,_xlfn.XLOOKUP($A27,EQUI[DESCRIPCIÓN],EQUI[RENDIMIENTO])) -> 0 | H27: =F27*G27 -> 0
E28: =+IF($A28=0,0,_xlfn.XLOOKUP($A28,EQUI[DESCRIPCIÓN],EQUI[UNIDAD])) -> 0 | F28: =+IF($A28=0,0,_xlfn.XLOOKUP($A28,EQUI[DESCRIPCIÓN],EQUI[VALOR])) -> 0 | G28: =+IF($A28=0,0,_xlfn.XLOOKUP($A28,EQUI[DESCRIPCIÓN],EQUI[RENDIMIENTO])) -> 0 | H28: =F28*G28 -> 0
E29: =+IF($A29=0,0,_xlfn.XLOOKUP($A29,EQUI[DESCRIPCIÓN],EQUI[UNIDAD])) -> 0 | F29: =+IF($A29=0,0,_xlfn.XLOOKUP($A29,EQUI[DESCRIPCIÓN],EQUI[VALOR])) -> 0 | G29: =+IF($A29=0,0,_xlfn.XLOOKUP($A29,EQUI[DESCRIPCIÓN],EQUI[RENDIMIENTO])) -> 0 | H29: =F29*G29 -> 0
G31: SUBTOTAL | H31: =SUM(H27:H30) -> 0
A33: III. TRANSPORTE
A34: MATERIAL | D34: VOL. O PESO (EXP) | E34: DISTANCIA (KM) | F34: CANT | G34: TARIFA | H34: V. PARCIAL
A35: TRANSPORTE (ACERO) - IBAGUE | D35: =IF($A$35=0,0,VLOOKUP($A$35,TRANS!$A$2:$F$38,5,FALSE)) -> 1 | E35: =IF($A$35=0,0,VLOOKUP($A$35,TRANS!$A$2:$D$38,3,FALSE)) -> 195 | F35: =+F15 -> 1.05 | G35: =IF($A$35=0,0,VLOOKUP($A$35,TRANS!$A$2:$D$38,4,FALSE)) -> 2 | H35: =+E35*F35*G35*D35 -> 409.5
G39: SUBTOTAL | H39: =SUM(H35:H38) -> 409.5
A41: IV. MANO DE OBRA
A42: DESCRIPCION | D42: V. HORA +PRESTACIONES | E42: CANTIDAD | F42: JORNAL TOTAL | G42: RENDIMIENTO HH | H42: V. PARCIAL
A43: OFICIAL A. | D43: =MO!F31/8 -> 24791.667 | E43: 1 | F43: =D43*E43 -> 24791.667 | G43: =+IF(AND($E$43=1,$E$44=1),_xlfn.XLOOKUP($D$10,REND[DESCRIPCIÓN],REND[RENDIMIENTO (1)]),IF(AND($E$43=1,$E$44=2),_xlfn.XLOOKUP($D$10,REND[DESCRIPCIÓN],REND[RENDIMIENTO (2)]),IF(AND($E$43=1,$E$44=3),_xlfn.XLOOKUP($D$10,REND[DESCRIPCIÓN],REND[RENDIMIENTO (3)]),IF(AND($E$43=1,$E$44=4),_xlfn.XLOOKUP($D$10,REND[DESCRIPCIÓN],REND[RENDIMIENTO (4)]),0)))) -> 0.08 | H43: =F43*G43 -> 1983.3333
A44: AYUDANTE A. | D44: =MO!F14/8 -> 14583.333 | E44: 1 | F44: =D44*E44 -> 14583.333 | G44: =+IF(AND($E$43=1,$E$44=1),_xlfn.XLOOKUP($D$10,REND[DESCRIPCIÓN],REND[RENDIMIENTO (1)]),IF(AND($E$43=1,$E$44=2),_xlfn.XLOOKUP($D$10,REND[DESCRIPCIÓN],REND[RENDIMIENTO (2)]),IF(AND($E$43=1,$E$44=3),_xlfn.XLOOKUP($D$10,REND[DESCRIPCIÓN],REND[RENDIMIENTO (3)]),IF(AND($E$43=1,$E$44=4),_xlfn.XLOOKUP($D$10,REND[DESCRIPCIÓN],REND[RENDIMIENTO (4)]),0)))) -> 0.08 | H44: =F44*G44 -> 1166.6667
H45: =F45*G45 -> 0
G46: SUBTOTAL | H46: =SUM(H43:H45) -> 3150
A48: VALOR SUBTOTAL | H48: =ROUND(H23+H31+H39+H46,0) -> 10979
C49: ADMINISTRACION | G49: 0.26 | H49: =ROUND($H$48*G49,2) -> 2854.54
C50: IMPREVISTOS | G50: 0.02 | H50: =ROUND($H$48*G50,2) -> 219.58
C51: UTILIDAD | G51: 0.04 | H51: =ROUND($H$48*G51,2) -> 439.16
C52: TOTAL AIU | G52: =SUM(G49:G51) -> 0.32 | H52: =SUM(H49:H51) -> 3513.28
B53: VALOR TOTAL | H53: =ROUND(H52+H48,2) -> 14492.28
A59: VoBo ARQ. LINA MARITZA BOCANEGRA QUINTERO | F59: ING. MIGUEL ANDRES CAPERA HERNANDEZ
A60: Secretaria de Planeación e Infraestructura | F60: Proyectó y elaboró

Sheet PAV-002
A1: ANALISIS DE PRECIOS UNITARIOS
A3: SECRETARIA DE PLANEACIÓN E INFRAESTRUCTURA
A4: ALCALDÍA MUNICIPAL DE RIOBLANCO - TOLIMA
A6: OBJETO: | B6: =+PTO!D3 -> PAVIMENTACIÓN SECTORIAL DE LA CARRERA 5 ENTRE CALLES 2 Y 3 DEL MUNICIPIO DE RIOBLANCO TOLIMA
A9: ITEM | D9: =+_xlfn.XLOOKUP(D10,PTO!$D$4:$D$39,PTO!$C$4:$C$39) -> #N/A | E9: UNIDAD | F9: =+_xlfn.XLOOKUP($D$10,LIST[DESCRIPCIÓN],LIST[UNIDAD]) -> M3 | G9: CANTIDAD | H9: 1
A10: DESCRIPCION | D10: CONCRETO PARA PAVIMENTO RÍGIDO MR-38, INCLUYE SELLADO DE JUNTAS
A13: I. MATERIALES
A14: DESCRIPCION | E14: UND | F14: CANT | G14: V. UNITARIO | H14: V. PARCIAL
A15: CEMENTO 50 KG | E15: =IF($A15=0,0,_xlfn.XLOOKUP($A15,INS[DESCRIPCIÓN],INS[UNIDAD])) -> BLT | F15: 7.5 | G15: =IF($A15=0,0,_xlfn.XLOOKUP($A15,INS[DESCRIPCIÓN],INS[PROMEDIO])) -> 37000 | H15: =+F15*G15 -> 277500
A16: TRITURADO 1/2" | E16: =IF($A16=0,0,_xlfn.XLOOKUP($A16,INS[DESCRIPCIÓN],INS[UNIDAD])) -> M3 | F16: 0.9 | G16: =IF($A16=0,0,_xlfn.XLOOKUP($A16,INS[DESCRIPCIÓN],INS[PROMEDIO])) -> 65545 | H16: =+F16*G16 -> 58990.5
A17: ARENA DE PLANTA | E17: =IF($A17=0,0,_xlfn.XLOOKUP($A17,INS[DESCRIPCIÓN],INS[UNIDAD])) -> M3 | F17: 0.52 | G17: =IF($A17=0,0,_xlfn.XLOOKUP($A17,INS[DESCRIPCIÓN],INS[PROMEDIO])) -> 47338 | H17: =+F17*G17 -> 24615.76
A18: AGUA | E18: =IF($A18=0,0,_xlfn.XLOOKUP($A18,INS[DESCRIPCIÓN],INS[UNIDAD])) -> LT | F18: 170 | G18: =IF($A18=0,0,_xlfn.XLOOKUP($A18,INS[DESCRIPCIÓN],INS[PROMEDIO])) -> 35 | H18: =+F18*G18 -> 5950
A19: ANTISOL | E19: =IF($A19=0,0,_xlfn.XLOOKUP($A19,INS[DESCRIPCIÓN],INS[UNIDAD])) -> KG | F19: =5*0.2 -> 1 | G19: =IF($A19=0,0,_xlfn.XLOOKUP($A19,INS[DESCRIPCIÓN],INS[PROMEDIO])) -> 13145 | H19: =+F19*G19 -> 13145
A20: POLIURETANO PARA JUNTAS DE PAVIMENTO | E20: =IF($A20=0,0,_xlfn.XLOOKUP($A20,INS[DESCRIPCIÓN],INS[UNIDAD])) -> GLN | F20: =4/100 -> 0.04 | G20: =IF($A20=0,0,_xlfn.XLOOKUP($A20,INS[DESCRIPCIÓN],INS[PROMEDIO])) -> 584900 | H20: =+F20*G20 -> 23396
A21: TABLA DE 3M X 0.25M | E21: =IF($A21=0,0,_xlfn.XLOOKUP($A21,INS[DESCRIPCIÓN],INS[UNIDAD])) -> DOCENA | F21: 0.08 | G21: =IF($A21=0,0,_xlfn.XLOOKUP($A21,INS[DESCRIPCIÓN],INS[PROMEDIO])) -> 295000 | H21: =+F21*G21 -> 23600
A22: CORDON DE POLIURETANO ROLLO 1097 METROS | E22: =IF($A22=0,0,_xlfn.XLOOKUP($A22,INS[DESCRIPCIÓN],INS[UNIDAD])) -> UND | F22: 0.0036 | G22: =IF($A22=0,0,_xlfn.XLOOKUP($A22,INS[DESCRIPCIÓN],INS[PROMEDIO])) -> 790000 | H22: =+F22*G22 -> 2844
A23: Herramienta menor | E23: %M.O | F23: 0.05 | G23: =H47 -> 329000 | H23: =F23*G23 -> 16450
G24: SUBTOTAL | H24: =SUM(H15:H23) -> 446491.26
A26: II. EQUIPO
A27: DESCRIPCION | D27: MARCA | E27: UND | F27: TARIFA/HORA | G27: RENDIMIENTO | H27: V. PARCIAL
A28: MEZCLADORA DE CONCRETO 1 BLT | E28: =+IF($A28=0,0,_xlfn.XLOOKUP($A28,EQUI[DESCRIPCIÓN],EQUI[UNIDAD])) -> HORA | F28: =+IF($A28=0,0,_xlfn.XLOOKUP($A28,EQUI[DESCRIPCIÓN],EQUI[VALOR])) -> 10000 | G28: =+IF($A28=0,0,_xlfn.XLOOKUP($A28,EQUI[DESCRIPCIÓN],EQUI[RENDIMIENTO])) -> 2.5 | H28: =F28*G28 -> 25000
A29: VIBRADOR DE CONCRETO (PAVIMENTO | E29: =+IF($A29=0,0,_xlfn.XLOOKUP($A29,EQUI[DESCRIPCIÓN],EQUI[UNIDAD])) -> DIA | F29: =+IF($A29=0,0,_xlfn.XLOOKUP($A29,EQUI[DESCRIPCIÓN],EQUI[VALOR])) -> 80000 | G29: =+IF($A29=0,0,_xlfn.XLOOKUP($A29,EQUI[DESCRIPCIÓN],EQUI[RENDIMIENTO])) -> 0.1 | H29: =F29*G29 -> 8000
A30: CORTADORA PARA PAVIMENTO | E30: =+IF($A30=0,0,_xlfn.XLOOKUP($A30,EQUI[DESCRIPCIÓN],EQUI[UNIDAD])) -> DIA | F30: =+IF($A30=0,0,_xlfn.XLOOKUP($A30,EQUI[DESCRIPCIÓN],EQUI[VALOR])) -> 180000 | G30: =+IF($A30=0,0,_xlfn.XLOOKUP($A30,EQUI[DESCRIPCIÓN],EQUI[RENDIMIENTO])) -> 0.2 | H30: =F30*G30 -> 36000
G32: SUBTOTAL | H32: =SUM(H28:H31) -> 69000
A34: III. TRANSPORTE
A35: MATERIAL | D35: VOL. O PESO (EXP) | E35: DISTANCIA (KM) | F35: CANT | G35: TARIFA | H35: V. PARCIAL
A36: TRANSPORTE MATERIAL DE CANTERA (ARENA) - CUCUANA | D36: =IF($A$36=0,0,VLOOKUP($A$36,TRANS!$A$2:$F$38,5,FALSE)) -> 1.1 | E36: =IF($A$36=0,0,VLOOKUP($A$36,TRANS!$A$2:$D$38,3,FALSE)) -> 125 | F36: =+F16+F17 -> 1.42 | G36: =IF($A$36=0,0,VLOOKUP($A$36,TRANS!$A$2:$D$38,4,FALSE)) -> 1800 | H36: =+E36*F36*G36*D36 -> 351450
G40: SUBTOTAL | H40: =SUM(H36:H39) -> 351450
A42: IV. MANO DE OBRA
A43: DESCRIPCION | D43: V. HORA +PRESTACIONES | E43: CANTIDAD | F43: JORNAL TOTAL | G43: RENDIMIENTO HH | H43: V. PARCIAL
A44: OFICIAL A. | D44: =MO!F31/8 -> 24791.667 | E44: 1 | F44: =D44*E44 -> 24791.667 | G44: =+IF(AND($E$44=1,$E$45=1),_xlfn.XLOOKUP($D$10,REND[DESCRIPCIÓN],REND[RENDIMIENTO (1)]),IF(AND($E$44=1,$E$45=2),_xlfn.XLOOKUP($D$10,REND[DESCRIPCIÓN],REND[RENDIMIENTO (2)]),IF(AND($E$44=1,$E$45=3),_xlfn.XLOOKUP($D$10,REND[DESCRIPCIÓN],REND[RENDIMIENTO (3)]),IF(AND($E$44=1,$E$45=4),_xlfn.XLOOKUP($D$10,REND[DESCRIPCIÓN],REND[RENDIMIENTO (4)]),0)))) -> 4.8 | H44: =F44*G44 -> 119000
A45: AYUDANTE A. | D45: =MO!F14/8 -> 14583.333 | E45: 3 | F45: =D45*E45 -> 43750 | G45: =+IF(AND($E$44=1,$E$45=1),_xlfn.XLOOKUP($D$10,REND[DESCRIPCIÓN],REND[RENDIMIENTO (1)]),IF(AND($E$44=1,$E$45=2),_xlfn.XLOOKUP($D$10,REND[DESCRIPCIÓN],REND[RENDIMIENTO (2)]),IF(AND($E$44=1,$E$45=3),_xlfn.XLOOKUP($D$10,REND[DESCRIPCIÓN],REND[RENDIMIENTO (3)]),IF(AND($E$44=1,$E$45=4),_xlfn.XLOOKUP($D$10,REND[DESCRIPCIÓN],REND[RENDIMIENTO (4)]),0)))) -> 4.8 | H45: =F45*G45 -> 210000
H46: =F46*G46 -> 0
G47: SUBTOTAL | H47: =SUM(H44:H46) -> 329000
A49: VALOR TOTAL | H49: =ROUND(H24+H32+H40+H47,0) -> 1195941
A55: VoBo ARQ. LINA MARITZA BOCANEGRA QUINTERO | F55: ING. MIGUEL ANDRES CAPERA HERNANDEZ
A56: Secretaria de Planeación e Infraestructura | F56: Proyectó y elaboró

Sheet PAV-006
A1: ANALISIS DE PRECIOS UNITARIOS
A3: SECRETARIA DE PLANEACIÓN E INFRAESTRUCTURA
A4: ALCALDÍA MUNICIPAL DE RIOBLANCO - TOLIMA
A6: OBJETO: | B6: =+PTO!D3 -> PAVIMENTACIÓN SECTORIAL DE LA CARRERA 5 ENTRE CALLES 2 Y 3 DEL MUNICIPIO DE RIOBLANCO TOLIMA
A9: ITEM | D9: =+_xlfn.XLOOKUP(D10,PTO!$D$4:$D$39,PTO!$C$4:$C$39) -> 2.02 | E9: UNIDAD | F9: =+_xlfn.XLOOKUP($D$10,LIST[DESCRIPCIÓN],LIST[UNIDAD]) -> M3 | G9: CANTIDAD | H9: 1
A10: DESCRIPCION | D10: CONCRETO PARA PAVIMENTO RÍGIDO MR-40, INCLUYE SELLADO DE JUNTAS
A13: I. MATERIALES
A14: DESCRIPCION | E14: UND | F14: CANT | G14: V. UNITARIO | H14: V. PARCIAL
A15: CEMENTO 50 KG | E15: =IF($A15=0,0,_xlfn.XLOOKUP($A15,INS[DESCRIPCIÓN],INS[UNIDAD])) -> BLT | F15: 8.56 | G15: =IF($A15=0,0,_xlfn.XLOOKUP($A15,INS[DESCRIPCIÓN],INS[PROMEDIO])) -> 37000 | H15: =+F15*G15 -> 316720
A16: TRITURADO 1/2" | E16: =IF($A16=0,0,_xlfn.XLOOKUP($A16,INS[DESCRIPCIÓN],INS[UNIDAD])) -> M3 | F16: 0.8 | G16: =IF($A16=0,0,_xlfn.XLOOKUP($A16,INS[DESCRIPCIÓN],INS[PROMEDIO])) -> 65545 | H16: =+F16*G16 -> 52436
A17: ARENA DE PLANTA | E17: =IF($A17=0,0,_xlfn.XLOOKUP($A17,INS[DESCRIPCIÓN],INS[UNIDAD])) -> M3 | F17: 0.62 | G17: =IF($A17=0,0,_xlfn.XLOOKUP($A17,INS[DESCRIPCIÓN],INS[PROMEDIO])) -> 47338 | H17: =+F17*G17 -> 29349.56
A18: AGUA | E18: =IF($A18=0,0,_xlfn.XLOOKUP($A18,INS[DESCRIPCIÓN],INS[UNIDAD])) -> LT | F18: 170 | G18: =IF($A18=0,0,_xlfn.XLOOKUP($A18,INS[DESCRIPCIÓN],INS[PROMEDIO])) -> 35 | H18: =+F18*G18 -> 5950
A19: ANTISOL | E19: =IF($A19=0,0,_xlfn.XLOOKUP($A19,INS[DESCRIPCIÓN],INS[UNIDAD])) -> KG | F19: =5*0.2 -> 1 | G19: =IF($A19=0,0,_xlfn.XLOOKUP($A19,INS[DESCRIPCIÓN],INS[PROMEDIO])) -> 13145 | H19: =+F19*G19 -> 13145
A20: POLIURETANO PARA JUNTAS DE PAVIMENTO | E20: =IF($A20=0,0,_xlfn.XLOOKUP($A20,INS[DESCRIPCIÓN],INS[UNIDAD])) -> GLN | F20: =4/100 -> 0.04 | G20: =IF($A20=0,0,_xlfn.XLOOKUP($A20,INS[DESCRIPCIÓN],INS[PROMEDIO])) -> 584900 | H20: =+F20*G20 -> 23396
A21: TABLA DE 3M X 0.25M | E21: =IF($A21=0,0,_xlfn.XLOOKUP($A21,INS[DESCRIPCIÓN],INS[UNIDAD])) -> DOCENA | F21: 0.08 | G21: =IF($A21=0,0,_xlfn.XLOOKUP($A21,INS[DESCRIPCIÓN],INS[PROMEDIO])) -> 295000 | H21: =+F21*G21 -> 23600
A22: CORDON DE POLIURETANO ROLLO 1097 METROS | E22: =IF($A22=0,0,_xlfn.XLOOKUP($A22,INS[DESCRIPCIÓN],INS[UNIDAD])) -> UND | F22: 0.0036 | G22: =IF($A22=0,0,_xlfn.XLOOKUP($A22,INS[DESCRIPCIÓN],INS[PROMEDIO])) -> 790000 | H22: =+F22*G22 -> 2844
A23: Herramienta menor | E23: %M.O | F23: 0.05 | G23: =H47 -> 342708.33 | H23: =F23*G23 -> 17135.417
G24: SUBTOTAL | H24: =SUM(H15:H23) -> 484575.98
A26: II. EQUIPO
A27: DESCRIPCION | D27: MARCA | E27: UND | F27: TARIFA/HORA | G27: RENDIMIENTO | H27: V. PARCIAL
A28: MEZCLADORA DE CONCRETO 1 BLT | E28: =+IF($A28=0,0,_xlfn.XLOOKUP($A28,EQUI[DESCRIPCIÓN],EQUI[UNIDAD])) -> HORA | F28: =+IF($A28=0,0,_xlfn.XLOOKUP($A28,EQUI[DESCRIPCIÓN],EQUI[VALOR])) -> 10000 | G28: =+IF($A28=0,0,_xlfn.XLOOKUP($A28,EQUI[DESCRIPCIÓN],EQUI[RENDIMIENTO])) -> 2.5 | H28: =F28*G28 -> 25000
A29: VIBRADOR DE CONCRETO (PAVIMENTO | E29: =+IF($A29=0,0,_xlfn.XLOOKUP($A29,EQUI[DESCRIPCIÓN],EQUI[UNIDAD])) -> DIA | F29: =+IF($A29=0,0,_xlfn.XLOOKUP($A29,EQUI[DESCRIPCIÓN],EQUI[VALOR])) -> 80000 | G29: =+IF($A29=0,0,_xlfn.XLOOKUP($A29,EQUI[DESCRIPCIÓN],EQUI[RENDIMIENTO])) -> 0.1 | H29: =F29*G29 -> 8000
A30: CORTADORA PARA PAVIMENTO | E30: =+IF($A30=0,0,_xlfn.XLOOKUP($A30,EQUI[DESCRIPCIÓN],EQUI[UNIDAD])) -> DIA | F30: =+IF($A30=0,0,_xlfn.XLOOKUP($A30,EQUI[DESCRIPCIÓN],EQUI[VALOR])) -> 180000 | G30: =+IF($A30=0,0,_xlfn.XLOOKUP($A30,EQUI[DESCRIPCIÓN],EQUI[RENDIMIENTO])) -> 0.2 | H30: =F30*G30 -> 36000
G32: SUBTOTAL | H32: =SUM(H28:H31) -> 69000
A34: III. TRANSPORTE
A35: MATERIAL | D35: VOL. O PESO (EXP) | E35: DISTANCIA (KM) | F35: CANT | G35: TARIFA | H35: V. PARCIAL
A36: TRANSPORTE MATERIAL DE CANTERA (ARENA) - CUCUANA | D36: =IF($A$36=0,0,VLOOKUP($A$36,TRANS!$A$2:$F$38,5,FALSE)) -> 1.1 | E36: =IF($A$36=0,0,VLOOKUP($A$36,TRANS!$A$2:$D$38,3,FALSE)) -> 125 | F36: =+F16+F17 -> 1.42 | G36: =IF($A$36=0,0,VLOOKUP($A$36,TRANS!$A$2:$D$38,4,FALSE)) -> 1800 | H36: =+E36*F36*G36*D36 -> 351450
G40: SUBTOTAL | H40: =SUM(H36:H39) -> 351450
A42: IV. MANO DE OBRA
A43: DESCRIPCION | D43: V. HORA +PRESTACIONES | E43: CANTIDAD | F43: JORNAL TOTAL | G43: RENDIMIENTO HH | H43: V. PARCIAL
A44: OFICIAL A. | D44: =MO!F31/8 -> 24791.667 | E44: 1 | F44: =D44*E44 -> 24791.667 | G44: =+IF(AND($E$44=1,$E$45=1),_xlfn.XLOOKUP($D$10,REND[DESCRIPCIÓN],REND[RENDIMIENTO (1)]),IF(AND($E$44=1,$E$45=2),_xlfn.XLOOKUP($D$10,REND[DESCRIPCIÓN],REND[RENDIMIENTO (2)]),IF(AND($E$44=1,$E$45=3),_xlfn.XLOOKUP($D$10,REND[DESCRIPCIÓN],REND[RENDIMIENTO (3)]),IF(AND($E$44=1,$E$45=4),_xlfn.XLOOKUP($D$10,REND[DESCRIPCIÓN],REND[RENDIMIENTO (4)]),0)))) -> 5 | H44: =F44*G44 -> 123958.33
A45: AYUDANTE A. | D45: =MO!F14/8 -> 14583.333 | E45: 3 | F45: =D45*E45 -> 43750 | G45: =+IF(AND($E$44=1,$E$45=1),_xlfn.XLOOKUP($D$10,REND[DESCRIPCIÓN],REND[RENDIMIENTO (1)]),IF(AND($E$44=1,$E$45=2),_xlfn.XLOOKUP($D$10,REND[DESCRIPCIÓN],REND[RENDIMIENTO (2)]),IF(AND($E$44=1,$E$45=3),_xlfn.XLOOKUP($D$10,REND[DESCRIPCIÓN],REND[RENDIMIENTO (3)]),IF(AND($E$44=1,$E$45=4),_xlfn.XLOOKUP($D$10,REND[DESCRIPCIÓN],REND[RENDIMIENTO (4)]),0)))) -> 5 | H45: =F45*G45 -> 218750
H46: =F46*G46 -> 0
G47: SUBTOTAL | H47: =SUM(H44:H46) -> 342708.33
A49: VALOR SUBTOTAL | H49: =ROUND(H24+H32+H40+H47,0) -> 1247734
C50: ADMINISTRACION | G50: 0.26 | H50: =ROUND($H$49*G50,2) -> 324410.84
C51: IMPREVISTOS | G51: 0.02 | H51: =ROUND($H$49*G51,2) -> 24954.68
C52: UTILIDAD | G52: 0.04 | H52: =ROUND($H$49*G52,2) -> 49909.36
C53: TOTAL AIU | G53: =SUM(G50:G52) -> 0.32 | H53: =SUM(H50:H52) -> 399274.88
B54: VALOR TOTAL | H54: =ROUND(H53+H49,2) -> 1647008.9
A60: VoBo ARQ. LINA MARITZA BOCANEGRA QUINTERO | F60: ING. MIGUEL ANDRES CAPERA HERNANDEZ
A61: Secretaria de Planeación e Infraestructura | F61: Proyectó y elaboró

Sheet PAV-001
A1: ANALISIS DE PRECIOS UNITARIOS
A3: SECRETARIA DE PLANEACIÓN E INFRAESTRUCTURA
A4: ALCALDÍA MUNICIPAL DE RIOBLANCO - TOLIMA
A6: OBJETO: | B6: =+PTO!D3 -> PAVIMENTACIÓN SECTORIAL DE LA CARRERA 5 ENTRE CALLES 2 Y 3 DEL MUNICIPIO DE RIOBLANCO TOLIMA
A9: ITEM | D9: =+_xlfn.XLOOKUP(D10,PTO!$D$4:$D$39,PTO!$C$4:$C$39) -> 2.01 | E9: UNIDAD | F9: =+_xlfn.XLOOKUP($D$10,LIST[DESCRIPCIÓN],LIST[UNIDAD]) -> M3 | G9: CANTIDAD | H9: 1
A10: DESCRIPCION | D10: SUMINISTRO, INSTALACION Y COMPACTACIÓN DE SUBBASE GRANULAR CLASE C
A13: I. MATERIALES
A14: DESCRIPCION | E14: UND | F14: CANT | G14: V. UNITARIO | H14: V. PARCIAL
A15: SUBBASE GRANULAR CLASE C | E15: =IF($A15=0,0,_xlfn.XLOOKUP($A15,INS[DESCRIPCIÓN],INS[UNIDAD])) -> M3 | F15: 1.3 | G15: =IF($A15=0,0,_xlfn.XLOOKUP($A15,INS[DESCRIPCIÓN],INS[PROMEDIO])) -> 82396 | H15: =+F15*G15 -> 107114.8
E16: =IF($A16=0,0,_xlfn.XLOOKUP($A16,INS[DESCRIPCIÓN],INS[UNIDAD])) -> 0 | G16: =IF($A16=0,0,_xlfn.XLOOKUP($A16,INS[DESCRIPCIÓN],INS[PROMEDIO])) -> 0 | H16: =+F16*G16 -> 0
E17: =IF($A17=0,0,_xlfn.XLOOKUP($A17,INS[DESCRIPCIÓN],INS[UNIDAD])) -> 0 | G17: =IF($A17=0,0,_xlfn.XLOOKUP($A17,INS[DESCRIPCIÓN],INS[PROMEDIO])) -> 0 | H17: =+F17*G17 -> 0
A22: Herramienta menor | E22: %M.O | F22: 0.05 | G22: =H46 -> 16187.5 | H22: =F22*G22 -> 809.375
G23: SUBTOTAL | H23: =SUM(H15:H22) -> 107924.18
A25: II. EQUIPO
A26: DESCRIPCION | D26: MARCA | E26: UND | F26: TARIFA/HORA | G26: RENDIMIENTO | H26: V. PARCIAL
A27: VIBROCOMPACTADOR DE RODILLO (1TON) | E27: =+IF($A27=0,0,_xlfn.XLOOKUP($A27,EQUI[DESCRIPCIÓN],EQUI[UNIDAD])) -> HORA | F27: =+IF($A27=0,0,_xlfn.XLOOKUP($A27,EQUI[DESCRIPCIÓN],EQUI[VALOR])) -> 100000 | G27: =+IF($A27=0,0,_xlfn.XLOOKUP($A27,EQUI[DESCRIPCIÓN],EQUI[RENDIMIENTO])) -> 0.15 | H27: =F27*G27 -> 15000
A28: MOTONIVELADORA | E28: =+IF($A28=0,0,_xlfn.XLOOKUP($A28,EQUI[DESCRIPCIÓN],EQUI[UNIDAD])) -> HORA | F28: =+IF($A28=0,0,_xlfn.XLOOKUP($A28,EQUI[DESCRIPCIÓN],EQUI[VALOR])) -> 220000 | G28: 0.15 | H28: =F28*G28 -> 33000
G31: SUBTOTAL | H31: =SUM(H27:H30) -> 48000
A33: III. TRANSPORTE
A34: MATERIAL | D34: VOL. O PESO (EXP) | E34: DISTANCIA (KM) | F34: CANT | G34: TARIFA | H34: V. PARCIAL
A35: TRANSPORTE MATERIAL DE CANTERA (ARENA) - CUCUANA | D35: =IF($A$35=0,0,VLOOKUP($A$35,TRANS!$A$2:$F$38,5,FALSE)) -> 1.1 | E35: =IF($A$35=0,0,VLOOKUP($A$35,TRANS!$A$2:$D$38,3,FALSE)) -> 125 | F35: =+F15 -> 1.3 | G35: =IF($A$35=0,0,VLOOKUP($A$35,TRANS!$A$2:$D$38,4,FALSE)) -> 1800 | H35: =+E35*F35*G35*D35 -> 321750
G39: SUBTOTAL | H39: =SUM(H35:H38) -> 321750
A41: IV. MANO DE OBRA
A42: DESCRIPCION | D42: V. HORA +PRESTACIONES | E42: CANTIDAD | F42: JORNAL TOTAL | G42: RENDIMIENTO HH | H42: V. PARCIAL
A43: OFICIAL A. | D43: =MO!F31/8 -> 24791.667 | E43: 1 | F43: =D43*E43 -> 24791.667 | G43: =+IF(AND($E$43=1,$E$44=1),_xlfn.XLOOKUP($D$10,REND[DESCRIPCIÓN],REND[RENDIMIENTO (1)]),IF(AND($E$43=1,$E$44=2),_xlfn.XLOOKUP($D$10,REND[DESCRIPCIÓN],REND[RENDIMIENTO (2)]),IF(AND($E$43=1,$E$44=3),_xlfn.XLOOKUP($D$10,REND[DESCRIPCIÓN],REND[RENDIMIENTO (3)]),IF(AND($E$43=1,$E$44=4),_xlfn.XLOOKUP($D$10,REND[DESCRIPCIÓN],REND[RENDIMIENTO (4)]),0)))) -> 0.3 | H43: =F43*G43 -> 7437.5
A44: AYUDANTE A. | D44: =MO!F14/8 -> 14583.333 | E44: 2 | F44: =D44*E44 -> 29166.667 | G44: =+IF(AND($E$43=1,$E$44=1),_xlfn.XLOOKUP($D$10,REND[DESCRIPCIÓN],REND[RENDIMIENTO (1)]),IF(AND($E$43=1,$E$44=2),_xlfn.XLOOKUP($D$10,REND[DESCRIPCIÓN],REND[RENDIMIENTO (2)]),IF(AND($E$43=1,$E$44=3),_xlfn.XLOOKUP($D$10,REND[DESCRIPCIÓN],REND[RENDIMIENTO (3)]),IF(AND($E$43=1,$E$44=4),_xlfn.XLOOKUP($D$10,REND[DESCRIPCIÓN],REND[RENDIMIENTO (4)]),0)))) -> 0.3 | H44: =F44*G44 -> 8750
H45: =F45*G45 -> 0
G46: SUBTOTAL | H46: =SUM(H43:H45) -> 16187.5
A48: VALOR TOTAL | H48: =ROUND(H23+H31+H39+H46,0) -> 493862
C49: ADMINISTRACION | G49: 0.26 | H49: =ROUND($H$48*G49,2) -> 128404.12
C50: IMPREVISTOS | G50: 0.02 | H50: =ROUND($H$48*G50,2) -> 9877.24
C51: UTILIDAD | G51: 0.04 | H51: =ROUND($H$48*G51,2) -> 19754.48
C52: TOTAL AIU | G52: =SUM(G49:G51) -> 0.32 | H52: =SUM(H49:H51) -> 158035.84
B53: VALOR TOTAL | H53: =ROUND(H52+H48,2) -> 651897.84
A59: VoBo ARQ. LINA MARITZA BOCANEGRA QUINTERO | F59: ING. MIGUEL ANDRES CAPERA HERNANDEZ
A60: Secretaria de Planeación e Infraestructura | F60: Proyectó y elaboró

Sheet CIE-008
A1: ANALISIS DE PRECIOS UNITARIOS
A3: SECRETARIA DE PLANEACIÓN E INFRAESTRUCTURA
A4: ALCALDÍA MUNICIPAL DE RIOBLANCO - TOLIMA
A6: OBJETO: | B6: =+PTO!D3 -> PAVIMENTACIÓN SECTORIAL DE LA CARRERA 5 ENTRE CALLES 2 Y 3 DEL MUNICIPIO DE RIOBLANCO TOLIMA
A9: ITEM | D9: =+_xlfn.XLOOKUP(D10,PTO!$D$4:$D$15,PTO!$C$4:$C$15) -> #N/A | E9: UNIDAD | F9: =+_xlfn.XLOOKUP($D$10,LIST[DESCRIPCIÓN],LIST[UNIDAD]) -> M2 | G9: CANTIDAD | H9: 1
A10: DESCRIPCION | D10: IMPERMEABILIZANTE PARA MUROS CON RESINA ACUOSA DE IMPREGNACIÓN
A13: I. MATERIALES
A14: DESCRIPCION | E14: UND | F14: CANT | G14: V. UNITARIO | H14: V. PARCIAL
A15: IMPERMEABILIZANTE DE RESINA ACUROSA SIKA IMPERMUR O SIMILAR 1KG | E15: =IF($A15=0,0,VLOOKUP($A15,INS!$A$2:$E$137,2,FALSE)) -> KG | F15: 0.15 | G15: =IF($A15=0,0,VLOOKUP($A15,INS!$A$2:$G$137,6,FALSE)) -> 79900 | H15: =+F15*G15 -> 11985 | K15: 0.3 | L15: 1
A16: RODILLO DE FELPA 9" | E16: =IF($A16=0,0,VLOOKUP($A16,INS!$A$2:$E$137,2,FALSE)) -> UND | F16: 0.2 | G16: =IF($A16=0,0,VLOOKUP($A16,INS!$A$2:$G$137,6,FALSE)) -> 13900 | H16: =+F16*G16 -> 2780 | K16: 2 | L16: =2/0.3 -> 6.6666667
E17: =IF($A17=0,0,VLOOKUP($A17,INS!$A$2:$E$137,2,FALSE)) -> 0 | G17: =IF($A17=0,0,VLOOKUP($A17,INS!$A$2:$G$137,6,FALSE)) -> 0 | H17: =+F17*G17 -> 0
E18: =IF($A18=0,0,VLOOKUP($A18,INS!$A$2:$E$137,2,FALSE)) -> 0 | G18: =IF($A18=0,0,VLOOKUP($A18,INS!$A$2:$G$137,6,FALSE)) -> 0 | H18: =+F18*G18 -> 0 | K18: =1/L16 -> 0.15
E19: =IF($A19=0,0,VLOOKUP($A19,INS!$A$2:$E$137,2,FALSE)) -> 0 | G19: =IF($A19=0,0,VLOOKUP($A19,INS!$A$2:$G$137,6,FALSE)) -> 0 | H19: =+F19*G19 -> 0
E20: =IF($A20=0,0,VLOOKUP($A20,INS!$A$2:$E$137,2,FALSE)) -> 0 | G20: =IF($A20=0,0,VLOOKUP($A20,INS!$A$2:$G$137,6,FALSE)) -> 0 | H20: =+F20*G20 -> 0
A22: Herramienta menor | E22: %M.O | F22: 0.05 | G22: =H46 -> 11812.5 | H22: =F22*G22 -> 590.625
G23: SUBTOTAL | H23: =SUM(H15:H22) -> 15355.625
A25: II. EQUIPO
A26: DESCRIPCION | D26: MARCA | E26: UND | F26: TARIFA/HORA | G26: RENDIMIENTO | H26: V. PARCIAL
F27: =IF($A27=0,0,VLOOKUP($A27,EQUI!$A$2:$E$38,3,FALSE)) -> 0 | G27: =+IF($A27=0,0,VLOOKUP($A27,EQUI!$A$2:$E$38,5,FALSE)) -> 0 | H27: =F27*G27 -> 0
F28: =IF($A28=0,0,VLOOKUP($A28,EQUI!$A$2:$E$6,3,FALSE)) -> 0 | G28: =+IF($A28=0,0,VLOOKUP($A28,EQUI!$A$2:$E$6,5,FALSE)) -> 0 | H28: =F28*G28 -> 0
G31: SUBTOTAL | H31: =SUM(H27:H30) -> 0
A33: III. TRANSPORTE
A34: MATERIAL | D34: VOL. O PESO (EXP) | E34: DISTANCIA (KM) | F34: CANT | G34: TARIFA | H34: V. PARCIAL
D35: =IF($A$35=0,0,VLOOKUP($A$35,TRANS!$A$2:$F$38,5,FALSE)) -> 0 | E35: =IF($A$35=0,0,VLOOKUP($A$35,TRANS!$A$2:$D$39,3,FALSE)) -> 0 | G35: =IF($A$35=0,0,VLOOKUP($A$35,TRANS!$A$2:$D$38,4,FALSE)) -> 0 | H35: =+E35*F35*G35*D35 -> 0
G39: SUBTOTAL | H39: =SUM(H35:H38) -> 0
A41: IV. MANO DE OBRA
A42: DESCRIPCION | D42: V. HORA +PRESTACIONES | E42: CANTIDAD | F42: JORNAL TOTAL | G42: RENDIMIENTO HH | H42: V. PARCIAL
A43: OFICIAL A. | D43: =MO!F31/8 -> 24791.667 | E43: 1 | F43: =D43*E43 -> 24791.667 | G43: =+IF(AND($E$43=1,$E$44=1),_xlfn.XLOOKUP($D$10,REND[DESCRIPCIÓN],REND[RENDIMIENTO (1)]),IF(AND($E$43=1,$E$44=2),_xlfn.XLOOKUP($D$10,REND[DESCRIPCIÓN],REND[RENDIMIENTO (2)]),IF(AND($E$43=1,$E$44=3),_xlfn.XLOOKUP($D$10,REND[DESCRIPCIÓN],REND[RENDIMIENTO (3)]),IF(AND($E$43=1,$E$44=4),_xlfn.XLOOKUP($D$10,REND[DESCRIPCIÓN],REND[RENDIMIENTO (4)]),0)))) -> 0.3 | H43: =F43*G43 -> 7437.5
A44: AYUDANTE A. | D44: =MO!F14/8 -> 14583.333 | E44: 1 | F44: =D44*E44 -> 14583.333 | G44: =+IF(AND($E$43=1,$E$44=1),_xlfn.XLOOKUP($D$10,REND[DESCRIPCIÓN],REND[RENDIMIENTO (1)]),IF(AND($E$43=1,$E$44=2),_xlfn.XLOOKUP($D$10,REND[DESCRIPCIÓN],REND[RENDIMIENTO (2)]),IF(AND($E$43=1,$E$44=3),_xlfn.XLOOKUP($D$10,REND[DESCRIPCIÓN],REND[RENDIMIENTO (3)]),IF(AND($E$43=1,$E$44=4),_xlfn.XLOOKUP($D$10,REND[DESCRIPCIÓN],REND[RENDIMIENTO (4)]),0)))) -> 0.3 | H44: =F44*G44 -> 4375
H45: =F45*G45 -> 0
G46: SUBTOTAL | H46: =SUM(H43:H45) -> 11812.5
A48: VALOR TOTAL | H48: =ROUND(H23+H31+H39+H46,0) -> 27168
A54: VoBo ARQ. LINA MARITZA BOCANEGRA QUINTERO | F54: ING. MIGUEL ANDRES CAPERA HERNANDEZ
A55: Secretaria de Planeación e Infraestructura | F55: Proyectó y elaboró

Sheet CIE-007
A1: ANALISIS DE PRECIOS UNITARIOS
A3: SECRETARIA DE PLANEACIÓN E INFRAESTRUCTURA
A4: ALCALDÍA MUNICIPAL DE RIOBLANCO - TOLIMA
A6: OBJETO: | B6: =+PTO!D3 -> PAVIMENTACIÓN SECTORIAL DE LA CARRERA 5 ENTRE CALLES 2 Y 3 DEL MUNICIPIO DE RIOBLANCO TOLIMA
A9: ITEM | D9: =+_xlfn.XLOOKUP(D10,PTO!$D$4:$D$15,PTO!$C$4:$C$15) -> #N/A | E9: UNIDAD | F9: =+_xlfn.XLOOKUP($D$10,LIST[DESCRIPCIÓN],LIST[UNIDAD]) -> M | G9: CANTIDAD | H9: 1
A10: DESCRIPCION | D10: TUBERIA CUADRADA 6X6CM BAJANTE AGUAS LLUVIAS
A13: I. MATERIALES
A14: DESCRIPCION | E14: UND | F14: CANT | G14: V. UNITARIO | H14: V. PARCIAL
A15: TUBERIA PVC CUADRADA 6CMX6CMX3M | E15: =IF($A15=0,0,VLOOKUP($A15,INS!$A$2:$E$137,2,FALSE)) -> UND | F15: 0.34 | G15: =IF($A15=0,0,VLOOKUP($A15,INS!$A$2:$G$137,6,FALSE)) -> 48000 | H15: =+F15*G15 -> 16320
A16: CODO TUBERIA CUADRADA 6X6 PVC | E16: =IF($A16=0,0,VLOOKUP($A16,INS!$A$2:$E$137,2,FALSE)) -> UND | F16: 0.2 | G16: =IF($A16=0,0,VLOOKUP($A16,INS!$A$2:$G$137,6,FALSE)) -> 6780 | H16: =+F16*G16 -> 1356
A17: UNION TUBO CUADRADO 6X6 PVC | E17: =IF($A17=0,0,VLOOKUP($A17,INS!$A$2:$E$137,2,FALSE)) -> UND | F17: 0.3 | G17: =IF($A17=0,0,VLOOKUP($A17,INS!$A$2:$G$137,6,FALSE)) -> 4100 | H17: =+F17*G17 -> 1230
E18: =IF($A18=0,0,VLOOKUP($A18,INS!$A$2:$E$137,2,FALSE)) -> 0 | G18: =IF($A18=0,0,VLOOKUP($A18,INS!$A$2:$G$137,6,FALSE)) -> 0 | H18: =+F18*G18 -> 0
E19: =IF($A19=0,0,VLOOKUP($A19,INS!$A$2:$E$137,2,FALSE)) -> 0 | G19: =IF($A19=0,0,VLOOKUP($A19,INS!$A$2:$G$137,6,FALSE)) -> 0 | H19: =+F19*G19 -> 0
E20: =IF($A20=0,0,VLOOKUP($A20,INS!$A$2:$E$137,2,FALSE)) -> 0 | G20: =IF($A20=0,0,VLOOKUP($A20,INS!$A$2:$G$137,6,FALSE)) -> 0 | H20: =+F20*G20 -> 0
A22: Herramienta menor | E22: %M.O | F22: 0.05 | G22: =H46 -> 19687.5 | H22: =F22*G22 -> 984.375
G23: SUBTOTAL | H23: =SUM(H15:H22) -> 19890.375
A25: II. EQUIPO
A26: DESCRIPCION | D26: MARCA | E26: UND | F26: TARIFA/HORA | G26: RENDIMIENTO | H26: V. PARCIAL
A27: ANDAMIO CON TABLON (2 CUERPOS) | F27: =IF($A27=0,0,VLOOKUP($A27,EQUI!$A$2:$E$38,3,FALSE)) -> 10000 | G27: =+IF($A27=0,0,VLOOKUP($A27,EQUI!$A$2:$E$38,5,FALSE)) -> 0.1 | H27: =F27*G27 -> 1000
F28: =IF($A28=0,0,VLOOKUP($A28,EQUI!$A$2:$E$6,3,FALSE)) -> 0 | G28: =+IF($A28=0,0,VLOOKUP($A28,EQUI!$A$2:$E$6,5,FALSE)) -> 0 | H28: =F28*G28 -> 0
G31: SUBTOTAL | H31: =SUM(H27:H30) -> 1000
A33: III. TRANSPORTE
A34: MATERIAL | D34: VOL. O PESO (EXP) | E34: DISTANCIA (KM) | F34: CANT | G34: TARIFA | H34: V. PARCIAL
D35: =IF($A$35=0,0,VLOOKUP($A$35,TRANS!$A$2:$F$38,5,FALSE)) -> 0 | E35: =IF($A$35=0,0,VLOOKUP($A$35,TRANS!$A$2:$D$39,3,FALSE)) -> 0 | G35: =IF($A$35=0,0,VLOOKUP($A$35,TRANS!$A$2:$D$38,4,FALSE)) -> 0 | H35: =+E35*F35*G35*D35 -> 0
G39: SUBTOTAL | H39: =SUM(H35:H38) -> 0
A41: IV. MANO DE OBRA
A42: DESCRIPCION | D42: V. HORA +PRESTACIONES | E42: CANTIDAD | F42: JORNAL TOTAL | G42: RENDIMIENTO HH | H42: V. PARCIAL
A43: OFICIAL A. | D43: =MO!F31/8 -> 24791.667 | E43: 1 | F43: =D43*E43 -> 24791.667 | G43: =+IF(AND($E$43=1,$E$44=1),_xlfn.XLOOKUP($D$10,REND[DESCRIPCIÓN],REND[RENDIMIENTO (1)]),IF(AND($E$43=1,$E$44=2),_xlfn.XLOOKUP($D$10,REND[DESCRIPCIÓN],REND[RENDIMIENTO (2)]),IF(AND($E$43=1,$E$44=3),_xlfn.XLOOKUP($D$10,REND[DESCRIPCIÓN],REND[RENDIMIENTO (3)]),IF(AND($E$43=1,$E$44=4),_xlfn.XLOOKUP($D$10,REND[DESCRIPCIÓN],REND[RENDIMIENTO (4)]),0)))) -> 0.5 | H43: =F43*G43 -> 12395.833
A44: AYUDANTE A. | D44: =MO!F14/8 -> 14583.333 | E44: 1 | F44: =D44*E44 -> 14583.333 | G44: =+IF(AND($E$43=1,$E$44=1),_xlfn.XLOOKUP($D$10,REND[DESCRIPCIÓN],REND[RENDIMIENTO (1)]),IF(AND($E$43=1,$E$44=2),_xlfn.XLOOKUP($D$10,REND[DESCRIPCIÓN],REND[RENDIMIENTO (2)]),IF(AND($E$43=1,$E$44=3),_xlfn.XLOOKUP($D$10,REND[DESCRIPCIÓN],REND[RENDIMIENTO (3)]),IF(AND($E$43=1,$E$44=4),_xlfn.XLOOKUP($D$10,REND[DESCRIPCIÓN],REND[RENDIMIENTO (4)]),0)))) -> 0.5 | H44: =F44*G44 -> 7291.6667
H45: =F45*G45 -> 0
G46: SUBTOTAL | H46: =SUM(H43:H45) -> 19687.5
A48: VALOR TOTAL | H48: =ROUND(H23+H31+H39+H46,0) -> 40578
A54: VoBo ARQ. LINA MARITZA BOCANEGRA QUINTERO | F54: ING. MIGUEL ANDRES CAPERA HERNANDEZ
A55: Secretaria de Planeación e Infraestructura | F55: Proyectó y elaboró

Sheet CIE-006
A1: ANALISIS DE PRECIOS UNITARIOS
A3: SECRETARIA DE PLANEACIÓN E INFRAESTRUCTURA
A4: ALCALDÍA MUNICIPAL DE RIOBLANCO - TOLIMA
A6: OBJETO: | B6: =+PTO!D3 -> PAVIMENTACIÓN SECTORIAL DE LA CARRERA 5 ENTRE CALLES 2 Y 3 DEL MUNICIPIO DE RIOBLANCO TOLIMA
A9: ITEM | D9: =+_xlfn.XLOOKUP(D10,PTO!$D$4:$D$15,PTO!$C$4:$C$15) -> #N/A | E9: UNIDAD | F9: =+_xlfn.XLOOKUP($D$10,LIST[DESCRIPCIÓN],LIST[UNIDAD]) -> M | G9: CANTIDAD | H9: 1
A10: DESCRIPCION | D10: IMPERMEABILIZANTE DE VIGACANALES EN CONCRETO
A13: I. MATERIALES
A14: DESCRIPCION | E14: UND | F14: CANT | G14: V. UNITARIO | H14: V. PARCIAL
A15: IMPERMEABILIZANTE ACRILICO+FIBRAS 12 AÑOS | E15: =IF($A15=0,0,VLOOKUP($A15,INS!$A$2:$E$137,2,FALSE)) -> CANECA | F15: =1/20 -> 0.05 | G15: =IF($A15=0,0,VLOOKUP($A15,INS!$A$2:$G$137,6,FALSE)) -> 446900 | H15: =+F15*G15 -> 22345 | J15: 4 | K15: 1
A16: RODILLO DE FELPA 9" | E16: =IF($A16=0,0,VLOOKUP($A16,INS!$A$2:$E$137,2,FALSE)) -> UND | F16: 0.2 | G16: =IF($A16=0,0,VLOOKUP($A16,INS!$A$2:$G$137,6,FALSE)) -> 13900 | H16: =+F16*G16 -> 2780
E17: =IF($A17=0,0,VLOOKUP($A17,INS!$A$2:$E$137,2,FALSE)) -> 0 | G17: =IF($A17=0,0,VLOOKUP($A17,INS!$A$2:$G$137,6,FALSE)) -> 0 | H17: =+F17*G17 -> 0
E18: =IF($A18=0,0,VLOOKUP($A18,INS!$A$2:$E$137,2,FALSE)) -> 0 | G18: =IF($A18=0,0,VLOOKUP($A18,INS!$A$2:$G$137,6,FALSE)) -> 0 | H18: =+F18*G18 -> 0
E19: =IF($A19=0,0,VLOOKUP($A19,INS!$A$2:$E$137,2,FALSE)) -> 0 | G19: =IF($A19=0,0,VLOOKUP($A19,INS!$A$2:$G$137,6,FALSE)) -> 0 | H19: =+F19*G19 -> 0
E20: =IF($A20=0,0,VLOOKUP($A20,INS!$A$2:$E$137,2,FALSE)) -> 0 | G20: =IF($A20=0,0,VLOOKUP($A20,INS!$A$2:$G$137,6,FALSE)) -> 0 | H20: =+F20*G20 -> 0
A22: Herramienta menor | E22: %M.O | F22: 0.05 | G22: =H46 -> 13781.25 | H22: =F22*G22 -> 689.0625
G23: SUBTOTAL | H23: =SUM(H15:H22) -> 25814.062
A25: II. EQUIPO
A26: DESCRIPCION | D26: MARCA | E26: UND | F26: TARIFA/HORA | G26: RENDIMIENTO | H26: V. PARCIAL
A27: ANDAMIO CON TABLON (2 CUERPOS) | F27: =IF($A27=0,0,VLOOKUP($A27,EQUI!$A$2:$E$38,3,FALSE)) -> 10000 | G27: =+IF($A27=0,0,VLOOKUP($A27,EQUI!$A$2:$E$38,5,FALSE)) -> 0.1 | H27: =F27*G27 -> 1000
F28: =IF($A28=0,0,VLOOKUP($A28,EQUI!$A$2:$E$6,3,FALSE)) -> 0 | G28: =+IF($A28=0,0,VLOOKUP($A28,EQUI!$A$2:$E$6,5,FALSE)) -> 0 | H28: =F28*G28 -> 0
G31: SUBTOTAL | H31: =SUM(H27:H30) -> 1000
A33: III. TRANSPORTE
A34: MATERIAL | D34: VOL. O PESO (EXP) | E34: DISTANCIA (KM) | F34: CANT | G34: TARIFA | H34: V. PARCIAL
D35: =IF($A$35=0,0,VLOOKUP($A$35,TRANS!$A$2:$F$38,5,FALSE)) -> 0 | E35: =IF($A$35=0,0,VLOOKUP($A$35,TRANS!$A$2:$D$39,3,FALSE)) -> 0 | G35: =IF($A$35=0,0,VLOOKUP($A$35,TRANS!$A$2:$D$38,4,FALSE)) -> 0 | H35: =+E35*F35*G35*D35 -> 0
G39: SUBTOTAL | H39: =SUM(H35:H38) -> 0
A41: IV. MANO DE OBRA
A42: DESCRIPCION | D42: V. HORA +PRESTACIONES | E42: CANTIDAD | F42: JORNAL TOTAL | G42: RENDIMIENTO HH | H42: V. PARCIAL
A43: OFICIAL A. | D43: =MO!F31/8 -> 24791.667 | E43: 1 | F43: =D43*E43 -> 24791.667 | G43: =+IF(AND($E$43=1,$E$44=1),_xlfn.XLOOKUP($D$10,REND[DESCRIPCIÓN],REND[RENDIMIENTO (1)]),IF(AND($E$43=1,$E$44=2),_xlfn.XLOOKUP($D$10,REND[DESCRIPCIÓN],REND[RENDIMIENTO (2)]),IF(AND($E$43=1,$E$44=3),_xlfn.XLOOKUP($D$10,REND[DESCRIPCIÓN],REND[RENDIMIENTO (3)]),IF(AND($E$43=1,$E$44=4),_xlfn.XLOOKUP($D$10,REND[DESCRIPCIÓN],REND[RENDIMIENTO (4)]),0)))) -> 0.35 | H43: =F43*G43 -> 8677.0833
A44: AYUDANTE A. | D44: =MO!F14/8 -> 14583.333 | E44: 1 | F44: =D44*E44 -> 14583.333 | G44: =+IF(AND($E$43=1,$E$44=1),_xlfn.XLOOKUP($D$10,REND[DESCRIPCIÓN],REND[RENDIMIENTO (1)]),IF(AND($E$43=1,$E$44=2),_xlfn.XLOOKUP($D$10,REND[DESCRIPCIÓN],REND[RENDIMIENTO (2)]),IF(AND($E$43=1,$E$44=3),_xlfn.XLOOKUP($D$10,REND[DESCRIPCIÓN],REND[RENDIMIENTO (3)]),IF(AND($E$43=1,$E$44=4),_xlfn.XLOOKUP($D$10,REND[DESCRIPCIÓN],REND[RENDIMIENTO (4)]),0)))) -> 0.35 | H44: =F44*G44 -> 5104.1667
H45: =F45*G45 -> 0
G46: SUBTOTAL | H46: =SUM(H43:H45) -> 13781.25
A48: VALOR TOTAL | H48: =ROUND(H23+H31+H39+H46,0) -> 40595
A54: VoBo ARQ. LINA MARITZA BOCANEGRA QUINTERO | F54: ING. MIGUEL ANDRES CAPERA HERNANDEZ
A55: Secretaria de Planeación e Infraestructura | F55: Proyectó y elaboró

Sheet CIE-005
A1: ANALISIS DE PRECIOS UNITARIOS
A3: SECRETARIA DE PLANEACIÓN E INFRAESTRUCTURA
A4: ALCALDÍA MUNICIPAL DE RIOBLANCO - TOLIMA
A6: OBJETO: | B6: =+PTO!D3 -> PAVIMENTACIÓN SECTORIAL DE LA CARRERA 5 ENTRE CALLES 2 Y 3 DEL MUNICIPIO DE RIOBLANCO TOLIMA
A9: ITEM | D9: =+_xlfn.XLOOKUP(D10,PTO!$D$4:$D$15,PTO!$C$4:$C$15) -> #N/A | E9: UNIDAD | F9: =+_xlfn.XLOOKUP($D$10,LIST[DESCRIPCIÓN],LIST[UNIDAD]) -> M2 | G9: CANTIDAD | H9: 1
A10: DESCRIPCION | D10: TAPA GOTERAS CON SELLANTE, ACRILICO+FIBRA
A13: I. MATERIALES
A14: DESCRIPCION | E14: UND | F14: CANT | G14: V. UNITARIO | H14: V. PARCIAL
A15: IMPERMEABILIZANTE ACRILICO+FIBRAS 12 AÑOS | E15: =IF($A15=0,0,VLOOKUP($A15,INS!$A$2:$E$137,2,FALSE)) -> CANECA | F15: 0.05 | G15: =IF($A15=0,0,VLOOKUP($A15,INS!$A$2:$G$137,6,FALSE)) -> 446900 | H15: =+F15*G15 -> 22345 | J15: 4 | K15: 1
A16: RODILLO DE FELPA 9" | E16: =IF($A16=0,0,VLOOKUP($A16,INS!$A$2:$E$137,2,FALSE)) -> UND | F16: 0.2 | G16: =IF($A16=0,0,VLOOKUP($A16,INS!$A$2:$G$137,6,FALSE)) -> 13900 | H16: =+F16*G16 -> 2780
A17: SELLADOR DE POLIURETANO 100% ALTO RENDIMIENTO 300ML | E17: =IF($A17=0,0,VLOOKUP($A17,INS!$A$2:$E$137,2,FALSE)) -> UND | F17: 0.2 | G17: =IF($A17=0,0,VLOOKUP($A17,INS!$A$2:$G$137,6,FALSE)) -> 27900 | H17: =+F17*G17 -> 5580
E18: =IF($A18=0,0,VLOOKUP($A18,INS!$A$2:$E$137,2,FALSE)) -> 0 | G18: =IF($A18=0,0,VLOOKUP($A18,INS!$A$2:$G$137,6,FALSE)) -> 0 | H18: =+F18*G18 -> 0
E19: =IF($A19=0,0,VLOOKUP($A19,INS!$A$2:$E$137,2,FALSE)) -> 0 | G19: =IF($A19=0,0,VLOOKUP($A19,INS!$A$2:$G$137,6,FALSE)) -> 0 | H19: =+F19*G19 -> 0
E20: =IF($A20=0,0,VLOOKUP($A20,INS!$A$2:$E$137,2,FALSE)) -> 0 | G20: =IF($A20=0,0,VLOOKUP($A20,INS!$A$2:$G$137,6,FALSE)) -> 0 | H20: =+F20*G20 -> 0
A22: Herramienta menor | E22: %M.O | F22: 0.05 | G22: =H46 -> 9712.5 | H22: =F22*G22 -> 485.625
G23: SUBTOTAL | H23: =SUM(H15:H22) -> 31190.625
A25: II. EQUIPO
A26: DESCRIPCION | D26: MARCA | E26: UND | F26: TARIFA/HORA | G26: RENDIMIENTO | H26: V. PARCIAL
A27: ANDAMIO CON TABLON (2 CUERPOS) | F27: =IF($A27=0,0,VLOOKUP($A27,EQUI!$A$2:$E$38,3,FALSE)) -> 10000 | G27: =+IF($A27=0,0,VLOOKUP($A27,EQUI!$A$2:$E$38,5,FALSE)) -> 0.1 | H27: =F27*G27 -> 1000
F28: =IF($A28=0,0,VLOOKUP($A28,EQUI!$A$2:$E$6,3,FALSE)) -> 0 | G28: =+IF($A28=0,0,VLOOKUP($A28,EQUI!$A$2:$E$6,5,FALSE)) -> 0 | H28: =F28*G28 -> 0
G31: SUBTOTAL | H31: =SUM(H27:H30) -> 1000
A33: III. TRANSPORTE
A34: MATERIAL | D34: VOL. O PESO (EXP) | E34: DISTANCIA (KM) | F34: CANT | G34: TARIFA | H34: V. PARCIAL
D35: =IF($A$35=0,0,VLOOKUP($A$35,TRANS!$A$2:$F$38,5,FALSE)) -> 0 | E35: =IF($A$35=0,0,VLOOKUP($A$35,TRANS!$A$2:$D$39,3,FALSE)) -> 0 | G35: =IF($A$35=0,0,VLOOKUP($A$35,TRANS!$A$2:$D$38,4,FALSE)) -> 0 | H35: =+E35*F35*G35*D35 -> 0
G39: SUBTOTAL | H39: =SUM(H35:H38) -> 0
A41: IV. MANO DE OBRA
A42: DESCRIPCION | D42: V. HORA +PRESTACIONES | E42: CANTIDAD | F42: JORNAL TOTAL | G42: RENDIMIENTO HH | H42: V. PARCIAL
A43: OFICIAL A. | D43: =MO!F31/8 -> 24791.667 | E43: 1 | F43: =D43*E43 -> 24791.667 | G43: =+IF(AND($E$43=1,$E$44=1),_xlfn.XLOOKUP($D$10,REND[DESCRIPCIÓN],REND[RENDIMIENTO (1)]),IF(AND($E$43=1,$E$44=2),_xlfn.XLOOKUP($D$10,REND[DESCRIPCIÓN],REND[RENDIMIENTO (2)]),IF(AND($E$43=1,$E$44=3),_xlfn.XLOOKUP($D$10,REND[DESCRIPCIÓN],REND[RENDIMIENTO (3)]),IF(AND($E$43=1,$E$44=4),_xlfn.XLOOKUP($D$10,REND[DESCRIPCIÓN],REND[RENDIMIENTO (4)]),0)))) -> 0.18 | H43: =F43*G43 -> 4462.5
A44: AYUDANTE A. | D44: =MO!F14/8 -> 14583.333 | E44: 2 | F44: =D44*E44 -> 29166.667 | G44: =+IF(AND($E$43=1,$E$44=1),_xlfn.XLOOKUP($D$10,REND[DESCRIPCIÓN],REND[RENDIMIENTO (1)]),IF(AND($E$43=1,$E$44=2),_xlfn.XLOOKUP($D$10,REND[DESCRIPCIÓN],REND[RENDIMIENTO (2)]),IF(AND($E$43=1,$E$44=3),_xlfn.XLOOKUP($D$10,REND[DESCRIPCIÓN],REND[RENDIMIENTO (3)]),IF(AND($E$43=1,$E$44=4),_xlfn.XLOOKUP($D$10,REND[DESCRIPCIÓN],REND[RENDIMIENTO (4)]),0)))) -> 0.18 | H44: =F44*G44 -> 5250
H45: =F45*G45 -> 0
G46: SUBTOTAL | H46: =SUM(H43:H45) -> 9712.5
A48: VALOR TOTAL | H48: =ROUND(H23+H31+H39+H46,0) -> 41903
A54: VoBo ARQ. LINA MARITZA BOCANEGRA QUINTERO | F54: ING. MIGUEL ANDRES CAPERA HERNANDEZ
A55: Secretaria de Planeación e Infraestructura | F55: Proyectó y elaboró

Sheet CIE-004
A1: ANALISIS DE PRECIOS UNITARIOS
A3: SECRETARIA DE PLANEACIÓN E INFRAESTRUCTURA
A4: ALCALDÍA MUNICIPAL DE RIOBLANCO - TOLIMA
A6: OBJETO: | B6: =+PTO!D3 -> PAVIMENTACIÓN SECTORIAL DE LA CARRERA 5 ENTRE CALLES 2 Y 3 DEL MUNICIPIO DE RIOBLANCO TOLIMA
A9: ITEM | D9: =+_xlfn.XLOOKUP(D10,PTO!$D$4:$D$15,PTO!$C$4:$C$15) -> #N/A | E9: UNIDAD | F9: =+_xlfn.XLOOKUP($D$10,LIST[DESCRIPCIÓN],LIST[UNIDAD]) -> M | G9: CANTIDAD | H9: 1
A10: DESCRIPCION | D10: FLANCHE METALICO CUBIERTA CAL.26
A13: I. MATERIALES
A14: DESCRIPCION | E14: UND | F14: CANT | G14: V. UNITARIO | H14: V. PARCIAL
A15: FLANCHE METALICO CAL.26 20X2 | E15: =IF($A15=0,0,VLOOKUP($A15,INS!$A$2:$E$137,2,FALSE)) -> M | F15: 0.5 | G15: =IF($A15=0,0,VLOOKUP($A15,INS!$A$2:$G$137,6,FALSE)) -> 30000 | H15: =+F15*G15 -> 15000
A16: SILICONA ANTIHONGOS BAÑOS Y COCINA 280 ML | E16: =IF($A16=0,0,VLOOKUP($A16,INS!$A$2:$E$137,2,FALSE)) -> UND | F16: 0.2 | G16: =IF($A16=0,0,VLOOKUP($A16,INS!$A$2:$G$137,6,FALSE)) -> 24000 | H16: =+F16*G16 -> 4800
E17: =IF($A17=0,0,VLOOKUP($A17,INS!$A$2:$E$137,2,FALSE)) -> 0 | G17: =IF($A17=0,0,VLOOKUP($A17,INS!$A$2:$G$137,6,FALSE)) -> 0 | H17: =+F17*G17 -> 0
E18: =IF($A18=0,0,VLOOKUP($A18,INS!$A$2:$E$137,2,FALSE)) -> 0 | G18: =IF($A18=0,0,VLOOKUP($A18,INS!$A$2:$G$137,6,FALSE)) -> 0 | H18: =+F18*G18 -> 0
E19: =IF($A19=0,0,VLOOKUP($A19,INS!$A$2:$E$137,2,FALSE)) -> 0 | G19: =IF($A19=0,0,VLOOKUP($A19,INS!$A$2:$G$137,6,FALSE)) -> 0 | H19: =+F19*G19 -> 0
E20: =IF($A20=0,0,VLOOKUP($A20,INS!$A$2:$E$137,2,FALSE)) -> 0 | G20: =IF($A20=0,0,VLOOKUP($A20,INS!$A$2:$G$137,6,FALSE)) -> 0 | H20: =+F20*G20 -> 0
A22: Herramienta menor | E22: %M.O | F22: 0.05 | G22: =H46 -> 11812.5 | H22: =F22*G22 -> 590.625
G23: SUBTOTAL | H23: =SUM(H15:H22) -> 20390.625
A25: II. EQUIPO
A26: DESCRIPCION | D26: MARCA | E26: UND | F26: TARIFA/HORA | G26: RENDIMIENTO | H26: V. PARCIAL
A27: ANDAMIO CON TABLON (2 CUERPOS) | F27: =IF($A27=0,0,VLOOKUP($A27,EQUI!$A$2:$E$38,3,FALSE)) -> 10000 | G27: =+IF($A27=0,0,VLOOKUP($A27,EQUI!$A$2:$E$38,5,FALSE)) -> 0.1 | H27: =F27*G27 -> 1000
F28: =IF($A28=0,0,VLOOKUP($A28,EQUI!$A$2:$E$6,3,FALSE)) -> 0 | G28: =+IF($A28=0,0,VLOOKUP($A28,EQUI!$A$2:$E$6,5,FALSE)) -> 0 | H28: =F28*G28 -> 0
G31: SUBTOTAL | H31: =SUM(H27:H30) -> 1000
A33: III. TRANSPORTE
A34: MATERIAL | D34: VOL. O PESO (EXP) | E34: DISTANCIA (KM) | F34: CANT | G34: TARIFA | H34: V. PARCIAL
D35: =IF($A$35=0,0,VLOOKUP($A$35,TRANS!$A$2:$F$38,5,FALSE)) -> 0 | E35: =IF($A$35=0,0,VLOOKUP($A$35,TRANS!$A$2:$D$39,3,FALSE)) -> 0 | G35: =IF($A$35=0,0,VLOOKUP($A$35,TRANS!$A$2:$D$38,4,FALSE)) -> 0 | H35: =+E35*F35*G35*D35 -> 0
G39: SUBTOTAL | H39: =SUM(H35:H38) -> 0
A41: IV. MANO DE OBRA
A42: DESCRIPCION | D42: V. HORA +PRESTACIONES | E42: CANTIDAD | F42: JORNAL TOTAL | G42: RENDIMIENTO HH | H42: V. PARCIAL
A43: OFICIAL A. | D43: =MO!F31/8 -> 24791.667 | E43: 1 | F43: =D43*E43 -> 24791.667 | G43: =+IF(AND($E$43=1,$E$44=1),_xlfn.XLOOKUP($D$10,REND[DESCRIPCIÓN],REND[RENDIMIENTO (1)]),IF(AND($E$43=1,$E$44=2),_xlfn.XLOOKUP($D$10,REND[DESCRIPCIÓN],REND[RENDIMIENTO (2)]),IF(AND($E$43=1,$E$44=3),_xlfn.XLOOKUP($D$10,REND[DESCRIPCIÓN],REND[RENDIMIENTO (3)]),IF(AND($E$43=1,$E$44=4),_xlfn.XLOOKUP($D$10,REND[DESCRIPCIÓN],REND[RENDIMIENTO (4)]),0)))) -> 0.3 | H43: =F43*G43 -> 7437.5
A44: AYUDANTE A. | D44: =MO!F14/8 -> 14583.333 | E44: 1 | F44: =D44*E44 -> 14583.333 | G44: =+IF(AND($E$43=1,$E$44=1),_xlfn.XLOOKUP($D$10,REND[DESCRIPCIÓN],REND[RENDIMIENTO (1)]),IF(AND($E$43=1,$E$44=2),_xlfn.XLOOKUP($D$10,REND[DESCRIPCIÓN],REND[RENDIMIENTO (2)]),IF(AND($E$43=1,$E$44=3),_xlfn.XLOOKUP($D$10,REND[DESCRIPCIÓN],REND[RENDIMIENTO (3)]),IF(AND($E$43=1,$E$44=4),_xlfn.XLOOKUP($D$10,REND[DESCRIPCIÓN],REND[RENDIMIENTO (4)]),0)))) -> 0.3 | H44: =F44*G44 -> 4375
H45: =F45*G45 -> 0
G46: SUBTOTAL | H46: =SUM(H43:H45) -> 11812.5
A48: VALOR TOTAL | H48: =ROUND(H23+H31+H39+H46,0) -> 33203
A54: VoBo ARQ. LINA MARITZA BOCANEGRA QUINTERO | F54: ING. MIGUEL ANDRES CAPERA HERNANDEZ
A55: Secretaria de Planeación e Infraestructura | F55: Proyectó y elaboró

Sheet CIE-003
A1: ANALISIS DE PRECIOS UNITARIOS
A3: SECRETARIA DE PLANEACIÓN E INFRAESTRUCTURA
A4: ALCALDÍA MUNICIPAL DE RIOBLANCO - TOLIMA
A6: OBJETO: | B6: =+PTO!D3 -> PAVIMENTACIÓN SECTORIAL DE LA CARRERA 5 ENTRE CALLES 2 Y 3 DEL MUNICIPIO DE RIOBLANCO TOLIMA
A9: ITEM | D9: =+_xlfn.XLOOKUP(D10,PTO!$D$4:$D$15,PTO!$C$4:$C$15) -> #N/A | E9: UNIDAD | F9: =+_xlfn.XLOOKUP($D$10,LIST[DESCRIPCIÓN],LIST[UNIDAD]) -> M2 | G9: CANTIDAD | H9: 1
A10: DESCRIPCION | D10: TEJA TERMOACISTICA ARQUITECTONICA CAL. 31
A13: I. MATERIALES
A14: DESCRIPCION | E14: UND | F14: CANT | G14: V. UNITARIO | H14: V. PARCIAL
A15: TEJA TERMOACISTICA ARQUITECTONICA CAL. 31 | E15: =IF($A15=0,0,VLOOKUP($A15,INS!$A$2:$E$137,2,FALSE)) -> M2 | F15: 1 | G15: =IF($A15=0,0,VLOOKUP($A15,INS!$A$2:$G$137,6,FALSE)) -> 32000 | H15: =+F15*G15 -> 32000
A16: TORNILLO CUBIERTA 2" CON ARANDELA DE NEOPRENO | E16: =IF($A16=0,0,VLOOKUP($A16,INS!$A$2:$E$137,2,FALSE)) -> UND | F16: 8 | G16: =IF($A16=0,0,VLOOKUP($A16,INS!$A$2:$G$137,6,FALSE)) -> 1499 | H16: =+F16*G16 -> 11992
E17: =IF($A17=0,0,VLOOKUP($A17,INS!$A$2:$E$137,2,FALSE)) -> 0 | G17: =IF($A17=0,0,VLOOKUP($A17,INS!$A$2:$G$137,6,FALSE)) -> 0 | H17: =+F17*G17 -> 0
E18: =IF($A18=0,0,VLOOKUP($A18,INS!$A$2:$E$137,2,FALSE)) -> 0 | G18: =IF($A18=0,0,VLOOKUP($A18,INS!$A$2:$G$137,6,FALSE)) -> 0 | H18: =+F18*G18 -> 0
E19: =IF($A19=0,0,VLOOKUP($A19,INS!$A$2:$E$137,2,FALSE)) -> 0 | G19: =IF($A19=0,0,VLOOKUP($A19,INS!$A$2:$G$137,6,FALSE)) -> 0 | H19: =+F19*G19 -> 0
E20: =IF($A20=0,0,VLOOKUP($A20,INS!$A$2:$E$137,2,FALSE)) -> 0 | G20: =IF($A20=0,0,VLOOKUP($A20,INS!$A$2:$G$137,6,FALSE)) -> 0 | H20: =+F20*G20 -> 0
A22: Herramienta menor | E22: %M.O | F22: 0.05 | G22: =H46 -> 25900 | H22: =F22*G22 -> 1295
G23: SUBTOTAL | H23: =SUM(H15:H22) -> 45287
A25: II. EQUIPO
A26: DESCRIPCION | D26: MARCA | E26: UND | F26: TARIFA/HORA | G26: RENDIMIENTO | H26: V. PARCIAL
A27: ANDAMIO CON TABLON (2 CUERPOS) | F27: =IF($A27=0,0,VLOOKUP($A27,EQUI!$A$2:$E$38,3,FALSE)) -> 10000 | G27: =+IF($A27=0,0,VLOOKUP($A27,EQUI!$A$2:$E$38,5,FALSE)) -> 0.1 | H27: =F27*G27 -> 1000
F28: =IF($A28=0,0,VLOOKUP($A28,EQUI!$A$2:$E$6,3,FALSE)) -> 0 | G28: =+IF($A28=0,0,VLOOKUP($A28,EQUI!$A$2:$E$6,5,FALSE)) -> 0 | H28: =F28*G28 -> 0
G31: SUBTOTAL | H31: =SUM(H27:H30) -> 1000
A33: III. TRANSPORTE
A34: MATERIAL | D34: VOL. O PESO (EXP) | E34: DISTANCIA (KM) | F34: CANT | G34: TARIFA | H34: V. PARCIAL
D35: =IF($A$35=0,0,VLOOKUP($A$35,TRANS!$A$2:$F$38,5,FALSE)) -> 0 | E35: =IF($A$35=0,0,VLOOKUP($A$35,TRANS!$A$2:$D$39,3,FALSE)) -> 0 | G35: =IF($A$35=0,0,VLOOKUP($A$35,TRANS!$A$2:$D$38,4,FALSE)) -> 0 | H35: =+E35*F35*G35*D35 -> 0
G39: SUBTOTAL | H39: =SUM(H35:H38) -> 0
A41: IV. MANO DE OBRA
A42: DESCRIPCION | D42: V. HORA +PRESTACIONES | E42: CANTIDAD | F42: JORNAL TOTAL | G42: RENDIMIENTO HH | H42: V. PARCIAL
A43: OFICIAL A. | D43: =MO!F31/8 -> 24791.667 | E43: 1 | F43: =D43*E43 -> 24791.667 | G43: =+IF(AND($E$43=1,$E$44=1),_xlfn.XLOOKUP($D$10,REND[DESCRIPCIÓN],REND[RENDIMIENTO (1)]),IF(AND($E$43=1,$E$44=2),_xlfn.XLOOKUP($D$10,REND[DESCRIPCIÓN],REND[RENDIMIENTO (2)]),IF(AND($E$43=1,$E$44=3),_xlfn.XLOOKUP($D$10,REND[DESCRIPCIÓN],REND[RENDIMIENTO (3)]),IF(AND($E$43=1,$E$44=4),_xlfn.XLOOKUP($D$10,REND[DESCRIPCIÓN],REND[RENDIMIENTO (4)]),0)))) -> 0.48 | H43: =F43*G43 -> 11900
A44: AYUDANTE A. | D44: =MO!F14/8 -> 14583.333 | E44: 2 | F44: =D44*E44 -> 29166.667 | G44: =+IF(AND($E$43=1,$E$44=1),_xlfn.XLOOKUP($D$10,REND[DESCRIPCIÓN],REND[RENDIMIENTO (1)]),IF(AND($E$43=1,$E$44=2),_xlfn.XLOOKUP($D$10,REND[DESCRIPCIÓN],REND[RENDIMIENTO (2)]),IF(AND($E$43=1,$E$44=3),_xlfn.XLOOKUP($D$10,REND[DESCRIPCIÓN],REND[RENDIMIENTO (3)]),IF(AND($E$43=1,$E$44=4),_xlfn.XLOOKUP($D$10,REND[DESCRIPCIÓN],REND[RENDIMIENTO (4)]),0)))) -> 0.48 | H44: =F44*G44 -> 14000
H45: =F45*G45 -> 0
G46: SUBTOTAL | H46: =SUM(H43:H45) -> 25900
A48: VALOR TOTAL | H48: =ROUND(H23+H31+H39+H46,0) -> 72187
A54: VoBo ARQ. LINA MARITZA BOCANEGRA QUINTERO | F54: ING. MIGUEL ANDRES CAPERA HERNANDEZ
A55: Secretaria de Planeación e Infraestructura | F55: Proyectó y elaboró

Sheet CIE-002
A1: ANALISIS DE PRECIOS UNITARIOS
A3: SECRETARIA DE PLANEACIÓN E INFRAESTRUCTURA
A4: ALCALDÍA MUNICIPAL DE RIOBLANCO - TOLIMA
A6: OBJETO: | B6: =+PTO!D3 -> PAVIMENTACIÓN SECTORIAL DE LA CARRERA 5 ENTRE CALLES 2 Y 3 DEL MUNICIPIO DE RIOBLANCO TOLIMA
A9: ITEM | D9: =+_xlfn.XLOOKUP(D10,PTO!$D$4:$D$15,PTO!$C$4:$C$15) -> #N/A | E9: UNIDAD | F9: =+_xlfn.XLOOKUP($D$10,LIST[DESCRIPCIÓN],LIST[UNIDAD]) -> M | G9: CANTIDAD | H9: 1
A10: DESCRIPCION | D10: TUBERÍA PVC 4" SANITARIO BAJANTE AGUAS LLUVIAS
A13: I. MATERIALES
A14: DESCRIPCION | E14: UND | F14: CANT | G14: V. UNITARIO | H14: V. PARCIAL
A15: TUBO SANITARIO 4" TIPO PESADO X 6 METROS | E15: =IF($A15=0,0,VLOOKUP($A15,INS!$A$2:$E$137,2,FALSE)) -> UND | F15: 0.17 | G15: =IF($A15=0,0,VLOOKUP($A15,INS!$A$2:$G$137,6,FALSE)) -> 94500 | H15: =+F15*G15 -> 16065
A16: CODO SANITARIO DE 4" PVC | E16: =IF($A16=0,0,VLOOKUP($A16,INS!$A$2:$E$137,2,FALSE)) -> UND | F16: 0.3 | G16: =IF($A16=0,0,VLOOKUP($A16,INS!$A$2:$G$137,6,FALSE)) -> 12200 | H16: =+F16*G16 -> 3660
A17: UNIÓN SANITARIA 4" PVC | E17: =IF($A17=0,0,VLOOKUP($A17,INS!$A$2:$E$137,2,FALSE)) -> UND | F17: 0.3 | G17: =IF($A17=0,0,VLOOKUP($A17,INS!$A$2:$G$137,6,FALSE)) -> 7000 | H17: =+F17*G17 -> 2100
A18: ABRAZADERA TIPO GRAPA TUBO 4" METALICA | E18: =IF($A18=0,0,VLOOKUP($A18,INS!$A$2:$E$137,2,FALSE)) -> UND | F18: 0.5 | G18: =IF($A18=0,0,VLOOKUP($A18,INS!$A$2:$G$137,6,FALSE)) -> 7580 | H18: =+F18*G18 -> 3790
E19: =IF($A19=0,0,VLOOKUP($A19,INS!$A$2:$E$137,2,FALSE)) -> 0 | G19: =IF($A19=0,0,VLOOKUP($A19,INS!$A$2:$G$137,6,FALSE)) -> 0 | H19: =+F19*G19 -> 0
E20: =IF($A20=0,0,VLOOKUP($A20,INS!$A$2:$E$137,2,FALSE)) -> 0 | G20: =IF($A20=0,0,VLOOKUP($A20,INS!$A$2:$G$137,6,FALSE)) -> 0 | H20: =+F20*G20 -> 0
A22: Herramienta menor | E22: %M.O | F22: 0.05 | G22: =H46 -> 19687.5 | H22: =F22*G22 -> 984.375
G23: SUBTOTAL | H23: =SUM(H15:H22) -> 26599.375
A25: II. EQUIPO
A26: DESCRIPCION | D26: MARCA | E26: UND | F26: TARIFA/HORA | G26: RENDIMIENTO | H26: V. PARCIAL
A27: ANDAMIO CON TABLON (2 CUERPOS) | F27: =IF($A27=0,0,VLOOKUP($A27,EQUI!$A$2:$E$38,3,FALSE)) -> 10000 | G27: =+IF($A27=0,0,VLOOKUP($A27,EQUI!$A$2:$E$38,5,FALSE)) -> 0.1 | H27: =F27*G27 -> 1000
F28: =IF($A28=0,0,VLOOKUP($A28,EQUI!$A$2:$E$6,3,FALSE)) -> 0 | G28: =+IF($A28=0,0,VLOOKUP($A28,EQUI!$A$2:$E$6,5,FALSE)) -> 0 | H28: =F28*G28 -> 0
G31: SUBTOTAL | H31: =SUM(H27:H30) -> 1000
A33: III. TRANSPORTE
A34: MATERIAL | D34: VOL. O PESO (EXP) | E34: DISTANCIA (KM) | F34: CANT | G34: TARIFA | H34: V. PARCIAL
D35: =IF($A$35=0,0,VLOOKUP($A$35,TRANS!$A$2:$F$38,5,FALSE)) -> 0 | E35: =IF($A$35=0,0,VLOOKUP($A$35,TRANS!$A$2:$D$39,3,FALSE)) -> 0 | G35: =IF($A$35=0,0,VLOOKUP($A$35,TRANS!$A$2:$D$38,4,FALSE)) -> 0 | H35: =+E35*F35*G35*D35 -> 0
G39: SUBTOTAL | H39: =SUM(H35:H38) -> 0
A41: IV. MANO DE OBRA
A42: DESCRIPCION | D42: V. HORA +PRESTACIONES | E42: CANTIDAD | F42: JORNAL TOTAL | G42: RENDIMIENTO HH | H42: V. PARCIAL
A43: OFICIAL A. | D43: =MO!F31/8 -> 24791.667 | E43: 1 | F43: =D43*E43 -> 24791.667 | G43: =+IF(AND($E$43=1,$E$44=1),_xlfn.XLOOKUP($D$10,REND[DESCRIPCIÓN],REND[RENDIMIENTO (1)]),IF(AND($E$43=1,$E$44=2),_xlfn.XLOOKUP($D$10,REND[DESCRIPCIÓN],REND[RENDIMIENTO (2)]),IF(AND($E$43=1,$E$44=3),_xlfn.XLOOKUP($D$10,REND[DESCRIPCIÓN],REND[RENDIMIENTO (3)]),IF(AND($E$43=1,$E$44=4),_xlfn.XLOOKUP($D$10,REND[DESCRIPCIÓN],REND[RENDIMIENTO (4)]),0)))) -> 0.5 | H43: =F43*G43 -> 12395.833
A44: AYUDANTE A. | D44: =MO!F14/8 -> 14583.333 | E44: 1 | F44: =D44*E44 -> 14583.333 | G44: =+IF(AND($E$43=1,$E$44=1),_xlfn.XLOOKUP($D$10,REND[DESCRIPCIÓN],REND[RENDIMIENTO (1)]),IF(AND($E$43=1,$E$44=2),_xlfn.XLOOKUP($D$10,REND[DESCRIPCIÓN],REND[RENDIMIENTO (2)]),IF(AND($E$43=1,$E$44=3),_xlfn.XLOOKUP($D$10,REND[DESCRIPCIÓN],REND[RENDIMIENTO (3)]),IF(AND($E$43=1,$E$44=4),_xlfn.XLOOKUP($D$10,REND[DESCRIPCIÓN],REND[RENDIMIENTO (4)]),0)))) -> 0.5 | H44: =F44*G44 -> 7291.6667
H45: =F45*G45 -> 0
G46: SUBTOTAL | H46: =SUM(H43:H45) -> 19687.5
A48: VALOR TOTAL | H48: =ROUND(H23+H31+H39+H46,0) -> 47287
A54: VoBo ARQ. LINA MARITZA BOCANEGRA QUINTERO | F54: ING. MIGUEL ANDRES CAPERA HERNANDEZ
A55: Secretaria de Planeación e Infraestructura | F55: Proyectó y elaboró

Sheet CIE-001
A1: ANALISIS DE PRECIOS UNITARIOS
A3: SECRETARIA DE PLANEACIÓN E INFRAESTRUCTURA
A4: ALCALDÍA MUNICIPAL DE RIOBLANCO - TOLIMA
A6: OBJETO: | B6: =+PTO!D3 -> PAVIMENTACIÓN SECTORIAL DE LA CARRERA 5 ENTRE CALLES 2 Y 3 DEL MUNICIPIO DE RIOBLANCO TOLIMA
A9: ITEM | D9: =+_xlfn.XLOOKUP(D10,PTO!$D$4:$D$15,PTO!$C$4:$C$15) -> #N/A | E9: UNIDAD | F9: =+_xlfn.XLOOKUP($D$10,LIST[DESCRIPCIÓN],LIST[UNIDAD]) -> M2 | G9: CANTIDAD | H9: 1
A10: DESCRIPCION | D10: TEJA EN LAMINA GALVANIZADA CAL.28
A13: I. MATERIALES
A14: DESCRIPCION | E14: UND | F14: CANT | G14: V. UNITARIO | H14: V. PARCIAL
A15: TEJA EN LAMINA GALVANIZADA CAL.28 | E15: =IF($A15=0,0,VLOOKUP($A15,INS!$A$2:$E$137,2,FALSE)) -> M2 | F15: 1 | G15: =IF($A15=0,0,VLOOKUP($A15,INS!$A$2:$G$137,6,FALSE)) -> 25000 | H15: =+F15*G15 -> 25000
A16: TORNILLO CUBIERTA 2" CON ARANDELA DE NEOPRENO | E16: =IF($A16=0,0,VLOOKUP($A16,INS!$A$2:$E$137,2,FALSE)) -> UND | F16: 8 | G16: =IF($A16=0,0,VLOOKUP($A16,INS!$A$2:$G$137,6,FALSE)) -> 1499 | H16: =+F16*G16 -> 11992
E17: =IF($A17=0,0,VLOOKUP($A17,INS!$A$2:$E$137,2,FALSE)) -> 0 | G17: =IF($A17=0,0,VLOOKUP($A17,INS!$A$2:$G$137,6,FALSE)) -> 0 | H17: =+F17*G17 -> 0
E18: =IF($A18=0,0,VLOOKUP($A18,INS!$A$2:$E$137,2,FALSE)) -> 0 | G18: =IF($A18=0,0,VLOOKUP($A18,INS!$A$2:$G$137,6,FALSE)) -> 0 | H18: =+F18*G18 -> 0
E19: =IF($A19=0,0,VLOOKUP($A19,INS!$A$2:$E$137,2,FALSE)) -> 0 | G19: =IF($A19=0,0,VLOOKUP($A19,INS!$A$2:$G$137,6,FALSE)) -> 0 | H19: =+F19*G19 -> 0
E20: =IF($A20=0,0,VLOOKUP($A20,INS!$A$2:$E$137,2,FALSE)) -> 0 | G20: =IF($A20=0,0,VLOOKUP($A20,INS!$A$2:$G$137,6,FALSE)) -> 0 | H20: =+F20*G20 -> 0
A22: Herramienta menor | E22: %M.O | F22: 0.05 | G22: =H46 -> 25900 | H22: =F22*G22 -> 1295
G23: SUBTOTAL | H23: =SUM(H15:H22) -> 38287
A25: II. EQUIPO
A26: DESCRIPCION | D26: MARCA | E26: UND | F26: TARIFA/HORA | G26: RENDIMIENTO | H26: V. PARCIAL
A27: ANDAMIO CON TABLON (2 CUERPOS) | F27: =IF($A27=0,0,VLOOKUP($A27,EQUI!$A$2:$E$38,3,FALSE)) -> 10000 | G27: =+IF($A27=0,0,VLOOKUP($A27,EQUI!$A$2:$E$38,5,FALSE)) -> 0.1 | H27: =F27*G27 -> 1000
F28: =IF($A28=0,0,VLOOKUP($A28,EQUI!$A$2:$E$6,3,FALSE)) -> 0 | G28: =+IF($A28=0,0,VLOOKUP($A28,EQUI!$A$2:$E$6,5,FALSE)) -> 0 | H28: =F28*G28 -> 0
G31: SUBTOTAL | H31: =SUM(H27:H30) -> 1000
A33: III. TRANSPORTE
A34: MATERIAL | D34: VOL. O PESO (EXP) | E34: DISTANCIA (KM) | F34: CANT | G34: TARIFA | H34: V. PARCIAL
D35: =IF($A$35=0,0,VLOOKUP($A$35,TRANS!$A$2:$F$38,5,FALSE)) -> 0 | E35: =IF($A$35=0,0,VLOOKUP($A$35,TRANS!$A$2:$D$39,3,FALSE)) -> 0 | G35: =IF($A$35=0,0,VLOOKUP($A$35,TRANS!$A$2:$D$38,4,FALSE)) -> 0 | H35: =+E35*F35*G35*D35 -> 0
G39: SUBTOTAL | H39: =SUM(H35:H38) -> 0
A41: IV. MANO DE OBRA
A42: DESCRIPCION | D42: V. HORA +PRESTACIONES | E42: CANTIDAD | F42: JORNAL TOTAL | G42: RENDIMIENTO HH | H42: V. PARCIAL
A43: OFICIAL A. | D43: =MO!F31/8 -> 24791.667 | E43: 1 | F43: =D43*E43 -> 24791.667 | G43: =+IF(AND($E$43=1,$E$44=1),_xlfn.XLOOKUP($D$10,REND[DESCRIPCIÓN],REND[RENDIMIENTO (1)]),IF(AND($E$43=1,$E$44=2),_xlfn.XLOOKUP($D$10,REND[DESCRIPCIÓN],REND[RENDIMIENTO (2)]),IF(AND($E$43=1,$E$44=3),_xlfn.XLOOKUP($D$10,REND[DESCRIPCIÓN],REND[RENDIMIENTO (3)]),IF(AND($E$43=1,$E$44=4),_xlfn.XLOOKUP($D$10,REND[DESCRIPCIÓN],REND[RENDIMIENTO (4)]),0)))) -> 0.48 | H43: =F43*G43 -> 11900
A44: AYUDANTE A. | D44: =MO!F14/8 -> 14583.333 | E44: 2 | F44: =D44*E44 -> 29166.667 | G44: =+IF(AND($E$43=1,$E$44=1),_xlfn.XLOOKUP($D$10,REND[DESCRIPCIÓN],REND[RENDIMIENTO (1)]),IF(AND($E$43=1,$E$44=2),_xlfn.XLOOKUP($D$10,REND[DESCRIPCIÓN],REND[RENDIMIENTO (2)]),IF(AND($E$43=1,$E$44=3),_xlfn.XLOOKUP($D$10,REND[DESCRIPCIÓN],REND[RENDIMIENTO (3)]),IF(AND($E$43=1,$E$44=4),_xlfn.XLOOKUP($D$10,REND[DESCRIPCIÓN],REND[RENDIMIENTO (4)]),0)))) -> 0.48 | H44: =F44*G44 -> 14000
H45: =F45*G45 -> 0
G46: SUBTOTAL | H46: =SUM(H43:H45) -> 25900
A48: VALOR TOTAL | H48: =ROUND(H23+H31+H39+H46,0) -> 65187
A54: VoBo ARQ. LINA MARITZA BOCANEGRA QUINTERO | F54: ING. MIGUEL ANDRES CAPERA HERNANDEZ
A55: Secretaria de Planeación e Infraestructura | F55: Proyectó y elaboró

Sheet HS-014
A1: ANALISIS DE PRECIOS UNITARIOS
A3: SECRETARIA DE PLANEACIÓN E INFRAESTRUCTURA
A4: ALCALDÍA MUNICIPAL DE RIOBLANCO - TOLIMA
A6: OBJETO: | B6: =+PTO!D3 -> PAVIMENTACIÓN SECTORIAL DE LA CARRERA 5 ENTRE CALLES 2 Y 3 DEL MUNICIPIO DE RIOBLANCO TOLIMA
A9: ITEM | D9: =+_xlfn.XLOOKUP(D10,PTO!$D$4:$D$58,PTO!$C$4:$C$15) -> #VALUE! | E9: UNIDAD | F9: =+VLOOKUP($D$10,LIST!B3:C101,2,FALSE) -> M | G9: CANTIDAD | H9: 1
A10: DESCRIPCION | D10: CANAL EN CONCRETO 3.000 PSI SECCIÓN TRAPEZOIDAL A1=50CM, A2=30CM Y H=15 CM, ESPESOR 10 CM
A13: I. MATERIALES
A14: DESCRIPCION | E14: UND | F14: CANT | G14: V. UNITARIO | H14: V. PARCIAL
A15: CONCRETO 3.000 PSI | E15: =IF($A15=0,0,_xlfn.XLOOKUP($A15,INS[DESCRIPCIÓN],INS[UNIDAD])) -> M3 | F15: =+((0.3+0.12)*0.1) -> 0.042 | G15: =IF($A15=0,0,_xlfn.XLOOKUP($A15,INS[DESCRIPCIÓN],INS[PROMEDIO])) -> 1111084 | H15: =+F15*G15 -> 46665.528
A16: MALLA ELECTROSOLDADA 6 MM 6X2,35M2 | E16: =IF($A16=0,0,_xlfn.XLOOKUP($A16,INS[DESCRIPCIÓN],INS[UNIDAD])) -> UND | F16: 0.07 | G16: =IF($A16=0,0,_xlfn.XLOOKUP($A16,INS[DESCRIPCIÓN],INS[PROMEDIO])) -> 280000 | H16: =+F16*G16 -> 19600
E17: =IF($A17=0,0,_xlfn.XLOOKUP($A17,INS[DESCRIPCIÓN],INS[UNIDAD])) -> 0 | F17: 0.3 | G17: =IF($A17=0,0,_xlfn.XLOOKUP($A17,INS[DESCRIPCIÓN],INS[PROMEDIO])) -> 0 | H17: =+F17*G17 -> 0
E18: =IF($A18=0,0,VLOOKUP($A18,INS!$A$2:$E$137,2,FALSE)) -> 0 | F18: =+M19 -> 0 | G18: =IF($A18=0,0,_xlfn.XLOOKUP($A18,#REF!,INS[PROMEDIO])) -> 0 | H18: =+F18*G18 -> 0
H19: =+F19*G19 -> 0
E20: =IF($A20=0,0,VLOOKUP($A20,INS!$A$2:$E$137,2,FALSE)) -> 0 | G20: =IF($A20=0,0,VLOOKUP($A20,INS!$A$2:$G$137,6,FALSE)) -> 0 | H20: =+F20*G20 -> 0
A22: Herramienta menor | E22: %M.O | F22: 0.05 | G22: =H46 -> 78750 | H22: =F22*G22 -> 3937.5
G23: SUBTOTAL | H23: =SUM(H15:H22) -> 70203.028
A25: II. EQUIPO
A26: DESCRIPCION | D26: MARCA | E26: UND | F26: TARIFA/HORA | G26: RENDIMIENTO | H26: V. PARCIAL
F27: =IF($A27=0,0,VLOOKUP($A27,EQUI!$A$2:$E$6,3,FALSE)) -> 0 | G27: =+IF($A27=0,0,VLOOKUP($A27,EQUI!$A$2:$E$6,5,FALSE)) -> 0 | H27: =F27*G27 -> 0
F28: =IF($A28=0,0,VLOOKUP($A28,EQUI!$A$2:$E$6,3,FALSE)) -> 0 | G28: =+IF($A28=0,0,VLOOKUP($A28,EQUI!$A$2:$E$6,5,FALSE)) -> 0 | H28: =F28*G28 -> 0
G31: SUBTOTAL | H31: =SUM(H27:H30) -> 0
A33: III. TRANSPORTE
A34: MATERIAL | D34: VOL. O PESO (EXP) | E34: DISTANCIA (KM) | F34: CANT | G34: TARIFA | H34: V. PARCIAL
D35: =IF($A$35=0,0,VLOOKUP($A$35,TRANS!$A$2:$F$38,5,FALSE)) -> 0 | E35: =IF($A$35=0,0,VLOOKUP($A$35,TRANS!$A$2:$D$39,3,FALSE)) -> 0 | G35: =IF($A$35=0,0,VLOOKUP($A$35,TRANS!$A$2:$D$38,4,FALSE)) -> 0 | H35: =+E35*F35*G35*D35 -> 0
G39: SUBTOTAL | H39: =SUM(H35:H38) -> 0
A41: IV. MANO DE OBRA
A42: DESCRIPCION | D42: V. HORA +PRESTACIONES | E42: CANTIDAD | F42: HORA TOTAL | G42: RENDIMIENTO HH | H42: V. PARCIAL
A43: OFICIAL A. | D43: =MO!F31/8 -> 24791.667 | E43: 1 | F43: =D43*E43 -> 24791.667 | G43: =+IF(AND($E$43=1,$E$44=1),_xlfn.XLOOKUP($D$10,REND[DESCRIPCIÓN],REND[RENDIMIENTO (1)]),IF(AND($E$43=1,$E$44=2),_xlfn.XLOOKUP($D$10,REND[DESCRIPCIÓN],REND[RENDIMIENTO (2)]),IF(AND($E$43=1,$E$44=3),_xlfn.XLOOKUP($D$10,REND[DESCRIPCIÓN],REND[RENDIMIENTO (3)]),IF(AND($E$43=1,$E$44=4),_xlfn.XLOOKUP($D$10,REND[DESCRIPCIÓN],REND[RENDIMIENTO (4)]),0)))) -> 2 | H43: =F43*G43 -> 49583.333
A44: AYUDANTE A. | D44: =MO!F14/8 -> 14583.333 | E44: 1 | F44: =D44*E44 -> 14583.333 | G44: =+IF(AND($E$43=1,$E$44=1),_xlfn.XLOOKUP($D$10,REND[DESCRIPCIÓN],REND[RENDIMIENTO (1)]),IF(AND($E$43=1,$E$44=2),_xlfn.XLOOKUP($D$10,REND[DESCRIPCIÓN],REND[RENDIMIENTO (2)]),IF(AND($E$43=1,$E$44=3),_xlfn.XLOOKUP($D$10,REND[DESCRIPCIÓN],REND[RENDIMIENTO (3)]),IF(AND($E$43=1,$E$44=4),_xlfn.XLOOKUP($D$10,REND[DESCRIPCIÓN],REND[RENDIMIENTO (4)]),0)))) -> 2 | H44: =F44*G44 -> 29166.667
H45: =F45*G45 -> 0
G46: SUBTOTAL | H46: =SUM(H43:H45) -> 78750
A48: VALOR TOTAL | H48: =ROUND(H23+H31+H39+H46,0) -> 148953
A54: VoBo ARQ. LINA MARITZA BOCANEGRA QUINTERO | F54: ING. MIGUEL ANDRES CAPERA HERNANDEZ
A55: Secretaria de Planeación e Infraestructura | F55: Proyectó y elaboró

Sheet HS-013
A1: ANALISIS DE PRECIOS UNITARIOS
A3: SECRETARIA DE PLANEACIÓN E INFRAESTRUCTURA
A4: ALCALDÍA MUNICIPAL DE RIOBLANCO - TOLIMA
A6: OBJETO: | B6: =+PTO!D3 -> PAVIMENTACIÓN SECTORIAL DE LA CARRERA 5 ENTRE CALLES 2 Y 3 DEL MUNICIPIO DE RIOBLANCO TOLIMA
A9: ITEM | D9: =+_xlfn.XLOOKUP(D10,PTO!$D$4:$D$15,PTO!$C$4:$C$15) -> #N/A | E9: UNIDAD | F9: =+_xlfn.XLOOKUP($D$10,LIST[DESCRIPCIÓN],LIST[UNIDAD]) -> M | G9: CANTIDAD | H9: 1
A10: DESCRIPCION | D10: TUBERIA ANILLADA PVC DE 36"
A13: I. MATERIALES
A14: DESCRIPCION | E14: UND | F14: CANT | G14: V. UNITARIO | H14: V. PARCIAL
A15: TUBERIA PVC ANILLADA DE 36"x6,5m | E15: =IF($A15=0,0,VLOOKUP($A15,INS!$A$2:$E$137,2,FALSE)) -> UND | F15: 0.17 | G15: =IF($A15=0,0,VLOOKUP($A15,INS!$A$2:$G$137,6,FALSE)) -> 10117868 | H15: =+F15*G15 -> 1720037.6
E16: =IF($A16=0,0,VLOOKUP($A16,INS!$A$2:$E$137,2,FALSE)) -> 0 | G16: =IF($A16=0,0,VLOOKUP($A16,INS!$A$2:$G$137,6,FALSE)) -> 0 | H16: =+F16*G16 -> 0
E17: =IF($A17=0,0,VLOOKUP($A17,INS!$A$2:$E$137,2,FALSE)) -> 0 | G17: =IF($A17=0,0,VLOOKUP($A17,INS!$A$2:$G$137,6,FALSE)) -> 0 | H17: =+F17*G17 -> 0
E18: =IF($A18=0,0,VLOOKUP($A18,INS!$A$2:$E$137,2,FALSE)) -> 0 | G18: =IF($A18=0,0,VLOOKUP($A18,INS!$A$2:$G$137,6,FALSE)) -> 0 | H18: =+F18*G18 -> 0
E19: =IF($A19=0,0,VLOOKUP($A19,INS!$A$2:$E$137,2,FALSE)) -> 0 | G19: =IF($A19=0,0,VLOOKUP($A19,INS!$A$2:$G$137,6,FALSE)) -> 0 | H19: =+F19*G19 -> 0
E20: =IF($A20=0,0,VLOOKUP($A20,INS!$A$2:$E$137,2,FALSE)) -> 0 | G20: =IF($A20=0,0,VLOOKUP($A20,INS!$A$2:$G$137,6,FALSE)) -> 0 | H20: =+F20*G20 -> 0
A22: Herramienta menor | E22: %M.O | F22: 0.05 | G22: =H46 -> 64750 | H22: =F22*G22 -> 3237.5
G23: SUBTOTAL | H23: =SUM(H15:H22) -> 1723275.1
A25: II. EQUIPO
A26: DESCRIPCION | D26: MARCA | E26: UND | F26: TARIFA/HORA | G26: RENDIMIENTO | H26: V. PARCIAL
A27: RETROEXCAVADORA DE LLANTA (ESCOMBROS) | F27: =IF($A27=0,0,_xlfn.XLOOKUP($A27,EQUI[DESCRIPCIÓN],EQUI[VALOR])) -> 168000 | G27: =IF($A27=0,0,_xlfn.XLOOKUP($A27,EQUI[DESCRIPCIÓN],EQUI[RENDIMIENTO])) -> 0.1 | H27: =F27*G27 -> 16800
F28: =IF($A28=0,0,VLOOKUP($A28,EQUI!$A$2:$E$6,3,FALSE)) -> 0 | G28: =+IF($A28=0,0,VLOOKUP($A28,EQUI!$A$2:$E$6,5,FALSE)) -> 0 | H28: =F28*G28 -> 0
G31: SUBTOTAL | H31: =SUM(H27:H30) -> 16800
A33: III. TRANSPORTE
A34: MATERIAL | D34: VOL. O PESO (EXP) | E34: DISTANCIA (KM) | F34: CANT | G34: TARIFA | H34: V. PARCIAL
A35: TRANSPORTE TUBERIA DE 36" - IBAGUE | D35: =IF($A$35=0,0,VLOOKUP($A$35,TRANS!$A$2:$F$38,5,FALSE)) -> 1 | E35: =IF($A$35=0,0,VLOOKUP($A$35,TRANS!$A$2:$D$39,3,FALSE)) -> 195 | F35: 1 | G35: =IF($A$35=0,0,VLOOKUP($A$35,TRANS!$A$2:$D$38,4,FALSE)) -> 1800 | H35: =+E35*F35*G35*D35 -> 351000
G39: SUBTOTAL | H39: =SUM(H35:H38) -> 351000
A41: IV. MANO DE OBRA
A42: DESCRIPCION | D42: V. HORA +PRESTACIONES | E42: CANTIDAD | F42: JORNAL TOTAL | G42: RENDIMIENTO HH | H42: V. PARCIAL
A43: OFICIAL A. | D43: =MO!F31/8 -> 24791.667 | E43: 1 | F43: =D43*E43 -> 24791.667 | G43: =+IF(AND($E$43=1,$E$44=1),_xlfn.XLOOKUP($D$10,REND[DESCRIPCIÓN],REND[RENDIMIENTO (1)]),IF(AND($E$43=1,$E$44=2),_xlfn.XLOOKUP($D$10,REND[DESCRIPCIÓN],REND[RENDIMIENTO (2)]),IF(AND($E$43=1,$E$44=3),_xlfn.XLOOKUP($D$10,REND[DESCRIPCIÓN],REND[RENDIMIENTO (3)]),IF(AND($E$43=1,$E$44=4),_xlfn.XLOOKUP($D$10,REND[DESCRIPCIÓN],REND[RENDIMIENTO (4)]),0)))) -> 1.2 | H43: =F43*G43 -> 29750
A44: AYUDANTE A. | D44: =MO!F14/8 -> 14583.333 | E44: 2 | F44: =D44*E44 -> 29166.667 | G44: =+IF(AND($E$43=1,$E$44=1),_xlfn.XLOOKUP($D$10,REND[DESCRIPCIÓN],REND[RENDIMIENTO (1)]),IF(AND($E$43=1,$E$44=2),_xlfn.XLOOKUP($D$10,REND[DESCRIPCIÓN],REND[RENDIMIENTO (2)]),IF(AND($E$43=1,$E$44=3),_xlfn.XLOOKUP($D$10,REND[DESCRIPCIÓN],REND[RENDIMIENTO (3)]),IF(AND($E$43=1,$E$44=4),_xlfn.XLOOKUP($D$10,REND[DESCRIPCIÓN],REND[RENDIMIENTO (4)]),0)))) -> 1.2 | H44: =F44*G44 -> 35000
H45: =F45*G45 -> 0
G46: SUBTOTAL | H46: =SUM(H43:H45) -> 64750
A48: VALOR TOTAL | H48: =ROUND(H23+H31+H39+H46,0) -> 2155825
A54: VoBo ARQ. LINA MARITZA BOCANEGRA QUINTERO | F54: ING. MIGUEL ANDRES CAPERA HERNANDEZ
A55: Secretaria de Planeación e Infraestructura | F55: Proyectó y elaboró

Sheet HS-012
A1: ANALISIS DE PRECIOS UNITARIOS
A3: SECRETARIA DE PLANEACIÓN E INFRAESTRUCTURA
A4: ALCALDÍA MUNICIPAL DE RIOBLANCO - TOLIMA
A6: OBJETO: | B6: =+PTO!D3 -> PAVIMENTACIÓN SECTORIAL DE LA CARRERA 5 ENTRE CALLES 2 Y 3 DEL MUNICIPIO DE RIOBLANCO TOLIMA
A9: ITEM | D9: =+_xlfn.XLOOKUP(D10,PTO!$D$4:$D$15,PTO!$C$4:$C$15) -> #N/A | E9: UNIDAD | F9: =+_xlfn.XLOOKUP($D$10,LIST[DESCRIPCIÓN],LIST[UNIDAD]) -> UND | G9: CANTIDAD | H9: 1
A10: DESCRIPCION | D10: CAJA EN CONCRETO PARA CAJA DE INSPECCIÓN 1X1 M CON TERMINAL EN ANGULO 1/2"
A13: I. MATERIALES
A14: DESCRIPCION | E14: UND | F14: CANT | G14: V. UNITARIO | H14: V. PARCIAL
A15: CONCRETO 3.000 PSI | E15: =IF($A15=0,0,VLOOKUP($A15,INS!$A$2:$E$137,2,FALSE)) -> M3 | F15: =+(1*1.2*2*0.15)+(0.7*1.2*2*0.15)+(1*1*0.15*2) -> 0.912 | G15: =IF($A15=0,0,VLOOKUP($A15,INS!$A$2:$G$137,6,FALSE)) -> 1111084 | H15: =+F15*G15 -> 1013308.6
A16: ANGULO 6X1-1/2"X1/8" | E16: =IF($A16=0,0,VLOOKUP($A16,INS!$A$2:$E$137,2,FALSE)) -> UND | F16: 1.4 | G16: =IF($A16=0,0,VLOOKUP($A16,INS!$A$2:$G$137,6,FALSE)) -> 52100 | H16: =+F16*G16 -> 72940
A17: ACERO W 60 | E17: =IF($A17=0,0,VLOOKUP($A17,INS!$A$2:$E$137,2,FALSE)) -> KG | F17: 50 | G17: =IF($A17=0,0,VLOOKUP($A17,INS!$A$2:$G$137,6,FALSE)) -> 5500 | H17: =+F17*G17 -> 275000
E18: =IF($A18=0,0,VLOOKUP($A18,INS!$A$2:$E$137,2,FALSE)) -> 0 | G18: =IF($A18=0,0,VLOOKUP($A18,INS!$A$2:$G$137,6,FALSE)) -> 0 | H18: =+F18*G18 -> 0
E19: =IF($A19=0,0,VLOOKUP($A19,INS!$A$2:$E$137,2,FALSE)) -> 0 | G19: =IF($A19=0,0,VLOOKUP($A19,INS!$A$2:$G$137,6,FALSE)) -> 0 | H19: =+F19*G19 -> 0
E20: =IF($A20=0,0,VLOOKUP($A20,INS!$A$2:$E$137,2,FALSE)) -> 0 | G20: =IF($A20=0,0,VLOOKUP($A20,INS!$A$2:$G$137,6,FALSE)) -> 0 | H20: =+F20*G20 -> 0
A22: Herramienta menor | E22: %M.O | F22: 0.05 | G22: =H46 -> 177187.5 | H22: =F22*G22 -> 8859.375
G23: SUBTOTAL | H23: =SUM(H15:H22) -> 1370108
A25: II. EQUIPO
A26: DESCRIPCION | D26: MARCA | E26: UND | F26: TARIFA/HORA | G26: RENDIMIENTO | H26: V. PARCIAL
F27: =IF($A27=0,0,VLOOKUP($A27,EQUI!$A$2:$E$6,3,FALSE)) -> 0 | G27: =+IF($A27=0,0,VLOOKUP($A27,EQUI!$A$2:$E$6,5,FALSE)) -> 0 | H27: =F27*G27 -> 0
F28: =IF($A28=0,0,VLOOKUP($A28,EQUI!$A$2:$E$6,3,FALSE)) -> 0 | G28: =+IF($A28=0,0,VLOOKUP($A28,EQUI!$A$2:$E$6,5,FALSE)) -> 0 | H28: =F28*G28 -> 0
G31: SUBTOTAL | H31: =SUM(H27:H30) -> 0
A33: III. TRANSPORTE
A34: MATERIAL | D34: VOL. O PESO (EXP) | E34: DISTANCIA (KM) | F34: CANT | G34: TARIFA | H34: V. PARCIAL
D35: =IF($A$35=0,0,VLOOKUP($A$35,TRANS!$A$2:$F$38,5,FALSE)) -> 0 | E35: =IF($A$35=0,0,VLOOKUP($A$35,TRANS!$A$2:$D$39,3,FALSE)) -> 0 | G35: =IF($A$35=0,0,VLOOKUP($A$35,TRANS!$A$2:$D$38,4,FALSE)) -> 0 | H35: =+E35*F35*G35*D35 -> 0
G39: SUBTOTAL | H39: =SUM(H35:H38) -> 0
A41: IV. MANO DE OBRA
A42: DESCRIPCION | D42: V. HORA +PRESTACIONES | E42: CANTIDAD | F42: JORNAL TOTAL | G42: RENDIMIENTO HH | H42: V. PARCIAL
A43: OFICIAL A. | D43: =MO!F31/8 -> 24791.667 | E43: 1 | F43: =D43*E43 -> 24791.667 | G43: =+IF(AND($E$43=1,$E$44=1),_xlfn.XLOOKUP($D$10,REND[DESCRIPCIÓN],REND[RENDIMIENTO (1)]),IF(AND($E$43=1,$E$44=2),_xlfn.XLOOKUP($D$10,REND[DESCRIPCIÓN],REND[RENDIMIENTO (2)]),IF(AND($E$43=1,$E$44=3),_xlfn.XLOOKUP($D$10,REND[DESCRIPCIÓN],REND[RENDIMIENTO (3)]),IF(AND($E$43=1,$E$44=4),_xlfn.XLOOKUP($D$10,REND[DESCRIPCIÓN],REND[RENDIMIENTO (4)]),0)))) -> 4.5 | H43: =F43*G43 -> 111562.5
A44: AYUDANTE A. | D44: =MO!F14/8 -> 14583.333 | E44: 1 | F44: =D44*E44 -> 14583.333 | G44: =+IF(AND($E$43=1,$E$44=1),_xlfn.XLOOKUP($D$10,REND[DESCRIPCIÓN],REND[RENDIMIENTO (1)]),IF(AND($E$43=1,$E$44=2),_xlfn.XLOOKUP($D$10,REND[DESCRIPCIÓN],REND[RENDIMIENTO (2)]),IF(AND($E$43=1,$E$44=3),_xlfn.XLOOKUP($D$10,REND[DESCRIPCIÓN],REND[RENDIMIENTO (3)]),IF(AND($E$43=1,$E$44=4),_xlfn.XLOOKUP($D$10,REND[DESCRIPCIÓN],REND[RENDIMIENTO (4)]),0)))) -> 4.5 | H44: =F44*G44 -> 65625
H45: =F45*G45 -> 0
G46: SUBTOTAL | H46: =SUM(H43:H45) -> 177187.5
A48: VALOR TOTAL | H48: =ROUND(H23+H31+H39+H46,0) -> 1547295
A54: VoBo ARQ. LINA MARITZA BOCANEGRA QUINTERO | F54: ING. MIGUEL ANDRES CAPERA HERNANDEZ
A55: Secretaria de Planeación e Infraestructura | F55: Proyectó y elaboró

Sheet HS-011
A1: ANALISIS DE PRECIOS UNITARIOS
A3: SECRETARIA DE PLANEACIÓN E INFRAESTRUCTURA
A4: ALCALDÍA MUNICIPAL DE RIOBLANCO - TOLIMA
A6: OBJETO: | B6: =+PTO!D3 -> PAVIMENTACIÓN SECTORIAL DE LA CARRERA 5 ENTRE CALLES 2 Y 3 DEL MUNICIPIO DE RIOBLANCO TOLIMA
A9: ITEM | D9: =+_xlfn.XLOOKUP(D10,PTO!$D$4:$D$15,PTO!$C$4:$C$15) -> #N/A | E9: UNIDAD | F9: =+_xlfn.XLOOKUP($D$10,LIST[DESCRIPCIÓN],LIST[UNIDAD]) -> UND | G9: CANTIDAD | H9: 1
A10: DESCRIPCION | D10: INSTALACIÓN MANGUERA DE ACOPLE 1/2"
A13: I. MATERIALES
A14: DESCRIPCION | E14: UND | F14: CANT | G14: V. UNITARIO | H14: V. PARCIAL
A15: MANGUERA ACOPLE 1/2" | E15: =IF($A15=0,0,VLOOKUP($A15,INS!$A$2:$E$137,2,FALSE)) -> UND | F15: 1 | G15: =IF($A15=0,0,VLOOKUP($A15,INS!$A$2:$G$137,6,FALSE)) -> 7000 | H15: =+F15*G15 -> 7000
A16: CINTA TEFLON 1/2" X 10 M | E16: =IF($A16=0,0,VLOOKUP($A16,INS!$A$2:$E$137,2,FALSE)) -> UND | F16: 0.2 | G16: =IF($A16=0,0,VLOOKUP($A16,INS!$A$2:$G$137,6,FALSE)) -> 4500 | H16: =+F16*G16 -> 900
E17: =IF($A17=0,0,VLOOKUP($A17,INS!$A$2:$E$137,2,FALSE)) -> 0 | G17: =IF($A17=0,0,VLOOKUP($A17,INS!$A$2:$G$137,6,FALSE)) -> 0 | H17: =+F17*G17 -> 0
E18: =IF($A18=0,0,VLOOKUP($A18,INS!$A$2:$E$137,2,FALSE)) -> 0 | G18: =IF($A18=0,0,VLOOKUP($A18,INS!$A$2:$G$137,6,FALSE)) -> 0 | H18: =+F18*G18 -> 0
E19: =IF($A19=0,0,VLOOKUP($A19,INS!$A$2:$E$137,2,FALSE)) -> 0 | G19: =IF($A19=0,0,VLOOKUP($A19,INS!$A$2:$G$137,6,FALSE)) -> 0 | H19: =+F19*G19 -> 0
E20: =IF($A20=0,0,VLOOKUP($A20,INS!$A$2:$E$137,2,FALSE)) -> 0 | G20: =IF($A20=0,0,VLOOKUP($A20,INS!$A$2:$G$137,6,FALSE)) -> 0 | H20: =+F20*G20 -> 0
A22: Herramienta menor | E22: %M.O | F22: 0.05 | G22: =H46 -> 11812.5 | H22: =F22*G22 -> 590.625
G23: SUBTOTAL | H23: =SUM(H15:H22) -> 8490.625
A25: II. EQUIPO
A26: DESCRIPCION | D26: MARCA | E26: UND | F26: TARIFA/HORA | G26: RENDIMIENTO | H26: V. PARCIAL
F27: =IF($A27=0,0,VLOOKUP($A27,EQUI!$A$2:$E$6,3,FALSE)) -> 0 | G27: =+IF($A27=0,0,VLOOKUP($A27,EQUI!$A$2:$E$6,5,FALSE)) -> 0 | H27: =F27*G27 -> 0
F28: =IF($A28=0,0,VLOOKUP($A28,EQUI!$A$2:$E$6,3,FALSE)) -> 0 | G28: =+IF($A28=0,0,VLOOKUP($A28,EQUI!$A$2:$E$6,5,FALSE)) -> 0 | H28: =F28*G28 -> 0
G31: SUBTOTAL | H31: =SUM(H27:H30) -> 0
A33: III. TRANSPORTE
A34: MATERIAL | D34: VOL. O PESO (EXP) | E34: DISTANCIA (KM) | F34: CANT | G34: TARIFA | H34: V. PARCIAL
D35: =IF($A$35=0,0,VLOOKUP($A$35,TRANS!$A$2:$F$38,5,FALSE)) -> 0 | E35: =IF($A$35=0,0,VLOOKUP($A$35,TRANS!$A$2:$D$39,3,FALSE)) -> 0 | G35: =IF($A$35=0,0,VLOOKUP($A$35,TRANS!$A$2:$D$38,4,FALSE)) -> 0 | H35: =+E35*F35*G35*D35 -> 0
G39: SUBTOTAL | H39: =SUM(H35:H38) -> 0
A41: IV. MANO DE OBRA
A42: DESCRIPCION | D42: V. HORA +PRESTACIONES | E42: CANTIDAD | F42: JORNAL TOTAL | G42: RENDIMIENTO HH | H42: V. PARCIAL
A43: OFICIAL A. | D43: =MO!F31/8 -> 24791.667 | E43: 1 | F43: =D43*E43 -> 24791.667 | G43: =+IF(AND($E$43=1,$E$44=1),_xlfn.XLOOKUP($D$10,REND[DESCRIPCIÓN],REND[RENDIMIENTO (1)]),IF(AND($E$43=1,$E$44=2),_xlfn.XLOOKUP($D$10,REND[DESCRIPCIÓN],REND[RENDIMIENTO (2)]),IF(AND($E$43=1,$E$44=3),_xlfn.XLOOKUP($D$10,REND[DESCRIPCIÓN],REND[RENDIMIENTO (3)]),IF(AND($E$43=1,$E$44=4),_xlfn.XLOOKUP($D$10,REND[DESCRIPCIÓN],REND[RENDIMIENTO (4)]),0)))) -> 0.3 | H43: =F43*G43 -> 7437.5
A44: AYUDANTE A. | D44: =MO!F14/8 -> 14583.333 | E44: 1 | F44: =D44*E44 -> 14583.333 | G44: =+IF(AND($E$43=1,$E$44=1),_xlfn.XLOOKUP($D$10,REND[DESCRIPCIÓN],REND[RENDIMIENTO (1)]),IF(AND($E$43=1,$E$44=2),_xlfn.XLOOKUP($D$10,REND[DESCRIPCIÓN],REND[RENDIMIENTO (2)]),IF(AND($E$43=1,$E$44=3),_xlfn.XLOOKUP($D$10,REND[DESCRIPCIÓN],REND[RENDIMIENTO (3)]),IF(AND($E$43=1,$E$44=4),_xlfn.XLOOKUP($D$10,REND[DESCRIPCIÓN],REND[RENDIMIENTO (4)]),0)))) -> 0.3 | H44: =F44*G44 -> 4375
H45: =F45*G45 -> 0
G46: SUBTOTAL | H46: =SUM(H43:H45) -> 11812.5
A48: VALOR TOTAL | H48: =ROUND(H23+H31+H39+H46,0) -> 20303
A54: VoBo ARQ. LINA MARITZA BOCANEGRA QUINTERO | F54: ING. MIGUEL ANDRES CAPERA HERNANDEZ
A55: Secretaria de Planeación e Infraestructura | F55: Proyectó y elaboró

Sheet HS-010
A1: ANALISIS DE PRECIOS UNITARIOS
A3: SECRETARIA DE PLANEACIÓN E INFRAESTRUCTURA
A4: ALCALDÍA MUNICIPAL DE RIOBLANCO - TOLIMA
A6: OBJETO: | B6: =+PTO!D3 -> PAVIMENTACIÓN SECTORIAL DE LA CARRERA 5 ENTRE CALLES 2 Y 3 DEL MUNICIPIO DE RIOBLANCO TOLIMA
A9: ITEM | D9: =+_xlfn.XLOOKUP(D10,PTO!$D$4:$D$15,PTO!$C$4:$C$15) -> #N/A | E9: UNIDAD | F9: =+_xlfn.XLOOKUP($D$10,LIST[DESCRIPCIÓN],LIST[UNIDAD]) -> UND | G9: CANTIDAD | H9: 1
A10: DESCRIPCION | D10: SUMINISTRO E INSTALACIÓN DE DESAGUE PARA LAVAPLATOS
A13: I. MATERIALES
A14: DESCRIPCION | E14: UND | F14: CANT | G14: V. UNITARIO | H14: V. PARCIAL
A15: DESAGUE SIFON TIPO BOTELLA LAVAMANOS | E15: =IF($A15=0,0,VLOOKUP($A15,INS!$A$2:$E$137,2,FALSE)) -> UND | F15: 1 | G15: =IF($A15=0,0,VLOOKUP($A15,INS!$A$2:$G$137,6,FALSE)) -> 29900 | H15: =+F15*G15 -> 29900
A16: SILICONA ANTIHONGOS BAÑOS Y COCINA 280 ML | E16: =IF($A16=0,0,VLOOKUP($A16,INS!$A$2:$E$137,2,FALSE)) -> UND | F16: 0.4 | G16: =IF($A16=0,0,VLOOKUP($A16,INS!$A$2:$G$137,6,FALSE)) -> 24000 | H16: =+F16*G16 -> 9600
A17: CINTA TEFLON 1/2" X 10 M | E17: =IF($A17=0,0,VLOOKUP($A17,INS!$A$2:$E$137,2,FALSE)) -> UND | F17: 0.2 | G17: =IF($A17=0,0,VLOOKUP($A17,INS!$A$2:$G$137,6,FALSE)) -> 4500 | H17: =+F17*G17 -> 900
E18: =IF($A18=0,0,VLOOKUP($A18,INS!$A$2:$E$137,2,FALSE)) -> 0 | G18: =IF($A18=0,0,VLOOKUP($A18,INS!$A$2:$G$137,6,FALSE)) -> 0 | H18: =+F18*G18 -> 0
E19: =IF($A19=0,0,VLOOKUP($A19,INS!$A$2:$E$137,2,FALSE)) -> 0 | G19: =IF($A19=0,0,VLOOKUP($A19,INS!$A$2:$G$137,6,FALSE)) -> 0 | H19: =+F19*G19 -> 0
E20: =IF($A20=0,0,VLOOKUP($A20,INS!$A$2:$E$137,2,FALSE)) -> 0 | G20: =IF($A20=0,0,VLOOKUP($A20,INS!$A$2:$G$137,6,FALSE)) -> 0 | H20: =+F20*G20 -> 0
A22: Herramienta menor | E22: %M.O | F22: 0.05 | G22: =H46 -> 39375 | H22: =F22*G22 -> 1968.75
G23: SUBTOTAL | H23: =SUM(H15:H22) -> 42368.75
A25: II. EQUIPO
A26: DESCRIPCION | D26: MARCA | E26: UND | F26: TARIFA/HORA | G26: RENDIMIENTO | H26: V. PARCIAL
F27: =IF($A27=0,0,VLOOKUP($A27,EQUI!$A$2:$E$6,3,FALSE)) -> 0 | G27: =+IF($A27=0,0,VLOOKUP($A27,EQUI!$A$2:$E$6,5,FALSE)) -> 0 | H27: =F27*G27 -> 0
F28: =IF($A28=0,0,VLOOKUP($A28,EQUI!$A$2:$E$6,3,FALSE)) -> 0 | G28: =+IF($A28=0,0,VLOOKUP($A28,EQUI!$A$2:$E$6,5,FALSE)) -> 0 | H28: =F28*G28 -> 0
G31: SUBTOTAL | H31: =SUM(H27:H30) -> 0
A33: III. TRANSPORTE
A34: MATERIAL | D34: VOL. O PESO (EXP) | E34: DISTANCIA (KM) | F34: CANT | G34: TARIFA | H34: V. PARCIAL
D35: =IF($A$35=0,0,VLOOKUP($A$35,TRANS!$A$2:$F$38,5,FALSE)) -> 0 | E35: =IF($A$35=0,0,VLOOKUP($A$35,TRANS!$A$2:$D$39,3,FALSE)) -> 0 | G35: =IF($A$35=0,0,VLOOKUP($A$35,TRANS!$A$2:$D$38,4,FALSE)) -> 0 | H35: =+E35*F35*G35*D35 -> 0
G39: SUBTOTAL | H39: =SUM(H35:H38) -> 0
A41: IV. MANO DE OBRA
A42: DESCRIPCION | D42: V. HORA +PRESTACIONES | E42: CANTIDAD | F42: JORNAL TOTAL | G42: RENDIMIENTO HH | H42: V. PARCIAL
A43: OFICIAL A. | D43: =MO!F31/8 -> 24791.667 | E43: 1 | F43: =D43*E43 -> 24791.667 | G43: =+IF(AND($E$43=1,$E$44=1),_xlfn.XLOOKUP($D$10,REND[DESCRIPCIÓN],REND[RENDIMIENTO (1)]),IF(AND($E$43=1,$E$44=2),_xlfn.XLOOKUP($D$10,REND[DESCRIPCIÓN],REND[RENDIMIENTO (2)]),IF(AND($E$43=1,$E$44=3),_xlfn.XLOOKUP($D$10,REND[DESCRIPCIÓN],REND[RENDIMIENTO (3)]),IF(AND($E$43=1,$E$44=4),_xlfn.XLOOKUP($D$10,REND[DESCRIPCIÓN],REND[RENDIMIENTO (4)]),0)))) -> 1 | H43: =F43*G43 -> 24791.667
A44: AYUDANTE A. | D44: =MO!F14/8 -> 14583.333 | E44: 1 | F44: =D44*E44 -> 14583.333 | G44: =+IF(AND($E$43=1,$E$44=1),_xlfn.XLOOKUP($D$10,REND[DESCRIPCIÓN],REND[RENDIMIENTO (1)]),IF(AND($E$43=1,$E$44=2),_xlfn.XLOOKUP($D$10,REND[DESCRIPCIÓN],REND[RENDIMIENTO (2)]),IF(AND($E$43=1,$E$44=3),_xlfn.XLOOKUP($D$10,REND[DESCRIPCIÓN],REND[RENDIMIENTO (3)]),IF(AND($E$43=1,$E$44=4),_xlfn.XLOOKUP($D$10,REND[DESCRIPCIÓN],REND[RENDIMIENTO (4)]),0)))) -> 1 | H44: =F44*G44 -> 14583.333
H45: =F45*G45 -> 0
G46: SUBTOTAL | H46: =SUM(H43:H45) -> 39375
A48: VALOR TOTAL | H48: =ROUND(H23+H31+H39+H46,0) -> 81744
A54: VoBo ARQ. LINA MARITZA BOCANEGRA QUINTERO | F54: ING. MIGUEL ANDRES CAPERA HERNANDEZ
A55: Secretaria de Planeación e Infraestructura | F55: Proyectó y elaboró

Sheet HS-009
A1: ANALISIS DE PRECIOS UNITARIOS
A3: SECRETARIA DE PLANEACIÓN E INFRAESTRUCTURA
A4: ALCALDÍA MUNICIPAL DE RIOBLANCO - TOLIMA
A6: OBJETO: | B6: =+PTO!D3 -> PAVIMENTACIÓN SECTORIAL DE LA CARRERA 5 ENTRE CALLES 2 Y 3 DEL MUNICIPIO DE RIOBLANCO TOLIMA
A9: ITEM | D9: =+_xlfn.XLOOKUP(D10,PTO!$D$4:$D$15,PTO!$C$4:$C$15) -> #N/A | E9: UNIDAD | F9: =+_xlfn.XLOOKUP($D$10,LIST[DESCRIPCIÓN],LIST[UNIDAD]) -> UND | G9: CANTIDAD | H9: 1
A10: DESCRIPCION | D10: SUMINISTRO E INSTALACIÓN DE GRIFERIA PARA SANITARIO
A13: I. MATERIALES
A14: DESCRIPCION | E14: UND | F14: CANT | G14: V. UNITARIO | H14: V. PARCIAL
A15: GRIFERIA PARA SANITARIO CON FLOTADOR | E15: =IF($A15=0,0,VLOOKUP($A15,INS!$A$2:$E$137,2,FALSE)) -> UND | F15: 1 | G15: =IF($A15=0,0,VLOOKUP($A15,INS!$A$2:$G$137,6,FALSE)) -> 62900 | H15: =+F15*G15 -> 62900
E16: =IF($A16=0,0,VLOOKUP($A16,INS!$A$2:$E$137,2,FALSE)) -> 0 | G16: =IF($A16=0,0,VLOOKUP($A16,INS!$A$2:$G$137,6,FALSE)) -> 0 | H16: =+F16*G16 -> 0
E17: =IF($A17=0,0,VLOOKUP($A17,INS!$A$2:$E$137,2,FALSE)) -> 0 | G17: =IF($A17=0,0,VLOOKUP($A17,INS!$A$2:$G$137,6,FALSE)) -> 0 | H17: =+F17*G17 -> 0
E18: =IF($A18=0,0,VLOOKUP($A18,INS!$A$2:$E$137,2,FALSE)) -> 0 | G18: =IF($A18=0,0,VLOOKUP($A18,INS!$A$2:$G$137,6,FALSE)) -> 0 | H18: =+F18*G18 -> 0
E19: =IF($A19=0,0,VLOOKUP($A19,INS!$A$2:$E$137,2,FALSE)) -> 0 | G19: =IF($A19=0,0,VLOOKUP($A19,INS!$A$2:$G$137,6,FALSE)) -> 0 | H19: =+F19*G19 -> 0
E20: =IF($A20=0,0,VLOOKUP($A20,INS!$A$2:$E$137,2,FALSE)) -> 0 | G20: =IF($A20=0,0,VLOOKUP($A20,INS!$A$2:$G$137,6,FALSE)) -> 0 | H20: =+F20*G20 -> 0
A22: Herramienta menor | E22: %M.O | F22: 0.05 | G22: =H46 -> 39375 | H22: =F22*G22 -> 1968.75
G23: SUBTOTAL | H23: =SUM(H15:H22) -> 64868.75
A25: II. EQUIPO
A26: DESCRIPCION | D26: MARCA | E26: UND | F26: TARIFA/HORA | G26: RENDIMIENTO | H26: V. PARCIAL
F27: =IF($A27=0,0,VLOOKUP($A27,EQUI!$A$2:$E$6,3,FALSE)) -> 0 | G27: =+IF($A27=0,0,VLOOKUP($A27,EQUI!$A$2:$E$6,5,FALSE)) -> 0 | H27: =F27*G27 -> 0
F28: =IF($A28=0,0,VLOOKUP($A28,EQUI!$A$2:$E$6,3,FALSE)) -> 0 | G28: =+IF($A28=0,0,VLOOKUP($A28,EQUI!$A$2:$E$6,5,FALSE)) -> 0 | H28: =F28*G28 -> 0
G31: SUBTOTAL | H31: =SUM(H27:H30) -> 0
A33: III. TRANSPORTE
A34: MATERIAL | D34: VOL. O PESO (EXP) | E34: DISTANCIA (KM) | F34: CANT | G34: TARIFA | H34: V. PARCIAL
D35: =IF($A$35=0,0,VLOOKUP($A$35,TRANS!$A$2:$F$38,5,FALSE)) -> 0 | E35: =IF($A$35=0,0,VLOOKUP($A$35,TRANS!$A$2:$D$39,3,FALSE)) -> 0 | G35: =IF($A$35=0,0,VLOOKUP($A$35,TRANS!$A$2:$D$38,4,FALSE)) -> 0 | H35: =+E35*F35*G35*D35 -> 0
G39: SUBTOTAL | H39: =SUM(H35:H38) -> 0
A41: IV. MANO DE OBRA
A42: DESCRIPCION | D42: V. HORA +PRESTACIONES | E42: CANTIDAD | F42: JORNAL TOTAL | G42: RENDIMIENTO HH | H42: V. PARCIAL
A43: OFICIAL A. | D43: =MO!F31/8 -> 24791.667 | E43: 1 | F43: =D43*E43 -> 24791.667 | G43: =+IF(AND($E$43=1,$E$44=1),_xlfn.XLOOKUP($D$10,REND[DESCRIPCIÓN],REND[RENDIMIENTO (1)]),IF(AND($E$43=1,$E$44=2),_xlfn.XLOOKUP($D$10,REND[DESCRIPCIÓN],REND[RENDIMIENTO (2)]),IF(AND($E$43=1,$E$44=3),_xlfn.XLOOKUP($D$10,REND[DESCRIPCIÓN],REND[RENDIMIENTO (3)]),IF(AND($E$43=1,$E$44=4),_xlfn.XLOOKUP($D$10,REND[DESCRIPCIÓN],REND[RENDIMIENTO (4)]),0)))) -> 1 | H43: =F43*G43 -> 24791.667
A44: AYUDANTE A. | D44: =MO!F14/8 -> 14583.333 | E44: 1 | F44: =D44*E44 -> 14583.333 | G44: =+IF(AND($E$43=1,$E$44=1),_xlfn.XLOOKUP($D$10,REND[DESCRIPCIÓN],REND[RENDIMIENTO (1)]),IF(AND($E$43=1,$E$44=2),_xlfn.XLOOKUP($D$10,REND[DESCRIPCIÓN],REND[RENDIMIENTO (2)]),IF(AND($E$43=1,$E$44=3),_xlfn.XLOOKUP($D$10,REND[DESCRIPCIÓN],REND[RENDIMIENTO (3)]),IF(AND($E$43=1,$E$44=4),_xlfn.XLOOKUP($D$10,REND[DESCRIPCIÓN],REND[RENDIMIENTO (4)]),0)))) -> 1 | H44: =F44*G44 -> 14583.333
H45: =F45*G45 -> 0
G46: SUBTOTAL | H46: =SUM(H43:H45) -> 39375
A48: VALOR TOTAL | H48: =ROUND(H23+H31+H39+H46,0) -> 104244
A54: VoBo ARQ. LINA MARITZA BOCANEGRA QUINTERO | F54: ING. MIGUEL ANDRES CAPERA HERNANDEZ
A55: Secretaria de Planeación e Infraestructura | F55: Proyectó y elaboró

Sheet HS-008
A1: ANALISIS DE PRECIOS UNITARIOS
A3: SECRETARIA DE PLANEACIÓN E INFRAESTRUCTURA
A4: ALCALDÍA MUNICIPAL DE RIOBLANCO - TOLIMA
A6: OBJETO: | B6: =+PTO!D3 -> PAVIMENTACIÓN SECTORIAL DE LA CARRERA 5 ENTRE CALLES 2 Y 3 DEL MUNICIPIO DE RIOBLANCO TOLIMA
A9: ITEM | D9: =+_xlfn.XLOOKUP(D10,PTO!$D$4:$D$15,PTO!$C$4:$C$15) -> #N/A | E9: UNIDAD | F9: =+_xlfn.XLOOKUP($D$10,LIST[DESCRIPCIÓN],LIST[UNIDAD]) -> UND | G9: CANTIDAD | H9: 1
A10: DESCRIPCION | D10: SUMINISTRO E INSTALACIÓN DE LLAVE ORINAL TIPO PUSH
A13: I. MATERIALES
A14: DESCRIPCION | E14: UND | F14: CANT | G14: V. UNITARIO | H14: V. PARCIAL
A15: LLAVE TERMINAL ORINAL TIPO PUSH | E15: =IF($A15=0,0,VLOOKUP($A15,INS!$A$2:$E$137,2,FALSE)) -> UND | F15: 1 | G15: =IF($A15=0,0,VLOOKUP($A15,INS!$A$2:$G$137,6,FALSE)) -> 151900 | H15: =+F15*G15 -> 151900
A16: CINTA TEFLON 1/2" X 10 M | E16: =IF($A16=0,0,VLOOKUP($A16,INS!$A$2:$E$137,2,FALSE)) -> UND | F16: 0.2 | G16: =IF($A16=0,0,VLOOKUP($A16,INS!$A$2:$G$137,6,FALSE)) -> 4500 | H16: =+F16*G16 -> 900
E17: =IF($A17=0,0,VLOOKUP($A17,INS!$A$2:$E$137,2,FALSE)) -> 0 | G17: =IF($A17=0,0,VLOOKUP($A17,INS!$A$2:$G$137,6,FALSE)) -> 0 | H17: =+F17*G17 -> 0
E18: =IF($A18=0,0,VLOOKUP($A18,INS!$A$2:$E$137,2,FALSE)) -> 0 | G18: =IF($A18=0,0,VLOOKUP($A18,INS!$A$2:$G$137,6,FALSE)) -> 0 | H18: =+F18*G18 -> 0
E19: =IF($A19=0,0,VLOOKUP($A19,INS!$A$2:$E$137,2,FALSE)) -> 0 | G19: =IF($A19=0,0,VLOOKUP($A19,INS!$A$2:$G$137,6,FALSE)) -> 0 | H19: =+F19*G19 -> 0
E20: =IF($A20=0,0,VLOOKUP($A20,INS!$A$2:$E$137,2,FALSE)) -> 0 | G20: =IF($A20=0,0,VLOOKUP($A20,INS!$A$2:$G$137,6,FALSE)) -> 0 | H20: =+F20*G20 -> 0
A22: Herramienta menor | E22: %M.O | F22: 0.05 | G22: =H46 -> 31500 | H22: =F22*G22 -> 1575
G23: SUBTOTAL | H23: =SUM(H15:H22) -> 154375
A25: II. EQUIPO
A26: DESCRIPCION | D26: MARCA | E26: UND | F26: TARIFA/HORA | G26: RENDIMIENTO | H26: V. PARCIAL
F27: =IF($A27=0,0,VLOOKUP($A27,EQUI!$A$2:$E$6,3,FALSE)) -> 0 | G27: =+IF($A27=0,0,VLOOKUP($A27,EQUI!$A$2:$E$6,5,FALSE)) -> 0 | H27: =F27*G27 -> 0
F28: =IF($A28=0,0,VLOOKUP($A28,EQUI!$A$2:$E$6,3,FALSE)) -> 0 | G28: =+IF($A28=0,0,VLOOKUP($A28,EQUI!$A$2:$E$6,5,FALSE)) -> 0 | H28: =F28*G28 -> 0
